Workbook

Sheet BD
A1: REMISION | B1: FECHA | C1: N° | D1: CANTIDAD | E1: REFERENCIA | F1: DESCRIPCIÓN | G1: V UNITARIO | H1: IVA | I1: NOTA | J1: MÁQUINA/PLACA | K1: SECRETARIA | L1: ACTA | M1: ITEM MENU | N1: PRECIO NC | O1: PRECIO MENU | P1: PRECIO UNITARIO SIN IVA | Q1: TOTAL SIN IVA | R1: VALOR IVA | S1: TOTAL CON IVA
A2: RM-3-2007 | B2: 45329 | C2: 1 | D2: 1 | E2: 15W40 | F2: GARRAFA ACEITE MOBIL MX | G2: 590500 | H2: 0 | I2: 473 | J2: BUSETA MARCA CHEVROLET FRR PLACA: ODT 306 MODELO: 2017 | K2: =VLOOKUP(J2,'MAQ COTA'!$D$1:$E$76,2,0) -> #N/A | L2: ACTA 01 AÑO 2024 - COTA | M2: 473 | N2: 590500 | O2: 0 | P2: 590500 | Q2: 590500 | R2: 0 | S2: 590500
A3: RM-3-2007 | B3: 45329 | C3: 2 | D3: 1 | E3: 98552913 | F3: FILTRO COMBUSTIBLE PRINCIPAL | G3: 95667 | H3: 0.19 | I3: 472 | J3: BUSETA MARCA CHEVROLET FRR PLACA: ODT 306 MODELO: 2017 | K3: =VLOOKUP(J3,'MAQ COTA'!$D$1:$E$76,2,0) -> #N/A | L3: ACTA 01 AÑO 2024 - COTA | M3: 472 | N3: 95667 | O3: 0 | P3: 95667 | Q3: 95667 | R3: 18176.73 | S3: 113843.73
A4: RM-3-2007 | B4: 45329 | C4: 3 | D4: 1 | E4: 98552913 | F4: FILTRO SECUNDARIO DE COMBUSTIBLE | G4: 86500 | H4: 0.19 | I4: 468 | J4: BUSETA MARCA CHEVROLET FRR PLACA: ODT 306 MODELO: 2017 | K4: =VLOOKUP(J4,'MAQ COTA'!$D$1:$E$76,2,0) -> #N/A | L4: ACTA 01 AÑO 2024 - COTA | M4: 468 | N4: 86500 | O4: 0 | P4: 86500 | Q4: 86500 | R4: 16435 | S4: 102935
A5: RM-3-2007 | B5: 45329 | C5: 4 | D5: 1 | E5: 98552913 | F5: FILTRO DE ACEITE MOTOR | G5: 96500 | H5: 0.19 | I5: 471 | J5: BUSETA MARCA CHEVROLET FRR PLACA: ODT 306 MODELO: 2017 | K5: =VLOOKUP(J5,'MAQ COTA'!$D$1:$E$76,2,0) -> #N/A | L5: ACTA 01 AÑO 2024 - COTA | M5: 471 | N5: 96500 | O5: 0 | P5: 96500 | Q5: 96500 | R5: 18335 | S5: 114835
A6: RM-3-2007 | B6: 45329 | C6: 5 | D6: 1 | E6: 98552913 | F6: FILTRO EXTERNO DE AIRE | G6: 120500 | H6: 0.19 | I6: 470 | J6: BUSETA MARCA CHEVROLET FRR PLACA: ODT 306 MODELO: 2017 | K6: =VLOOKUP(J6,'MAQ COTA'!$D$1:$E$76,2,0) -> #N/A | L6: ACTA 01 AÑO 2024 - COTA | M6: 470 | N6: 120500 | O6: 0 | P6: 120500 | Q6: 120500 | R6: 22895 | S6: 143395
A7: RM-3-2007 | B7: 45329 | C7: 6 | D7: 1 | E7: 98552913 | F7: FILTRO INTERNO DE AIRE | G7: 84667 | H7: 0.19 | I7: 469 | J7: BUSETA MARCA CHEVROLET FRR PLACA: ODT 306 MODELO: 2017 | K7: =VLOOKUP(J7,'MAQ COTA'!$D$1:$E$76,2,0) -> #N/A | L7: ACTA 01 AÑO 2024 - COTA | M7: 469 | N7: 84667 | O7: 0 | P7: 84667 | Q7: 84667 | R7: 16086.73 | S7: 100753.73
A8: RM-3-2007 | B8: 45329 | C8: 7 | D8: 1 | E8: MO00641 | F8: CAMBIO DE ACEITE Y FILTROS | G8: 70667 | H8: 0.19 | I8: 475 | J8: BUSETA MARCA CHEVROLET FRR PLACA: ODT 306 MODELO: 2017 | K8: =VLOOKUP(J8,'MAQ COTA'!$D$1:$E$76,2,0) -> #N/A | L8: ACTA 01 AÑO 2024 - COTA | M8: 475 | N8: 70667 | O8: 0 | P8: 70667 | Q8: 70667 | R8: 13426.73 | S8: 84093.73
A9: RM-3-2007 | B9: 45329 | C9: 8 | D9: 1 | E9: MO00641 | F9: REVISION, MANTENIMIENTO Y CALIBRACION DE FRENOS | G9: 119333 | H9: 0.19 | I9: 474 | J9: BUSETA MARCA CHEVROLET FRR PLACA: ODT 306 MODELO: 2017 | K9: =VLOOKUP(J9,'MAQ COTA'!$D$1:$E$76,2,0) -> #N/A | L9: ACTA 01 AÑO 2024 - COTA | M9: 474 | N9: 119333 | O9: 0 | P9: 119333 | Q9: 119333 | R9: 22673.27 | S9: 142006.27
A10: RM-3-2008 | B10: 45329 | C10: 1 | D10: 1 | E10: 15W40 | F10: GARRAFA ACEITE MOBIL MX | G10: 585833 | H10: 0 | I10: 454 | J10: BUSETA MARCA HINO PLACA: ODT 357 MODELO: 2018 | K10: =VLOOKUP(J10,'MAQ COTA'!$D$1:$E$76,2,0) -> #N/A | L10: ACTA 01 AÑO 2024 - COTA | M10: 454 | N10: 585833 | O10: 0 | P10: 585833 | Q10: 585833 | R10: 0 | S10: 585833
A11: RM-3-2008 | B11: 45329 | C11: 4 | D11: 1 | E11: HCX2051 | F11: FILTRO DE ACEITE MOTOR | G11: 95167 | H11: 0.19 | I11: 455 | J11: BUSETA MARCA HINO PLACA: ODT 357 MODELO: 2018 | K11: =VLOOKUP(J11,'MAQ COTA'!$D$1:$E$76,2,0) -> #N/A | L11: ACTA 01 AÑO 2024 - COTA | M11: 455 | N11: 95167 | O11: 0 | P11: 95167 | Q11: 95167 | R11: 18081.73 | S11: 113248.73
A12: RM-3-2008 | B12: 45329 | C12: 5 | D12: 1 | E12: SFA178013360 | F12: FILTRO EXTERNO DE AIRE | G12: 86167 | H12: 0.19 | I12: 459 | J12: BUSETA MARCA HINO PLACA: ODT 357 MODELO: 2018 | K12: =VLOOKUP(J12,'MAQ COTA'!$D$1:$E$76,2,0) -> #N/A | L12: ACTA 01 AÑO 2024 - COTA | M12: 459 | N12: 86167 | O12: 0 | P12: 86167 | Q12: 86167 | R12: 16371.73 | S12: 102538.73
A13: RM-3-2008 | B13: 45329 | C13: 6 | D13: 1 | E13: SFA-178013371 | F13: FILTRO INTERNO DE AIRE | G13: 118667 | H13: 0.19 | I13: 458 | J13: BUSETA MARCA HINO PLACA: ODT 357 MODELO: 2018 | K13: =VLOOKUP(J13,'MAQ COTA'!$D$1:$E$76,2,0) -> #N/A | L13: ACTA 01 AÑO 2024 - COTA | M13: 458 | N13: 118667 | O13: 0 | P13: 118667 | Q13: 118667 | R13: 22546.73 | S13: 141213.73
A14: RM-3-2008 | B14: 45329 | C14: 7 | D14: 1 | E14: MO00641 | F14: CAMBIO DE ACEITE Y FILTROS | G14: 70167 | H14: 0.19 | I14: 457 | J14: BUSETA MARCA HINO PLACA: ODT 357 MODELO: 2018 | K14: =VLOOKUP(J14,'MAQ COTA'!$D$1:$E$76,2,0) -> #N/A | L14: ACTA 01 AÑO 2024 - COTA | M14: 457 | N14: 70167 | O14: 0 | P14: 70167 | Q14: 70167 | R14: 13331.73 | S14: 83498.73
A15: RM-3-2016 | B15: 45335 | C15: 1 | D15: 1 | E15: 1-31240876-1 = 98408359 | F15: DISCO EMBRAGUE | G15: 2383000 | H15: 0.19 | I15: 278 | J15: BUS CHEVROLET ISUZO LV 150 PLACA: OSD 445 MODELO: 2012 | K15: =VLOOKUP(J15,'MAQ COTA'!$D$1:$E$76,2,0) -> #N/A | L15: ACTA 01 AÑO 2024 - COTA | M15: 278 | N15: 2383000 | O15: 0 | P15: 2383000 | Q15: 2383000 | R15: 452770 | S15: 2835770
A16: RM-3-2016 | B16: 45335 | C16: 2 | D16: 1 | E16: TK70B/CT70 | F16: BALINERA | G16: 284833 | H16: 0.19 | I16: 281 | J16: BUS CHEVROLET ISUZO LV 150 PLACA: OSD 445 MODELO: 2012 | K16: =VLOOKUP(J16,'MAQ COTA'!$D$1:$E$76,2,0) -> #N/A | L16: ACTA 01 AÑO 2024 - COTA | M16: 281 | N16: 284833 | O16: 0 | P16: 284833 | Q16: 284833 | R16: 54118.27 | S16: 338951.27
A17: RM-3-2016 | B17: 45335 | C17: 3 | D17: 1 | E17: MO00644 | F17: REPARACION PRENSA CALIBRACION RECTIFICADA Y PUESTA A PUNTO | G17: 890167 | H17: 0.19 | I17: 279 | J17: BUS CHEVROLET ISUZO LV 150 PLACA: OSD 445 MODELO: 2012 | K17: =VLOOKUP(J17,'MAQ COTA'!$D$1:$E$76,2,0) -> #N/A | L17: ACTA 01 AÑO 2024 - COTA | M17: 279 | N17: 890167 | O17: 0 | P17: 890167 | Q17: 890167 | R17: 169131.73 | S17: 1059298.7
A18: RM-3-2016 | B18: 45335 | C18: 4 | D18: 1 | E18: MO00644 | F18: DESMONTAJE Y MONTAJE EMBRAGUE Y PUESTA A PUNTO | G18: 885667 | H18: 0.19 | I18: 280 | J18: BUS CHEVROLET ISUZO LV 150 PLACA: OSD 445 MODELO: 2012 | K18: =VLOOKUP(J18,'MAQ COTA'!$D$1:$E$76,2,0) -> #N/A | L18: ACTA 01 AÑO 2024 - COTA | M18: 280 | N18: 885667 | O18: 0 | P18: 885667 | Q18: 885667 | R18: 168276.73 | S18: 1053943.7
A19: RM-3-2029 | B19: 45341 | C19: 1 | D19: 1 | E19: M.O. | F19: REVISION ELECTRICA SISTEMA DE APERTURA PUERTAS. CAMBIO DE BOMBILLOS INTERNOS E INSTALACION DE LICUADORA NUEVA | G19: 642833 | H19: 0.19 | I19: 463 | J19: BUSETA MARCA HINO PLACA: ODT 357 MODELO: 2018 | K19: =VLOOKUP(J19,'MAQ COTA'!$D$1:$E$76,2,0) -> #N/A | L19: ACTA 01 AÑO 2024 - COTA | M19: 463 | N19: 642833 | O19: 0 | P19: 642833 | Q19: 642833 | R19: 122138.27 | S19: 764971.27
A20: RM-3-2029 | B20: 45341 | C20: 2 | D20: 1 | E20: L570VIA | F20: LICUADORA NUEVA | G20: 198667 | H20: 0.19 | I20: 462 | J20: BUSETA MARCA HINO PLACA: ODT 357 MODELO: 2018 | K20: =VLOOKUP(J20,'MAQ COTA'!$D$1:$E$76,2,0) -> #N/A | L20: ACTA 01 AÑO 2024 - COTA | M20: 462 | N20: 198667 | O20: 0 | P20: 198667 | Q20: 198667 | R20: 37746.73 | S20: 236413.73
A21: RM-3-2035 | B21: 45343 | C21: 1 | D21: 1 | F21: M.O. REVISION MODULO ELECTRONICO PLATAFORMA DISCAPACIDAD | G21: 324000 | H21: 0.19 | I21: 477 | J21: BUSETA MARCA CHEVROLET FRR PLACA: ODT 306 MODELO: 2017 | K21: =VLOOKUP(J21,'MAQ COTA'!$D$1:$E$76,2,0) -> #N/A | L21: ACTA 01 AÑO 2024 - COTA | M21: 477 | N21: 324000 | O21: 0 | P21: 324000 | Q21: 324000 | R21: 61560 | S21: 385560
A22: RM-3-2035 | B22: 45343 | C22: 2 | D22: 1 | F22: SUSPENSION VIGIAS DE AIRE Y CORRECCION BONES BATERIA | G22: 76000 | H22: 0.19 | I22: 476 | J22: BUSETA MARCA CHEVROLET FRR PLACA: ODT 306 MODELO: 2017 | K22: =VLOOKUP(J22,'MAQ COTA'!$D$1:$E$76,2,0) -> #N/A | L22: ACTA 01 AÑO 2024 - COTA | M22: 476 | N22: 76000 | O22: 0 | P22: 76000 | Q22: 76000 | R22: 14440 | S22: 90440
A23: RM-3-2040 | B23: 45348 | C23: 1 | D23: 1 | E23: D0J101A / A-1 | F23: FILTRO ACEITE | G23: 75500 | H23: 0.19 | I23: 746 | J23: TRACTOR KUBOTA 9540 MODELO "NUEVO" MODELO : 2021 | K23: =VLOOKUP(J23,'MAQ COTA'!$D$1:$E$76,2,0) -> SECRETARIA SAMADE | L23: ACTA 01 AÑO 2024 - COTA | M23: 746 | N23: 75500 | O23: 0 | P23: 75500 | Q23: 75500 | R23: 14345 | S23: 89845
A24: RM-3-2040 | B24: 45348 | C24: 2 | D24: 1 | E24: HCX-9C | F24: FILTRO COMBUSTIBLE PRIMARIIO | G24: 73667 | H24: 0.19 | I24: 749 | J24: TRACTOR KUBOTA 9540 MODELO "NUEVO" MODELO : 2021 | K24: =VLOOKUP(J24,'MAQ COTA'!$D$1:$E$76,2,0) -> SECRETARIA SAMADE | L24: ACTA 01 AÑO 2024 - COTA | M24: 749 | N24: 73667 | O24: 0 | P24: 73667 | Q24: 73667 | R24: 13996.73 | S24: 87663.73
A25: RM-3-2040 | B25: 45348 | C25: 4 | D25: 1 | E25: A5541S | F25: KIT FILTROS DE AITE INTERNO Y EXTERNO | G25: 161833 | H25: 0.19 | I25: 748 | J25: TRACTOR KUBOTA 9540 MODELO "NUEVO" MODELO : 2021 | K25: =VLOOKUP(J25,'MAQ COTA'!$D$1:$E$76,2,0) -> SECRETARIA SAMADE | L25: ACTA 01 AÑO 2024 - COTA | M25: 748 | N25: 161833 | O25: 0 | P25: 161833 | Q25: 161833 | R25: 30748.27 | S25: 192581.27
A26: RM-3-2040 | B26: 45348 | C26: 5 | D26: 3 | E26: 15W40 | F26: GALON ACEITE MOBIL MX | G26: 143833 | H26: 0 | I26: 744 | J26: TRACTOR KUBOTA 9540 MODELO "NUEVO" MODELO : 2021 | K26: =VLOOKUP(J26,'MAQ COTA'!$D$1:$E$76,2,0) -> SECRETARIA SAMADE | L26: ACTA 01 AÑO 2024 - COTA | M26: 744 | N26: 143833 | O26: 0 | P26: 143833 | Q26: 431499 | R26: 0 | S26: 431499
A27: RM-3-2041 | B27: 45348 | C27: 1 | D27: 1 | E27: DF5209 / HCX-18A | F27: FILTRO COMBUSTIBLE SECUNDARIO | G27: 76500 | H27: 0.19 | I27: 672 | J27: TRACTOR KUBOTA 7040 MODELO: 2011 | K27: =VLOOKUP(J27,'MAQ COTA'!$D$1:$E$76,2,0) -> #N/A | L27: ACTA 01 AÑO 2024 - COTA | M27: 672 | N27: 76500 | O27: 0 | P27: 76500 | Q27: 76500 | R27: 14535 | S27: 91035
A28: RM-3-2041 | B28: 45348 | C28: 2 | D28: 1 | E28: HCX-9C | F28: FILTRO COMBUSTIBLE PRIMARIIO | G28: 64667 | H28: 0.19 | I28: 671 | J28: TRACTOR KUBOTA 7040 MODELO: 2011 | K28: =VLOOKUP(J28,'MAQ COTA'!$D$1:$E$76,2,0) -> #N/A | L28: ACTA 01 AÑO 2024 - COTA | M28: 671 | N28: 64667 | O28: 0 | P28: 64667 | Q28: 64667 | R28: 12286.73 | S28: 76953.73
A29: RM-3-2041 | B29: 45348 | C29: 3 | D29: 1 | E29: HCX-46 | F29: FILTRO DE ACEITE MOTOR | G29: 65500 | H29: 0.19 | I29: 668 | J29: TRACTOR KUBOTA 7040 MODELO: 2011 | K29: =VLOOKUP(J29,'MAQ COTA'!$D$1:$E$76,2,0) -> #N/A | L29: ACTA 01 AÑO 2024 - COTA | M29: 668 | N29: 65500 | O29: 0 | P29: 65500 | Q29: 65500 | R29: 12445 | S29: 77945
A30: RM-3-2041 | B30: 45348 | C30: 4 | D30: 1 | E30: SFA-RS3542 | F30: FILTRO EXTERNO DE AIRE | G30: 93333 | H30: 0.19 | I30: 683 | J30: TRACTOR KUBOTA 7040 MODELO: 2011 | K30: =VLOOKUP(J30,'MAQ COTA'!$D$1:$E$76,2,0) -> #N/A | L30: ACTA 01 AÑO 2024 - COTA | M30: 683 | N30: 93333 | O30: 0 | P30: 93333 | Q30: 93333 | R30: 17733.27 | S30: 111066.27
A31: RM-3-2041 | B31: 45348 | C31: 5 | D31: 1 | E31: SFA-RS3543 | F31: FILTRO INTERNO DE AIRE | G31: 65000 | H31: 0.19 | I31: 684 | J31: TRACTOR KUBOTA 7040 MODELO: 2011 | K31: =VLOOKUP(J31,'MAQ COTA'!$D$1:$E$76,2,0) -> #N/A | L31: ACTA 01 AÑO 2024 - COTA | M31: 684 | N31: 65000 | O31: 0 | P31: 65000 | Q31: 65000 | R31: 12350 | S31: 77350
A32: RM-3-2041 | B32: 45348 | C32: 6 | D32: 3 | E32: 15W40 | F32: GALON ACEITE MOBIL MX | G32: 147000 | H32: 0 | I32: 667 | J32: TRACTOR KUBOTA 7040 MODELO: 2011 | K32: =VLOOKUP(J32,'MAQ COTA'!$D$1:$E$76,2,0) -> #N/A | L32: ACTA 01 AÑO 2024 - COTA | M32: 667 | N32: 147000 | O32: 0 | P32: 147000 | Q32: 441000 | R32: 0 | S32: 441000
A33: RM-3-2041 | B33: 45348 | C33: 7 | D33: 3 | E33: ISO 68 | F33: GARRAFA ACEITE HIDRAULICO X5GL | G33: 473667 | H33: 0 | I33: 682 | J33: TRACTOR KUBOTA 7040 MODELO: 2011 | K33: =VLOOKUP(J33,'MAQ COTA'!$D$1:$E$76,2,0) -> #N/A | L33: ACTA 01 AÑO 2024 - COTA | M33: 682 | N33: 473667 | O33: 0 | P33: 473667 | Q33: 1421001 | R33: 0 | S33: 1421001
A34: RM-3-2041 | B34: 45348 | C34: 8 | D34: 3 | E34: 80W90 | F34: VALVULINA 5GL | G34: 582333 | H34: 0 | I34: 681 | J34: TRACTOR KUBOTA 7040 MODELO: 2011 | K34: =VLOOKUP(J34,'MAQ COTA'!$D$1:$E$76,2,0) -> #N/A | L34: ACTA 01 AÑO 2024 - COTA | M34: 681 | N34: 582333 | O34: 0 | P34: 582333 | Q34: 1746999 | R34: 0 | S34: 1746999
... A50: RM-3-2044 | B50: 45348 | C50: 8 | D50: 1 | E50: MO00647 | F50: SERVICIO DE MANTENIMIENTO DE FUGAS SISTEMA DE AIRE Y RACORES (4) | G50: 240167 | H50: 0.19 | I50: 230 | J50: VOLQUETA MERCEDES BENZ PLACA: ODT 343 MODELO: 2019 | K50: =VLOOKUP(J50,'MAQ COTA'!$D$1:$E$76,2,0) -> #N/A | L50: ACTA 01 AÑO 2024 - COTA | M50: 230 | N50: 240167 | O50: 0 | P50: 240167 | Q50: 240167 | R50: 45631.73 | S50: 285798.73
A51: RM-3-2051 | B51: 45348 | C51: 1 | D51: 20 | F51: UREA X LITROS | G51: 7000 | H51: 0 | I51: 234 | J51: VOLQUETA MERCEDES BENZ PLACA: ODT 343 MODELO: 2019 | K51: =VLOOKUP(J51,'MAQ COTA'!$D$1:$E$76,2,0) -> #N/A | L51: ACTA 01 AÑO 2024 - COTA | M51: 234 | N51: 7000 | O51: 0 | P51: 7000 | Q51: 140000 | R51: 0 | S51: 140000
A52: RM-3-2051 | B52: 45348 | C52: 2 | D52: 2 | E52: MO00651 | F52: SERVICIO DE GRUA COTA - BOGOTA Y RETORNO BOGOTA COTA | G52: 497000 | H52: 0 | I52: 250 | J52: VOLQUETA MERCEDES BENZ PLACA: ODT 343 MODELO: 2019 | K52: =VLOOKUP(J52,'MAQ COTA'!$D$1:$E$76,2,0) -> #N/A | L52: ACTA 01 AÑO 2024 - COTA | M52: 250 | N52: 497000 | O52: 0 | P52: 497000 | Q52: 994000 | R52: 0 | S52: 994000
A53: RM-3-2051 | B53: 45348 | C53: 4 | D53: 1 | E53: MO00650 | F53: SERVICIO DE ALISTAMIENTO Y PUESTA A PUNTO TECNOMECANICA | G53: 282167 | H53: 0 | I53: 249 | J53: VOLQUETA MERCEDES BENZ PLACA: ODT 343 MODELO: 2019 | K53: =VLOOKUP(J53,'MAQ COTA'!$D$1:$E$76,2,0) -> #N/A | L53: ACTA 01 AÑO 2024 - COTA | M53: 249 | N53: 282167 | O53: 0 | P53: 282167 | Q53: 282167 | R53: 0 | S53: 282167
A54: RM-3-2051 | B54: 45348 | C54: 5 | D54: 1 | E54: MO00653 | F54: MANTENIEMTENTODE CARPA, TERMOFUNDIDO, PESUTA PUNTO | G54: 453500 | H54: 0.19 | I54: 251 | J54: VOLQUETA MERCEDES BENZ PLACA: ODT 343 MODELO: 2019 | K54: =VLOOKUP(J54,'MAQ COTA'!$D$1:$E$76,2,0) -> #N/A | L54: ACTA 01 AÑO 2024 - COTA | M54: 251 | N54: 453500 | O54: 0 | P54: 453500 | Q54: 453500 | R54: 86165 | S54: 539665
A55: RM-3-2051 | B55: 45348 | C55: 6 | D55: 1 | E55: OLP037 | F55: FILTRO DE ACEITE MOTOR | G55: 83667 | H55: 0.19 | I55: 255 | J55: VOLQUETA MERCEDES BENZ PLACA: ODT 343 MODELO: 2019 | K55: =VLOOKUP(J55,'MAQ COTA'!$D$1:$E$76,2,0) -> #N/A | L55: ACTA 01 AÑO 2024 - COTA | M55: 255 | N55: 83667 | O55: 0 | P55: 83667 | Q55: 83667 | R55: 15896.73 | S55: 99563.73
A56: RM-3-2051 | B56: 45348 | C56: 7 | D56: 1 | E56: FLP365 | F56: FILTRO DE COMBUSTIBLE PRIMARIO | G56: 85667 | H56: 0.19 | I56: 247 | J56: VOLQUETA MERCEDES BENZ PLACA: ODT 343 MODELO: 2019 | K56: =VLOOKUP(J56,'MAQ COTA'!$D$1:$E$76,2,0) -> #N/A | L56: ACTA 01 AÑO 2024 - COTA | M56: 247 | N56: 85667 | O56: 0 | P56: 85667 | Q56: 85667 | R56: 16276.73 | S56: 101943.73
A57: RM-3-2051 | B57: 45348 | C57: 8 | D57: 1 | E57: SFAA9585280206 | F57: FILTRO AIRE | G57: 263833 | H57: 0.19 | I57: 257 | J57: VOLQUETA MERCEDES BENZ PLACA: ODT 343 MODELO: 2019 | K57: =VLOOKUP(J57,'MAQ COTA'!$D$1:$E$76,2,0) -> #N/A | L57: ACTA 01 AÑO 2024 - COTA | M57: 257 | N57: 263833 | O57: 0 | P57: 263833 | Q57: 263833 | R57: 50128.27 | S57: 313961.27
A58: RM-3-2051 | B58: 45348 | C58: 9 | D58: 1 | E58: 83840 | F58: SERVICIO DE ENGRASE | G58: 50333 | H58: 0.19 | I58: 240 | J58: VOLQUETA MERCEDES BENZ PLACA: ODT 343 MODELO: 2019 | K58: =VLOOKUP(J58,'MAQ COTA'!$D$1:$E$76,2,0) -> #N/A | L58: ACTA 01 AÑO 2024 - COTA | M58: 240 | N58: 50333 | O58: 0 | P58: 50333 | Q58: 50333 | R58: 9563.27 | S58: 59896.27
A59: RM-3-2051 | B59: 45348 | C59: 11 | D59: 2 | E59: 15W40 | F59: GALON DE ACETE MOTOR 15W40 MOBIL MX | G59: 133500 | H59: 0.19 | I59: 241 | J59: VOLQUETA MERCEDES BENZ PLACA: ODT 343 MODELO: 2019 | K59: =VLOOKUP(J59,'MAQ COTA'!$D$1:$E$76,2,0) -> #N/A | L59: ACTA 01 AÑO 2024 - COTA | M59: 241 | N59: 133500 | O59: 0 | P59: 133500 | Q59: 267000 | R59: 50730 | S59: 317730
A60: RM-3-2051 | B60: 45348 | C60: 12 | D60: 1 | E60: 22.5*8.25 | F60: RIN TIPO EUROPEO 10HUECOS ORIGINAL | G60: 914167 | H60: 0.19 | I60: 242 | J60: VOLQUETA MERCEDES BENZ PLACA: ODT 343 MODELO: 2019 | K60: =VLOOKUP(J60,'MAQ COTA'!$D$1:$E$76,2,0) -> #N/A | L60: ACTA 01 AÑO 2024 - COTA | M60: 242 | N60: 914167 | O60: 0 | P60: 914167 | Q60: 914167 | R60: 173691.73 | S60: 1087858.7
A61: RM-3-2051 | B61: 45348 | C61: 13 | D61: 1 | E61: A0004702490 | F61: BASE FILTRO COMBUSTIBLE COMPLETA ORIGINAL - TRAMPA COMBUSTIBLE MERCEDEZ | G61: 984333 | H61: 0.19 | I61: 245 | J61: VOLQUETA MERCEDES BENZ PLACA: ODT 343 MODELO: 2019 | K61: =VLOOKUP(J61,'MAQ COTA'!$D$1:$E$76,2,0) -> #N/A | L61: ACTA 01 AÑO 2024 - COTA | M61: 245 | N61: 984333 | O61: 0 | P61: 984333 | Q61: 984333 | R61: 187023.27 | S61: 1171356.3
A62: RM-3-2051 | B62: 45348 | C62: 14 | D62: 1 | E62: A0010944703 | F62: TAPA FILTRO DE AIRE COMBUSTIBLE | G62: 392500 | H62: 0.19 | I62: 246 | J62: VOLQUETA MERCEDES BENZ PLACA: ODT 343 MODELO: 2019 | K62: =VLOOKUP(J62,'MAQ COTA'!$D$1:$E$76,2,0) -> #N/A | L62: ACTA 01 AÑO 2024 - COTA | M62: 246 | N62: 392500 | O62: 0 | P62: 392500 | Q62: 392500 | R62: 74575 | S62: 467075
A63: RM-3-2051 | B63: 45348 | C63: 15 | D63: 1 | E63: 65-P037MOD-4 | F63: HOJA DE MUELLE TRASERA N. 4 MERCEDEZ ORIGINAL | G63: 1508333 | H63: 0.19 | I63: 244 | J63: VOLQUETA MERCEDES BENZ PLACA: ODT 343 MODELO: 2019 | K63: =VLOOKUP(J63,'MAQ COTA'!$D$1:$E$76,2,0) -> #N/A | L63: ACTA 01 AÑO 2024 - COTA | M63: 244 | N63: 1508333 | O63: 0 | P63: 1508333 | Q63: 1508333 | R63: 286583.27 | S63: 1794916.3
A64: RM-3-2051 | B64: 45348 | C64: 16 | D64: 1 | F64: TORNILLO CENTRAL CON TUERCA | G64: 27833 | H64: 0.19 | I64: 235 | J64: VOLQUETA MERCEDES BENZ PLACA: ODT 343 MODELO: 2019 | K64: =VLOOKUP(J64,'MAQ COTA'!$D$1:$E$76,2,0) -> #N/A | L64: ACTA 01 AÑO 2024 - COTA | M64: 235 | N64: 27833 | O64: 0 | P64: 27833 | Q64: 27833 | R64: 5288.27 | S64: 33121.27
A65: RM-3-2051 | B65: 45348 | C65: 17 | D65: 1 | E65: S-24007 | F65: FILTRO SECADOR ORIGINAL WAPCO | G65: 448167 | H65: 0.19 | I65: 256 | J65: VOLQUETA MERCEDES BENZ PLACA: ODT 343 MODELO: 2019 | K65: =VLOOKUP(J65,'MAQ COTA'!$D$1:$E$76,2,0) -> #N/A | L65: ACTA 01 AÑO 2024 - COTA | M65: 256 | N65: 448167 | O65: 0 | P65: 448167 | Q65: 448167 | R65: 85151.73 | S65: 533318.73
A66: RM-3-2051 | B66: 45348 | C66: 18 | D66: 1 | E66: MO00648 | F66: SERVICIO ELECTRICO INSTALACION LUCES LATERALES, CAMBIO DE STOPS E INTAALCION DE SOPORTES LUCES INSUMOS EN GENERAL | G66: 445333 | H66: 0.19 | I66: 248 | J66: VOLQUETA MERCEDES BENZ PLACA: ODT 343 MODELO: 2019 | K66: =VLOOKUP(J66,'MAQ COTA'!$D$1:$E$76,2,0) -> #N/A | L66: ACTA 01 AÑO 2024 - COTA | M66: 248 | N66: 445333 | O66: 0 | P66: 445333 | Q66: 445333 | R66: 84613.27 | S66: 529946.27
A67: RM-3-2051 | B67: 45348 | C67: 19 | D67: 1 | E67: MO00657 | F67: CAMBIO DE TUBERIA (FABRICACION) DE SISTEMA DE CARPADO, FABRICACION TRIQUETE Y SISTEMA ESCUALIZABLE | G67: 2453167 | H67: 0.19 | I67: 253 | J67: VOLQUETA MERCEDES BENZ PLACA: ODT 343 MODELO: 2019 | K67: =VLOOKUP(J67,'MAQ COTA'!$D$1:$E$76,2,0) -> #N/A | L67: ACTA 01 AÑO 2024 - COTA | M67: 253 | N67: 2453167 | O67: 0 | P67: 2453167 | Q67: 2453167 | R67: 466101.73 | S67: 2919268.7
A68: RM-3-2051 | B68: 45348 | C68: 20 | D68: 1 | E68: MO00657 | F68: FABRICACION PORTA PLACA | G68: 118833 | H68: 0.19 | I68: 252 | J68: VOLQUETA MERCEDES BENZ PLACA: ODT 343 MODELO: 2019 | K68: =VLOOKUP(J68,'MAQ COTA'!$D$1:$E$76,2,0) -> #N/A | L68: ACTA 01 AÑO 2024 - COTA | M68: 252 | N68: 118833 | O68: 0 | P68: 118833 | Q68: 118833 | R68: 22578.27 | S68: 141411.27
A69: RM-3-2051 | B69: 45348 | C69: 21 | D69: 1 | E69: MO00657 | F69: ADAPTACION DE PORTA REPUESTOS SOPORTE Y SISTEMA PARA SUJECION DIFERENCIAL | G69: 482000 | H69: 0.19 | I69: 254 | J69: VOLQUETA MERCEDES BENZ PLACA: ODT 343 MODELO: 2019 | K69: =VLOOKUP(J69,'MAQ COTA'!$D$1:$E$76,2,0) -> #N/A | L69: ACTA 01 AÑO 2024 - COTA | M69: 254 | N69: 482000 | O69: 0 | P69: 482000 | Q69: 482000 | R69: 91580 | S69: 573580
A70: RM-3-2051 | B70: 45348 | C70: 22 | D70: 1 | E70: 295-80R22.5 | F70: LLANTA NUEVA PARA REPUESTO USO MIXTO | G70: 1565333 | H70: 0.19 | I70: 243 | J70: VOLQUETA MERCEDES BENZ PLACA: ODT 343 MODELO: 2019 | K70: =VLOOKUP(J70,'MAQ COTA'!$D$1:$E$76,2,0) -> #N/A | L70: ACTA 01 AÑO 2024 - COTA | M70: 243 | N70: 1565333 | O70: 0 | P70: 1565333 | Q70: 1565333 | R70: 297413.27 | S70: 1862746.3
A71: RM-3-2051 | B71: 45348 | C71: 23 | D71: 2 | F71: PLATINAS BASES STOPS TRASERAS CROMADAS | G71: 71667 | H71: 0.19 | I71: 238 | J71: VOLQUETA MERCEDES BENZ PLACA: ODT 343 MODELO: 2019 | K71: =VLOOKUP(J71,'MAQ COTA'!$D$1:$E$76,2,0) -> #N/A | L71: ACTA 01 AÑO 2024 - COTA | M71: 238 | N71: 71667 | O71: 0 | P71: 71667 | Q71: 143334 | R71: 27233.46 | S71: 170567.46
A72: RM-3-2051 | B72: 45348 | C72: 24 | D72: 1 | F72: SERVICIO DE LAVADO GENERAL | G72: 81833 | H72: 0.19 | I72: 236 | J72: VOLQUETA MERCEDES BENZ PLACA: ODT 343 MODELO: 2019 | K72: =VLOOKUP(J72,'MAQ COTA'!$D$1:$E$76,2,0) -> #N/A | L72: ACTA 01 AÑO 2024 - COTA | M72: 236 | N72: 81833 | O72: 0 | P72: 81833 | Q72: 81833 | R72: 15548.27 | S72: 97381.27
A73: RM-3-2051 | B73: 45348 | C73: 25 | D73: 1 | F73: CINTA REFLECTIVA 3M * 14 M VOLCO PARTE TRASERA | G73: 293333 | H73: 0.19 | I73: 239 | J73: VOLQUETA MERCEDES BENZ PLACA: ODT 343 MODELO: 2019 | K73: =VLOOKUP(J73,'MAQ COTA'!$D$1:$E$76,2,0) -> #N/A | L73: ACTA 01 AÑO 2024 - COTA | M73: 239 | N73: 293333 | O73: 0 | P73: 293333 | Q73: 293333 | R73: 55733.27 | S73: 349066.27
A74: RM-3-2055 | B74: 45348 | C74: 1 | D74: 1 | E74: MO00651 | F74: SERVICIO DE GRUA COTA - BOGOTA | G74: 382333 | H74: 0 | I74: 838 | J74: CAMIONETA CHEVROLET LUV DMAX PLACA: OSD 456 MODELO: 2013 | K74: =VLOOKUP(J74,'MAQ COTA'!$D$1:$E$76,2,0) -> #N/A | L74: ACTA 01 AÑO 2024 - COTA | M74: 838 | N74: 382333 | O74: 0 | P74: 382333 | Q74: 382333 | R74: 0 | S74: 382333
A75: RM-3-2055 | B75: 45348 | C75: 2 | D75: 1 | E75: MO00651 | F75: SERVICIO DE GRUA COTA - BOGOTA | G75: 382833 | H75: 0 | I75: 499 | J75: VOLKSWAGEN AMAROK PLACA: OSD 484 MODELO: 2013 | K75: =VLOOKUP(J75,'MAQ COTA'!$D$1:$E$76,2,0) -> #N/A | L75: ACTA 01 AÑO 2024 - COTA | M75: 499 | N75: 382833 | O75: 0 | P75: 382833 | Q75: 382833 | R75: 0 | S75: 382833
A76: RM-3-2055 | B76: 45348 | C76: 3 | D76: 1 | E76: MO00651 | F76: DESPINCHE | G76: 122667 | H76: 0.19 | I76: 700 | J76: TRACTOR JHON DEERE 5090E MODELO: 2017 | K76: =VLOOKUP(J76,'MAQ COTA'!$D$1:$E$76,2,0) -> #N/A | L76: ACTA 01 AÑO 2024 - COTA | M76: 700 | N76: 122667 | O76: 0 | P76: 122667 | Q76: 122667 | R76: 23306.73 | S76: 145973.73
A77: RM-3-2059 | B77: 45350 | C77: 1 | D77: 2 | E77: 33960-82630 | F77: FILTRO HIDRAULICO | G77: 219333 | H77: 0.19 | I77: 669 | J77: TRACTOR KUBOTA 7040 MODELO: 2011 | K77: =VLOOKUP(J77,'MAQ COTA'!$D$1:$E$76,2,0) -> #N/A | L77: ACTA 01 AÑO 2024 - COTA | M77: 669 | N77: 219333 | O77: 0 | P77: 219333 | Q77: 438666 | R77: 83346.54 | S77: 522012.54
A78: RM-3-2059 | B78: 45350 | C78: 2 | D78: 1 | E78: 33740-80290 | F78: RETEN SELLO TOMA | G78: 141500 | H78: 0.19 | I78: 685 | J78: TRACTOR KUBOTA 7040 MODELO: 2011 | K78: =VLOOKUP(J78,'MAQ COTA'!$D$1:$E$76,2,0) -> #N/A | L78: ACTA 01 AÑO 2024 - COTA | M78: 685 | N78: 141500 | O78: 0 | P78: 141500 | Q78: 141500 | R78: 26885 | S78: 168385
A79: RM-3-2059 | B79: 45350 | C79: 3 | D79: 1 | E79: 3C001-83310 | F79: AMORTIGUADOR CAPOT | G79: 410667 | H79: 0.19 | I79: 676 | J79: TRACTOR KUBOTA 7040 MODELO: 2011 | K79: =VLOOKUP(J79,'MAQ COTA'!$D$1:$E$76,2,0) -> #N/A | L79: ACTA 01 AÑO 2024 - COTA | M79: 676 | N79: 410667 | O79: 0 | P79: 410667 | Q79: 410667 | R79: 78026.73 | S79: 488693.73
A80: RM-3-2059 | B80: 45350 | C80: 4 | D80: 2 | E80: 33960-82630 | F80: FILTRO HIDRAULICO | G80: 176333 | H80: 0.19 | I80: 747 | J80: TRACTOR KUBOTA 9540 MODELO "NUEVO" MODELO : 2021 | K80: =VLOOKUP(J80,'MAQ COTA'!$D$1:$E$76,2,0) -> SECRETARIA SAMADE | L80: ACTA 01 AÑO 2024 - COTA | M80: 747 | N80: 176333 | O80: 0 | P80: 176333 | Q80: 352666 | R80: 67006.54 | S80: 419672.54
A81: RM-3-2059 | B81: 45350 | C81: 5 | D81: 1 | E81: 94R-1100 | F81: BATERIA WILLAND EXTREMA | G81: 791833 | H81: 0.19 | I81: 500 | J81: VOLKSWAGEN AMAROK PLACA: OSD 484 MODELO: 2013 | K81: =VLOOKUP(J81,'MAQ COTA'!$D$1:$E$76,2,0) -> #N/A | L81: ACTA 01 AÑO 2024 - COTA | M81: 500 | N81: 791833 | O81: 0 | P81: 791833 | Q81: 791833 | R81: 150448.27 | S81: 942281.27
A82: RM-3-2060 | B82: 45350 | C82: 2 | D82: 1 | E82: OLP098 | F82: FILTRO ACEITE | G82: 32333 | H82: 0.19 | I82: 601 | J82: DFSK PLACA: ODT 459 MODELO: 2020 | K82: =VLOOKUP(J82,'MAQ COTA'!$D$1:$E$76,2,0) -> #N/A | L82: ACTA 01 AÑO 2024 - COTA | M82: 601 | N82: 32333 | O82: 0 | P82: 32333 | Q82: 32333 | R82: 6143.27 | S82: 38476.27
A83: RM-3-2060 | B83: 45350 | C83: 3 | D83: 1 | E83: AIP689 | F83: FILTRO AIRE | G83: 51167 | H83: 0.19 | I83: 600 | J83: DFSK PLACA: ODT 459 MODELO: 2020 | K83: =VLOOKUP(J83,'MAQ COTA'!$D$1:$E$76,2,0) -> #N/A | L83: ACTA 01 AÑO 2024 - COTA | M83: 600 | N83: 51167 | O83: 0 | P83: 51167 | Q83: 51167 | R83: 9721.73 | S83: 60888.73
A84: RM-3-2060 | B84: 45350 | C84: 4 | D84: 1 | E84: MO00671 | F84: ARREGLO COMPRESOR BUSETA POR FUGA DE AIRE, RACOREIRIA Y EMPAQUE CON MANO DE OBRA | G84: 256167 | H84: 0.19 | I84: 478 | J84: BUSETA MARCA CHEVROLET FRR PLACA: ODT 306 MODELO: 2017 | K84: =VLOOKUP(J84,'MAQ COTA'!$D$1:$E$76,2,0) -> #N/A | L84: ACTA 01 AÑO 2024 - COTA | M84: 478 | N84: 256167 | O84: 0 | P84: 256167 | Q84: 256167 | R84: 48671.73 | S84: 304838.73
A85: RM-3-2064 | B85: 45355 | C85: 1 | D85: 1 | E85: RE211277 | F85: KIT EMBRAGUE COMPLETO | G85: 6915833 | H85: 0.19 | I85: 714 | J85: TRACTOR JHON DEERE 5090E MODELO: 2017 | K85: =VLOOKUP(J85,'MAQ COTA'!$D$1:$E$76,2,0) -> #N/A | L85: ACTA 01 AÑO 2024 - COTA | M85: 714 | N85: 6915833 | O85: 0 | P85: 6915833 | Q85: 6915833 | R85: 1314008.3 | S85: 8229841.3
... A92: RM-3-2068 | B92: 45361 | C92: 2 | D92: 1 | E92: 94R-1100 | F92: BATERIA WILLAND EXTREMA | G92: 773333 | H92: 0.19 | I92: 502 | J92: VOLKSWAGEN AMAROK PLACA: OSD 484 MODELO: 2013 | K92: =VLOOKUP(J92,'MAQ COTA'!$D$1:$E$76,2,0) -> #N/A | L92: ACTA 01 AÑO 2024 - COTA | M92: 502 | N92: 773333 | O92: 0 | P92: 773333 | Q92: 773333 | R92: 146933.27 | S92: 920266.27
A93: RM-3-2068 | B93: 45361 | C93: 3 | D93: 1 | F93: FILTRO DE COMBUSTIBLE | G93: 180667 | H93: 0.19 | I93: 501 | J93: VOLKSWAGEN AMAROK PLACA: OSD 484 MODELO: 2013 | K93: =VLOOKUP(J93,'MAQ COTA'!$D$1:$E$76,2,0) -> #N/A | L93: ACTA 01 AÑO 2024 - COTA | M93: 501 | N93: 180667 | O93: 0 | P93: 180667 | Q93: 180667 | R93: 34326.73 | S93: 214993.73
A94: RM-3-2069 | B94: 45361 | C94: 2 | D94: 1 | E94: MO00655 | F94: ALISTAMIENTO PARA PASAR TECNOMECANICA | G94: 83667 | H94: 0.19 | I94: 567 | J94: TOYOTA HILUX PLACA: OSD 358 MODELO: 2009 | K94: =VLOOKUP(J94,'MAQ COTA'!$D$1:$E$76,2,0) -> #N/A | L94: ACTA 01 AÑO 2024 - COTA | M94: 567 | N94: 83667 | O94: 0 | P94: 83667 | Q94: 83667 | R94: 15896.73 | S94: 99563.73
A95: RM-3-2070 | B95: 45361 | C95: 2 | D95: 2 | E95: MO00659 | F95: MANTENIMIENTO FRENOS DELANTEROS/ CAMBIO DISCOS , PASTILLAS Y RETENEDOR EJE | G95: 206833 | H95: 0.19 | I95: 864 | J95: CAMIONETA CHEVROLET LUV DMAX PLACA: OSD 456 MODELO: 2013 | K95: =VLOOKUP(J95,'MAQ COTA'!$D$1:$E$76,2,0) -> #N/A | L95: ACTA 01 AÑO 2024 - COTA | M95: 864 | N95: 206833 | O95: 0 | P95: 206833 | Q95: 413666 | R95: 78596.54 | S95: 492262.54
A96: RM-3-2070 | B96: 45361 | C96: 3 | D96: 2 | E96: MO00659 | F96: MANTENIMIENTO FRENOS TRASEROS | G96: 151167 | H96: 0.19 | I96: 863 | J96: CAMIONETA CHEVROLET LUV DMAX PLACA: OSD 456 MODELO: 2013 | K96: =VLOOKUP(J96,'MAQ COTA'!$D$1:$E$76,2,0) -> #N/A | L96: ACTA 01 AÑO 2024 - COTA | M96: 863 | N96: 151167 | O96: 0 | P96: 151167 | Q96: 302334 | R96: 57443.46 | S96: 359777.46
A97: RM-3-2070 | B97: 45361 | C97: 4 | D97: 1 | E97: MO00659 | F97: LIMPIADOR DE FRENOS | G97: 63500 | H97: 0.19 | I97: 865 | J97: CAMIONETA CHEVROLET LUV DMAX PLACA: OSD 456 MODELO: 2013 | K97: =VLOOKUP(J97,'MAQ COTA'!$D$1:$E$76,2,0) -> #N/A | L97: ACTA 01 AÑO 2024 - COTA | M97: 865 | N97: 63500 | O97: 0 | P97: 63500 | Q97: 63500 | R97: 12065 | S97: 75565
A98: RM-3-2070 | B98: 45361 | C98: 5 | D98: 1 | E98: MO00659 | F98: REPARACION SUSPENSION DELANTERA/ DESARME COMPETO PARA CAMBIO AMORTIGUADORES, ROTULAS INFERIOR Y SUPERIOR, BIELETAS, BUJES BARRA ESTABILIZADORA, TERMINAL DIRECCION | G98: 577167 | H98: 0.19 | I98: 861 | J98: CAMIONETA CHEVROLET LUV DMAX PLACA: OSD 456 MODELO: 2013 | K98: =VLOOKUP(J98,'MAQ COTA'!$D$1:$E$76,2,0) -> #N/A | L98: ACTA 01 AÑO 2024 - COTA | M98: 861 | N98: 577167 | O98: 0 | P98: 577167 | Q98: 577167 | R98: 109661.73 | S98: 686828.73
A99: RM-3-2070 | B99: 45361 | C99: 6 | D99: 1 | E99: MO00659 | F99: REPARACION SUSPENSION TRASERA/ CAMBIO AMORTIGUADORES | G99: 213667 | H99: 0.19 | I99: 860 | J99: CAMIONETA CHEVROLET LUV DMAX PLACA: OSD 456 MODELO: 2013 | K99: =VLOOKUP(J99,'MAQ COTA'!$D$1:$E$76,2,0) -> #N/A | L99: ACTA 01 AÑO 2024 - COTA | M99: 860 | N99: 213667 | O99: 0 | P99: 213667 | Q99: 213667 | R99: 40596.73 | S99: 254263.73
A100: RM-3-2070 | B100: 45361 | C100: 7 | D100: 1 | E100: MO00659 | F100: RECARGA AIRE ACONDICIONADO Y MANTENIMIENTO | G100: 317667 | H100: 0.19 | I100: 862 | J100: CAMIONETA CHEVROLET LUV DMAX PLACA: OSD 456 MODELO: 2013 | K100: =VLOOKUP(J100,'MAQ COTA'!$D$1:$E$76,2,0) -> #N/A | L100: ACTA 01 AÑO 2024 - COTA | M100: 862 | N100: 317667 | O100: 0 | P100: 317667 | Q100: 317667 | R100: 60356.73 | S100: 378023.73
A101: RM-3-2070 | B101: 45361 | C101: 8 | D101: 1 | E101: MO00659 | F101: CORRECION FUGA CIGÜEÑAL/ DESMONTAR Y MONTAR DAMPER, RADIADOR, ENFOCADOR Y FAN CLUTCH PARA CAMBIO RETENEDOR | G101: 313000 | H101: 0.19 | I101: 868 | J101: CAMIONETA CHEVROLET LUV DMAX PLACA: OSD 456 MODELO: 2013 | K101: =VLOOKUP(J101,'MAQ COTA'!$D$1:$E$76,2,0) -> #N/A | L101: ACTA 01 AÑO 2024 - COTA | M101: 868 | N101: 313000 | O101: 0 | P101: 313000 | Q101: 313000 | R101: 59470 | S101: 372470
A102: RM-3-2070 | B102: 45361 | C102: 9 | D102: 1 | E102: MO00659 | F102: CORRECION FUGA SPEED TRASERO/ DESMONTAR Y MONTAR CARDAN TRASERO Y SPEED PARA CAMBIO RETENEDOR | G102: 217333 | H102: 0.19 | I102: 867 | J102: CAMIONETA CHEVROLET LUV DMAX PLACA: OSD 456 MODELO: 2013 | K102: =VLOOKUP(J102,'MAQ COTA'!$D$1:$E$76,2,0) -> #N/A | L102: ACTA 01 AÑO 2024 - COTA | M102: 867 | N102: 217333 | O102: 0 | P102: 217333 | Q102: 217333 | R102: 41293.27 | S102: 258626.27
A103: RM-3-2070 | B103: 45361 | C103: 10 | D103: 1 | E103: MO00659 | F103: CORRECCION FUGAS MOTOR | G103: 109167 | H103: 0.19 | I103: 869 | J103: CAMIONETA CHEVROLET LUV DMAX PLACA: OSD 456 MODELO: 2013 | K103: =VLOOKUP(J103,'MAQ COTA'!$D$1:$E$76,2,0) -> #N/A | L103: ACTA 01 AÑO 2024 - COTA | M103: 869 | N103: 109167 | O103: 0 | P103: 109167 | Q103: 109167 | R103: 20741.73 | S103: 129908.73
A104: RM-3-2070 | B104: 45361 | C104: 11 | D104: 1 | E104: MO00659 | F104: DESMONTAR Y MONTAR CARDAN DELANTERO PARA CORREGIR DESAJUSTE | G104: 243500 | H104: 0.19 | I104: 866 | J104: CAMIONETA CHEVROLET LUV DMAX PLACA: OSD 456 MODELO: 2013 | K104: =VLOOKUP(J104,'MAQ COTA'!$D$1:$E$76,2,0) -> #N/A | L104: ACTA 01 AÑO 2024 - COTA | M104: 866 | N104: 243500 | O104: 0 | P104: 243500 | Q104: 243500 | R104: 46265 | S104: 289765
A105: RM-3-2070 | B105: 45361 | C105: 12 | D105: 1 | E105: MO00659 | F105: REVISION SISTEMA DE CARGA BATERIAS | G105: 30500 | H105: 0.19 | I105: 859 | J105: CAMIONETA CHEVROLET LUV DMAX PLACA: OSD 456 MODELO: 2013 | K105: =VLOOKUP(J105,'MAQ COTA'!$D$1:$E$76,2,0) -> #N/A | L105: ACTA 01 AÑO 2024 - COTA | M105: 859 | N105: 30500 | O105: 0 | P105: 30500 | Q105: 30500 | R105: 5795 | S105: 36295
... A110: RM-3-2070 | B110: 45361 | C110: 17 | D110: 6 | E110: 1002C/A-24 | F110: LAMPARA AZUL LATERALES | G110: 24500 | H110: 0.19 | I110: 847 | J110: CAMIONETA CHEVROLET LUV DMAX PLACA: OSD 456 MODELO: 2013 | K110: =VLOOKUP(J110,'MAQ COTA'!$D$1:$E$76,2,0) -> #N/A | L110: ACTA 01 AÑO 2024 - COTA | M110: 847 | N110: 24500 | O110: 0 | P110: 24500 | Q110: 147000 | R110: 27930 | S110: 174930
A111: RM-3-2070 | B111: 45361 | C111: 18 | D111: 1 | E111: 247635 | F111: CARDAN COMPLETO - | G111: 767667 | H111: 0.19 | I111: 843 | J111: CAMIONETA CHEVROLET LUV DMAX PLACA: OSD 456 MODELO: 2013 | K111: =VLOOKUP(J111,'MAQ COTA'!$D$1:$E$76,2,0) -> #N/A | L111: ACTA 01 AÑO 2024 - COTA | M111: 843 | N111: 767667 | O111: 0 | P111: 767667 | Q111: 767667 | R111: 145856.73 | S111: 913523.73
A112: RM-3-2070 | B112: 45361 | C112: 19 | D112: 1 | E112: MO00693 | F112: ARREGLO CHAPAS CAPACETE- DUPLICADO DE LLAVES Y CAMBIO DE CILINDRO | G112: 276667 | H112: 0.19 | I112: 872 | J112: CAMIONETA CHEVROLET LUV DMAX PLACA: OSD 456 MODELO: 2013 | K112: =VLOOKUP(J112,'MAQ COTA'!$D$1:$E$76,2,0) -> #N/A | L112: ACTA 01 AÑO 2024 - COTA | M112: 872 | N112: 276667 | O112: 0 | P112: 276667 | Q112: 276667 | R112: 52566.73 | S112: 329233.73
A113: RM-3-2070 | B113: 45361 | C113: 20 | D113: 4 | E113: ACC1949 | F113: PASTAS LAMPARA SUPERIORES | G113: 35000 | H113: 0.19 | I113: 853 | J113: CAMIONETA CHEVROLET LUV DMAX PLACA: OSD 456 MODELO: 2013 | K113: =VLOOKUP(J113,'MAQ COTA'!$D$1:$E$76,2,0) -> #N/A | L113: ACTA 01 AÑO 2024 - COTA | M113: 853 | N113: 35000 | O113: 0 | P113: 35000 | Q113: 140000 | R113: 26600 | S113: 166600
A114: RM-3-2070 | B114: 45361 | C114: 21 | D114: 1 | E114: MO00654 | F114: SERVICIO DE ALINEACION | G114: 90500 | H114: 0.19 | I114: 856 | J114: CAMIONETA CHEVROLET LUV DMAX PLACA: OSD 456 MODELO: 2013 | K114: =VLOOKUP(J114,'MAQ COTA'!$D$1:$E$76,2,0) -> #N/A | L114: ACTA 01 AÑO 2024 - COTA | M114: 856 | N114: 90500 | O114: 0 | P114: 90500 | Q114: 90500 | R114: 17195 | S114: 107695
A115: RM-3-2070 | B115: 45361 | C115: 22 | D115: 3 | E115: 2094573 | F115: ABRAZADERAS TIPO CREMALLERA PARA CORREGIR FUGAS MANGUERAS | G115: 4500 | H115: 0.19 | I115: 844 | J115: CAMIONETA CHEVROLET LUV DMAX PLACA: OSD 456 MODELO: 2013 | K115: =VLOOKUP(J115,'MAQ COTA'!$D$1:$E$76,2,0) -> #N/A | L115: ACTA 01 AÑO 2024 - COTA | M115: 844 | N115: 4500 | O115: 0 | P115: 4500 | Q115: 13500 | R115: 2565 | S115: 16065
A116: RM-3-2070 | B116: 45361 | C116: 23 | D116: 2 | E116: 24566 | F116: MUÑECOS SUSPENSION | G116: 119500 | H116: 0.19 | I116: 841 | J116: CAMIONETA CHEVROLET LUV DMAX PLACA: OSD 456 MODELO: 2013 | K116: =VLOOKUP(J116,'MAQ COTA'!$D$1:$E$76,2,0) -> #N/A | L116: ACTA 01 AÑO 2024 - COTA | M116: 841 | N116: 119500 | O116: 0 | P116: 119500 | Q116: 239000 | R116: 45410 | S116: 284410
A117: RM-3-2070 | B117: 45361 | C117: 24 | D117: 1 | E117: DNK7417D53 | F117: JUEGO PASTILLAS DELANTERAS | G117: 242500 | H117: 0.19 | I117: 855 | J117: CAMIONETA CHEVROLET LUV DMAX PLACA: OSD 456 MODELO: 2013 | K117: =VLOOKUP(J117,'MAQ COTA'!$D$1:$E$76,2,0) -> #N/A | L117: ACTA 01 AÑO 2024 - COTA | M117: 855 | N117: 242500 | O117: 0 | P117: 242500 | Q117: 242500 | R117: 46075 | S117: 288575
A118: RM-3-2070 | B118: 45361 | C118: 25 | D118: 2 | E118: 62248A | F118: CAUCHOS AMORTIGUADOR | G118: 39833 | H118: 0.19 | I118: 851 | J118: CAMIONETA CHEVROLET LUV DMAX PLACA: OSD 456 MODELO: 2013 | K118: =VLOOKUP(J118,'MAQ COTA'!$D$1:$E$76,2,0) -> #N/A | L118: ACTA 01 AÑO 2024 - COTA | M118: 851 | N118: 39833 | O118: 0 | P118: 39833 | Q118: 79666 | R118: 15136.54 | S118: 94802.54
A119: RM-3-2070 | B119: 45361 | C119: 26 | D119: 2 | E119: 4056A198/N | F119: TERMINALES DIRECCION | G119: 133167 | H119: 0.19 | I119: 850 | J119: CAMIONETA CHEVROLET LUV DMAX PLACA: OSD 456 MODELO: 2013 | K119: =VLOOKUP(J119,'MAQ COTA'!$D$1:$E$76,2,0) -> #N/A | L119: ACTA 01 AÑO 2024 - COTA | M119: 850 | N119: 133167 | O119: 0 | P119: 133167 | Q119: 266334 | R119: 50603.46 | S119: 316937.46
A120: RM-3-2070 | B120: 45361 | C120: 27 | D120: 1 | E120: 928345011 | F120: RETEN DEL CIGUEÑAL | G120: 93833 | H120: 0.19 | I120: 845 | J120: CAMIONETA CHEVROLET LUV DMAX PLACA: OSD 456 MODELO: 2013 | K120: =VLOOKUP(J120,'MAQ COTA'!$D$1:$E$76,2,0) -> #N/A | L120: ACTA 01 AÑO 2024 - COTA | M120: 845 | N120: 93833 | O120: 0 | P120: 93833 | Q120: 93833 | R120: 17828.27 | S120: 111661.27
A121: RM-3-2070 | B121: 45361 | C121: 28 | D121: 1 | E121: 9031134017 | F121: RETEN DEL SEMI EJE | G121: 55167 | H121: 0.19 | I121: 846 | J121: CAMIONETA CHEVROLET LUV DMAX PLACA: OSD 456 MODELO: 2013 | K121: =VLOOKUP(J121,'MAQ COTA'!$D$1:$E$76,2,0) -> #N/A | L121: ACTA 01 AÑO 2024 - COTA | M121: 846 | N121: 55167 | O121: 0 | P121: 55167 | Q121: 55167 | R121: 10481.73 | S121: 65648.73
A122: RM-3-2070 | B122: 45361 | C122: 29 | D122: 2 | E122: 30463LYO | F122: RETEN DE EJE | G122: 55667 | H122: 0.19 | I122: 849 | J122: CAMIONETA CHEVROLET LUV DMAX PLACA: OSD 456 MODELO: 2013 | K122: =VLOOKUP(J122,'MAQ COTA'!$D$1:$E$76,2,0) -> #N/A | L122: ACTA 01 AÑO 2024 - COTA | M122: 849 | N122: 55667 | O122: 0 | P122: 55667 | Q122: 111334 | R122: 21153.46 | S122: 132487.46
A123: RM-3-2070 | B123: 45361 | C123: 30 | D123: 2 | E123: BD1263 | F123: DISCOS DE FRENO | G123: 269667 | H123: 0.19 | I123: 854 | J123: CAMIONETA CHEVROLET LUV DMAX PLACA: OSD 456 MODELO: 2013 | K123: =VLOOKUP(J123,'MAQ COTA'!$D$1:$E$76,2,0) -> #N/A | L123: ACTA 01 AÑO 2024 - COTA | M123: 854 | N123: 269667 | O123: 0 | P123: 269667 | Q123: 539334 | R123: 102473.46 | S123: 641807.46
A124: RM-3-2070 | B124: 45361 | C124: 31 | D124: 4 | E124: 33199 | F124: ROTULAS | G124: 167500 | H124: 0.19 | I124: 842 | J124: CAMIONETA CHEVROLET LUV DMAX PLACA: OSD 456 MODELO: 2013 | K124: =VLOOKUP(J124,'MAQ COTA'!$D$1:$E$76,2,0) -> #N/A | L124: ACTA 01 AÑO 2024 - COTA | M124: 842 | N124: 167500 | O124: 0 | P124: 167500 | Q124: 670000 | R124: 127300 | S124: 797300
A125: RM-3-2070 | B125: 45361 | C125: 32 | D125: 4 | E125: 1046CV011 | F125: AMORTIGUADORES ( DELANTEROS Y TRASEROS) | G125: 227500 | H125: 0.19 | I125: 848 | J125: CAMIONETA CHEVROLET LUV DMAX PLACA: OSD 456 MODELO: 2013 | K125: =VLOOKUP(J125,'MAQ COTA'!$D$1:$E$76,2,0) -> #N/A | L125: ACTA 01 AÑO 2024 - COTA | M125: 848 | N125: 227500 | O125: 0 | P125: 227500 | Q125: 910000 | R125: 172900 | S125: 1082900
...

Sheet MAQ COTA
A1: BUSETA MARCA CHEVROLET FRR PLACA:ODT306 MODELO:2017 | B1: =VLOOKUP(A1,D:D,1,0) -> BUSETA MARCA CHEVROLET FRR PLACA:ODT306 MODELO:2017 | D1: MENU
A2: BUSETA MARCA HINO PLACA :ODT357 MODELO :2018 | B2: =VLOOKUP(A2,D:D,1,0) -> BUSETA MARCA HINO PLACA :ODT357 MODELO :2018 | D2: CAMIONETA CHEVROLET LUV PLACA:OIL320 MODELO:1997 | E2: SECRETARIA DE GOBIERNO
A3: BUS CHEVROLET ISUZO LV 150 PLACA :OSD445 MODELO :2012 | B3: =VLOOKUP(A3,D:D,1,0) -> BUS CHEVROLET ISUZO LV 150 PLACA :OSD445 MODELO :2012 | D3: TOYOTA PRADO TXL PLACA:OSD494 MODELO :2013 | E3: SECRETARIA DE GOBIERNO
A4: VOLKSWAGEN AMAROW PLACA: OSD483 MODELO :2013 | B4: =VLOOKUP(A4,D:D,1,0) -> VOLKSWAGEN AMAROW PLACA: OSD483 MODELO :2013 | D4: TOYOTA FORTUNER PLACA :OSD380 MODELO:2009 | E4: SECRETARIA DE GOBIERNO
A5: TRACTOR KUBOTA 9540 MOD 2021 | B5: TRACTOR KUBOTA 9540 MODELO "NUEVO" MODELO : 2021 | D5: VOLKSWAGEN AMAROW PLACA: OSD482 MODELO :2013 | E5: SECRETARIA DE INFRAESTRUCTURA Y OBRAS PUBLICAS
A6: TRACTOR KUBOTA 7040 | B6: TRACTOR KUBOTA 7040 MODELO :2011 | D6: TOYOTA HILUX PLACA :OSD351 MODELO :2008 | E6: SECRETARIA DE INFRAESTRUCTURA Y OBRAS PUBLICAS
A7: TRACTOR JOHN DEERE 5090E | B7: TRACTOR JHON DEERE 5090E MODELO :2017 | D7: VOLQUETA MERCEDES BENZ PLACA:ODT343 MODELO:2019 | E7: SECRETARIA DE INFRAESTRUCTURA Y OBRAS PUBLICAS
A8: VOLQUETA MERCEDEZ ODT343 | B8: VOLQUETA MERCEDES BENZ PLACA:ODT343 MODELO:2019 | D8: BUSETA CHEVROLET NPR PLACA:CJD359 MODELO:1999 | E8: SECRETARIA DE INFRAESTRUCTURA Y OBRAS PUBLICAS
A9: CAMIONETA CHEVROLET LUV DMAX PLACA: OSD 456 MODELO:2013 | B9: =VLOOKUP(A9,D:D,1,0) -> CAMIONETA CHEVROLET LUV DMAX PLACA: OSD 456 MODELO:2013 | D9: BUS CHEVROLET ISUZO LV 150 PLACA :OSD445 MODELO :2012 | E9: SECRETARIA DE INFRAESTRUCTURA Y OBRAS PUBLICAS
A10: VOLKSWAGEN AMAROK PLACA:OSD484 MODELO:2013 | B10: =VLOOKUP(A10,D:D,1,0) -> VOLKSWAGEN AMAROK PLACA:OSD484 MODELO:2013 | D10: RETRO EXCABADORA NEW HOLLAND “PAJARITA” MODELO :2012 , LINEA:B95B | E10: SECRETARIA DE INFRAESTRUCTURA Y OBRAS PUBLICAS
A11: DFSK PLACA:ODT459 MODELO :2020 | B11: =VLOOKUP(A11,D:D,1,0) -> DFSK PLACA:ODT459 MODELO :2020 | D11: MOTONIVELADORA CATERPILLAR LINEA 120K MODELO:2013 | E11: SECRETARIA DE INFRAESTRUCTURA Y OBRAS PUBLICAS
A12: CAMIONETA TOYOTA OSD358 | B12: TOYOTA HILUX PLACA:OSD358 MODELO:2009 | D12: MINICARGADOR NEW HOLLAN LINEA:L223 MODELO:2013 | E12: SECRETARIA DE INFRAESTRUCTURA Y OBRAS PUBLICAS
A13: CAMIONETA CHEVROLET LUV DMAX PLACA: OSD434 MODELO:2010 | B13: =VLOOKUP(A13,D:D,1,0) -> CAMIONETA CHEVROLET LUV DMAX PLACA: OSD434 MODELO:2010 | D13: MOTOCICLETA HONDA XLR125 PLACA :JRV80A MODELO:2002 | E13: SECRETARIA DE INFRAESTRUCTURA Y OBRAS PUBLICAS
A14: TRACTOR KUBOTA 9540 MOD 2023 | B14: TRACTOR KUBOTA 9540 MODELO "NUEVO" MODELO : 2021 | D14: MOTOCICLETA SUZUKI VIVA 115 PLACA :QYX59A MODELO:2003 | E14: SECRETARIA DE INFRAESTRUCTURA Y OBRAS PUBLICAS
A15: CAMION FURGON HINO 300 PLACA:JUZ755 MODELO:2022 | B15: =VLOOKUP(A15,D:D,1,0) -> CAMION FURGON HINO 300 PLACA:JUZ755 MODELO:2022 | D15: VOLKSWAGEN AMAROW PLACA: OSD483 MODELO :2013 | E15: SECRETARIA DE DESARROLLO SOCIAL
A16: VOLKSWAGEN AMAROW PLACA: OSD482 MODELO :2013 | B16: =VLOOKUP(A16,D:D,1,0) -> VOLKSWAGEN AMAROW PLACA: OSD482 MODELO :2013 | D16: BUSETA MARCA HINO PLACA :ODT357 MODELO :2018 | E16: SECRETARIA DE DESARROLLO SOCIAL
A17: CAMIONETA CHEVROLET N300 PLACA:ODT 359 MODELO:2018 | B17: =VLOOKUP(A17,D:D,1,0) -> CAMIONETA CHEVROLET N300 PLACA:ODT 359 MODELO:2018 | D17: BUSETA MARCA CHEVROLET FRR PLACA:ODT306 MODELO:2017 | E17: SECRETARIA DE DESARROLLO SOCIAL
A18: BUS MERCEDES BENZ PLACAS: ODT685 MODELO:2023 | B18: =VLOOKUP(A18,D:D,1,0) -> BUS MERCEDES BENZ PLACAS: ODT685 MODELO:2023 | D18: VOLKSWAGEN AMAROK PLACA:OSD484 MODELO:2013 | E18: SECRETARIA DE CULTURA Y JUVENTUDES
A19: GUADAÑAS | B19: GUADAÑAS | D19: CAMION FURGON HINO 300 PLACA:JUZ755 MODELO:2022 | E19: SECRETARIA DE CULTURA Y JUVENTUDES
A20: CHIPIADORA DE MALEZA -AGRICOLA | B20: IMPLEMENTO AGRICOLA CHIPIADORA | D20: BUS MERCEDES BENZ PLACAS: ODT685 MODELO:2023 | E20: SECRETARIA DE CULTURA Y JUVENTUDES
A21: MOTOCICLETAS POLICIA COTA | B21: MOTOCICLETAS POLICIA COTA | D21: TOYOTA HILUX PLACA:OSD358 MODELO:2009 | E21: SECRETARIA SAMADE
A22: CAMIONETA TOYOTA PLACA OSD 351 | B22: TOYOTA HILUX PLACA :OSD351 MODELO :2008 | D22: DFSK PLACA:ODT459 MODELO :2020 | E22: SECRETARIA SAMADE
A23: CTR58C HONDA XR300 MODELO:2018 | B23: HONDA XR300 PLACAS: CTR58C MODELO:2018 | D23: MOTOCICLETA HONDA XR125 PLACA :PUJ45D MODELO:2015 | E23: SECRETARIA SAMADE
A24: CTR60C HONDA XR300 MODELO:201 | B24: HONDA XR300 PLACAS: CTR60C MODELO:2018 | D24: MOTOCICLETA YAMAHA XTZ125 PLACA: LCG07G MODELO :2023 | E24: SECRETARIA SAMADE
A25: CTR64C HONDA XR300 MODELO:2018 | B25: HONDA XR300 PLACAS: CTR64C MODELO:2018 | D25: TRACTOR KUBOTA 7040 MODELO :2011 | E25: SECRETARIA SAMADE
A26: MOTO POLICIA PLACA CTR67E | B26: SUZUKI DR650 PLACAS: CTR67C MODELO:2019 | D26: TRACTOR JHON DEERE 5090E MODELO :2017 | E26: SECRETARIA SAMADE
A27: MOTO POLICIA PLACA CTR68E | B27: SUZUKI DR650 PLACAS: CTR68C MODELO:2018 | D27: TRACTOR KUBOTA 9540 MODELO2015 | E27: SECRETARIA SAMADE
A28: MOTO POLICIA PLACA CTR69E | B28: SUZUKI DR650 PLACAS: CTR69C MODELO:2018 | D28: TRACTOR KUBOTA 9540 MODELO "NUEVO" MODELO : 2021 | E28: SECRETARIA SAMADE
A29: CAMIONETA LUV PLACA OIL320 | B29: CAMIONETA CHEVROLET LUV PLACA:OIL320 MODELO:1997 | D29: MOTO CARGUERO PLACA 240AAO MODELO 2023 | E29: SECRETARIA SAMADE
A30: CAMIONETA TOYOTA OSD353 | B30: TOYOTA HILUX PLACA :OSD351 MODELO :2008 | D30: MOTO CARGUERO PLACA 241AAO MODELO 2023 | E30: SECRETARIA SAMADE
... A68: TRACTOR KUBOTA 9540 MOD 2015 | B68: TRACTOR KUBOTA 9540 MODELO2015 | D68: VIBROCOMPACTADOR AMMANN PLACA:OSD494 | E68: SECRETARIA DE INFRAESTRUCTURA Y OBRAS PUBLICAS
A69: BUSETA CHEVROLET NPR PLACA:CJD359 MODELO:1999 | B69: BUSETA CHEVROLET NPR PLACA:CJD359 MODELO:1999 | D69: GUADAÑAS
A70: MINICOMPACTADOR MANUAL | B70: MINICOMPACTADOR MANUAL - NUEVO MENU | D70: MOTOCICLETAS POLICIA COTA
A71: PARSELADORA | B71: PARSELADORA - NUEVO MENU | D71: CAMIONETA DUSTER ODT-706 NUEVA MENU
A72: TRACTOR KUBOTA 9540 MODELO2015 | B72: TRACTOR KUBOTA 9540 MODELO2015 | D72: CAMIONETA DUSTER ODT-707 NUEVA MENU
A73: TOYOTA HILUX PLACA OSD 358 | B73: TOYOTA HILUX PLACA:OSD358 MODELO:2009 | D73: MINICOMPACTADOR MANUAL - NUEVO MENU
A74: VIBROCOMPACTADOR AMMANN ASC 70D | B74: VIBROCOMPACTADOR AMMANN PLACA:OSD494 | D74: PARSELADORA - NUEVO MENU
A75: IMPLEMENTO AGRICOLA RAYADORA DE MAIZ O ARADO DE VERTEDERA | B75: IMPLEMENTO AGRICOLA RAYADORA DE MAIZ O ARADO DE VERTEDERA | D75: EQUIPOS VARIOS SEGUN RELACION
A76: MOTONIVELADORA CATERPILLAR 120K | B76: MOTONIVELADORA CATERPILLAR LINEA 120K MODELO:2013 | D76: PLANTA ELECTRICA - NUEVO MENU
A77: CAMIONETA PRADO TXL PLACA OSD 494 MODELO 2013 | B77: TOYOTA PRADO TXL PLACA:OSD494 MODELO :2013
A78: MOTOCICLETA SR650 SUZUKI MODELO 2018 PLACA CTR69C | B78: SUZUKI DR650 PLACAS: CTR69C MODELO:2018
A79: ROTOBO SHAKTIMAN | B79: IMPLEMENTO AGRICOLA RETOBO
A80: EQUIPOS VARIOS SEGUN RELACION | B80: EQUIPOS VARIOS SEGUN RELACION
A81: RETRO EXCAVADORA NEW HOLLAND B95 B | B81: RETRO EXCABADORA NEW HOLLAND “PAJARITA” MODELO :2012 , LINEA:B95B
A82: CITROEN RUTA SALUD PLACA OSD-496 MOD 2013 | B82: CAMIONETA CITROEN PLACA: OSD 496 MODELO:2013
A83: CTS62C HONDA XRE300 MODELO: 2020 | B83: HONDA XRE 300 PLACA :CTS62C MODELO:2020
A84: CTS63C HONDA XRE300 MODELO: 2020 | B84: HONDA XRE 300 PLACA :CTS63C MODELO:2020
A85: CTR67C HONDA XRE300 MODELO: 2019 | B85: SUZUKI DR650 PLACAS: CTR67C MODELO:2019
A86: PLANTA ELECTRICA | B86: PLANTA ELECTRICA - NUEVO MENU
A87: SUZUKI DR650 PLACAS: CTR67C MODELO:2019 | B87: SUZUKI DR650 PLACAS: CTR67C MODELO:2019
A88: SUZUKI DR650 PLACAS: CTR69C MODELO:2018 | B88: SUZUKI DR650 PLACAS: CTR69C MODELO:2018
... A92: TOYOTA PRADO TXL PLACA:OSD494 MODELO :2013 | B92: TOYOTA PRADO TXL PLACA:OSD494 MODELO :2013

Sheet PRESUPUESTO 
B3: ALCALDIA DE COTA - CUNDINAMARCA | F3: PROPUESTA
A4: SECRETARIA | B4: ITEM | C4: DESCRIPCION | D4: UNIDAD DE MEDIDA | E4: CANTIDAD | F4: VALOR UNITARIO | G4: IVA % | H4: VALOR IVA | I4: VALOR TOTAL UNITARIO IVA INCLUIDO
A5: SECRETARIA DE CULTURA Y JUVENTUDES | B5: SECRETARIA DE CULTURA
A6: SECRETARIA DE CULTURA Y JUVENTUDES | B6: NN | C6: VOLKSWAGEN AMAROK
A7: SECRETARIA DE CULTURA Y JUVENTUDES | B7: NN | C7: PLACA:OSD484
A8: SECRETARIA DE CULTURA Y JUVENTUDES | B8: NN | C8: MODELO:2013
A9: SECRETARIA DE CULTURA Y JUVENTUDES | B9: NN | C9: MANTENIMIENTO
A10: SECRETARIA DE CULTURA Y JUVENTUDES | B10: 1 | C10: KIT DE REPARTICIÓN | D10: KIT | E10: 1 | G10: 0.19 | H10: =F10*G10 -> 0 | I10: =(F10+H10) -> 0
A11: SECRETARIA DE CULTURA Y JUVENTUDES | B11: 2 | C11: ACEITE CAJA X GLN | D11: GALON | E11: 1 | G11: 0 | H11: =F11*G11 -> 0 | I11: =(F11+H11) -> 0
A12: SECRETARIA DE CULTURA Y JUVENTUDES | B12: 3 | C12: CORREA DE ACCESORIOS | D12: UNIDAD | E12: 1 | G12: 0.19 | H12: =F12*G12 -> 0 | I12: =(F12+H12) -> 0
A13: SECRETARIA DE CULTURA Y JUVENTUDES | B13: 4 | C13: CAMBIO CORREA | D13: UNIDAD | E13: 1 | G13: 0.19 | H13: =F13*G13 -> 0 | I13: =(F13+H13) -> 0
A14: SECRETARIA DE CULTURA Y JUVENTUDES | B14: 5 | C14: TRANSFER 4X4 | D14: UNIDAD | E14: 1 | G14: 0.19 | H14: =F14*G14 -> 0 | I14: =(F14+H14) -> 0
A15: SECRETARIA DE CULTURA Y JUVENTUDES | B15: 6 | C15: SERVICIO TORNO | D15: UNIDAD | E15: 1 | G15: 0.19 | H15: =F15*G15 -> 0 | I15: =(F15+H15) -> 0
A16: SECRETARIA DE CULTURA Y JUVENTUDES | B16: 7 | C16: SERVICIO ESCÁNER | D16: UNIDAD | E16: 1 | G16: 0.19 | H16: =F16*G16 -> 0 | I16: =(F16+H16) -> 0
A17: SECRETARIA DE CULTURA Y JUVENTUDES | B17: 8 | C17: REPARACIÓN FUGA REFRIGERANTE MOTOR | D17: UNIDAD | E17: 1 | G17: 0.19 | H17: =F17*G17 -> 0 | I17: =(F17+H17) -> 0
A18: SECRETARIA DE CULTURA Y JUVENTUDES | B18: 9 | C18: REPARACIÓN FALLA SUSPENSIÓN DELANTERA | D18: UNIDAD | E18: 1 | G18: 0.19 | H18: =F18*G18 -> 0 | I18: =(F18+H18) -> 0
A19: SECRETARIA DE CULTURA Y JUVENTUDES | B19: 10 | C19: REPARACIÓN FALLA SISTEMA REFRIGERACIÓN | D19: UNIDAD | E19: 1 | G19: 0.19 | H19: =F19*G19 -> 0 | I19: =(F19+H19) -> 0
A20: SECRETARIA DE CULTURA Y JUVENTUDES | B20: 11 | C20: REPARACIÓN FALLA SISTEMA ELEVA VIDRIO | D20: UNIDAD | E20: 1 | G20: 0.19 | H20: =F20*G20 -> 0 | I20: =(F20+H20) -> 0
A21: SECRETARIA DE CULTURA Y JUVENTUDES | B21: 12 | C21: REPARACIÓN FALLA SISTEMA ABS | D21: UNIDAD | E21: 1 | G21: 0.19 | H21: =F21*G21 -> 0 | I21: =(F21+H21) -> 0
... A103: SECRETARIA DE CULTURA Y JUVENTUDES | B103: 94 | C103: VOLANTE CON MASA COMPLETA | D103: UNIDAD | E103: 1 | G103: 0.19 | H103: =F103*G103 -> 0 | I103: =(F103+H103) -> 0
C104: TOTAL
A105: SECRETARIA DE CULTURA Y JUVENTUDES | B105: NN | C105: CAMION FURGON HINO 300
A106: SECRETARIA DE CULTURA Y JUVENTUDES | B106: NN | C106: PLACA:JUZ755
A107: SECRETARIA DE CULTURA Y JUVENTUDES | B107: NN | C107: MODELO:2022
A108: SECRETARIA DE CULTURA Y JUVENTUDES | B108: NN | C108: MANTENIMIENTO
A109: SECRETARIA DE CULTURA Y JUVENTUDES | B109: 95 | C109: REVISIÓN Y MANTENIMIENTO DE INSTALACIÓN ELECTRICA | D109: UNIDAD | E109: 1 | G109: 0.19 | H109: =F109*G109 -> 0 | I109: =(F109+H109) -> 0
A110: SECRETARIA DE CULTURA Y JUVENTUDES | B110: 96 | C110: CAMBIO LUCES LATERALES | D110: UNIDAD | E110: 1 | G110: 0.19 | H110: =F110*G110 -> 0 | I110: =(F110+H110) -> 0
A111: SECRETARIA DE CULTURA Y JUVENTUDES | B111: 97 | C111: CAMBIO BOMBILLERIA LUCES TRASERAS | D111: UNIDAD | E111: 1 | G111: 0.19 | H111: =F111*G111 -> 0 | I111: =(F111+H111) -> 0
A112: SECRETARIA DE CULTURA Y JUVENTUDES | B112: 98 | C112: VIDRIO FIJO 100*33 | D112: UNIDAD | E112: 1 | G112: 0.19 | H112: =F112*G112 -> 0 | I112: =(F112+H112) -> 0
A113: SECRETARIA DE CULTURA Y JUVENTUDES | B113: 99 | C113: ACEITE MOTOR X 1/4 | D113: CUARTO | E113: 1 | G113: 0 | H113: =F113*G113 -> 0 | I113: =(F113+H113) -> 0
A114: SECRETARIA DE CULTURA Y JUVENTUDES | B114: 100 | C114: ACEITE MOTOR X GLN | D114: GALON | E114: 1 | G114: 0 | H114: =F114*G114 -> 0 | I114: =(F114+H114) -> 0
A115: SECRETARIA DE CULTURA Y JUVENTUDES | B115: 101 | C115: ACEITE DE TRANSMISION 1/4 | D115: CUARTO | E115: 1 | G115: 0 | H115: =F115*G115 -> 0 | I115: =(F115+H115) -> 0
A116: SECRETARIA DE CULTURA Y JUVENTUDES | B116: 102 | C116: ACEITE DE TRANSMISION X GLN | D116: GALON | E116: 1 | G116: 0 | H116: =F116*G116 -> 0 | I116: =(F116+H116) -> 0
A117: SECRETARIA DE CULTURA Y JUVENTUDES | B117: 103 | C117: ACEITE HIDRAULICO X 1/4 | D117: CUARTO | E117: 1 | G117: 0 | H117: =F117*G117 -> 0 | I117: =(F117+H117) -> 0
A118: SECRETARIA DE CULTURA Y JUVENTUDES | B118: 104 | C118: ACEITE HIDRAULICO X GLN | D118: GALON | E118: 1 | G118: 0 | H118: =F118*G118 -> 0 | I118: =(F118+H118) -> 0
A119: SECRETARIA DE CULTURA Y JUVENTUDES | B119: 105 | C119: FILTRO DE ACEITE | D119: UNIDAD | E119: 1 | G119: 0.19 | H119: =F119*G119 -> 0 | I119: =(F119+H119) -> 0
A120: SECRETARIA DE CULTURA Y JUVENTUDES | B120: 106 | C120: FILTRO DE AIRE | D120: UNIDAD | E120: 1 | G120: 0.19 | H120: =F120*G120 -> 0 | I120: =(F120+H120) -> 0
... A138: SECRETARIA DE CULTURA Y JUVENTUDES | B138: 124 | C138: REFRIGERANTE X GLN | D138: GALON | E138: 1 | G138: 0.19 | H138: =F138*G138 -> 0 | I138: =(F138+H138) -> 0
C139: TOTAL
A140: SECRETARIA DE CULTURA Y JUVENTUDES | B140: NN | C140: BUS MERCEDES BENZ
A141: SECRETARIA DE CULTURA Y JUVENTUDES | B141: NN | C141: PLACAS: ODT685
A142: SECRETARIA DE CULTURA Y JUVENTUDES | B142: NN | C142: MODELO:2023
A143: SECRETARIA DE CULTURA Y JUVENTUDES | B143: NN | C143: MANTENIMIENTO
A144: SECRETARIA DE CULTURA Y JUVENTUDES | B144: 125 | C144: PITO DE REVERSA | D144: UNIDAD | E144: 1 | G144: 0.19 | H144: =F144*G144 -> 0 | I144: =(F144+H144) -> 0
A145: SECRETARIA DE CULTURA Y JUVENTUDES | B145: 126 | C145: REVISIÓN Y MANTENIMIENTO DE INSTALACIÓN | D145: UNIDAD | E145: 1 | G145: 0.19 | H145: =F145*G145 -> 0 | I145: =(F145+H145) -> 0
A146: SECRETARIA DE CULTURA Y JUVENTUDES | B146: 127 | C146: INSTALACIÓN DE PITO DE RESERVA Y SUMINISTRO PITO | D146: UNIDAD | E146: 1 | G146: 0.19 | H146: =F146*G146 -> 0 | I146: =(F146+H146) -> 0
A147: SECRETARIA DE CULTURA Y JUVENTUDES | B147: 128 | C147: ACEITE MOTOR X 1/4 | D147: CUARTO | E147: 1 | G147: 0 | H147: =F147*G147 -> 0 | I147: =(F147+H147) -> 0
A148: SECRETARIA DE CULTURA Y JUVENTUDES | B148: 129 | C148: ACEITE MOTOR X GLN | D148: GALON | E148: 1 | G148: 0 | H148: =F148*G148 -> 0 | I148: =(F148+H148) -> 0
A149: SECRETARIA DE CULTURA Y JUVENTUDES | B149: 130 | C149: ACEITE DE TRANSMISION 1/4 | D149: CUARTO | E149: 1 | G149: 0 | H149: =F149*G149 -> 0 | I149: =(F149+H149) -> 0
A150: SECRETARIA DE CULTURA Y JUVENTUDES | B150: 131 | C150: ACEITE DE TRANSMISION X GLN | D150: GALON | E150: 1 | G150: 0 | H150: =F150*G150 -> 0 | I150: =(F150+H150) -> 0
A151: SECRETARIA DE CULTURA Y JUVENTUDES | B151: 132 | C151: ACEITE HIDRAULICO X 1/4 | D151: CUARTO | E151: 1 | G151: 0 | H151: =F151*G151 -> 0 | I151: =(F151+H151) -> 0
A152: SECRETARIA DE CULTURA Y JUVENTUDES | B152: 133 | C152: ACEITE HIDRAULICO X GLN | D152: GALON | E152: 1 | G152: 0 | H152: =F152*G152 -> 0 | I152: =(F152+H152) -> 0
A153: SECRETARIA DE CULTURA Y JUVENTUDES | B153: 134 | C153: FILTRO DE ACEITE | D153: UNIDAD | E153: 1 | G153: 0.19 | H153: =F153*G153 -> 0 | I153: =(F153+H153) -> 0
A154: SECRETARIA DE CULTURA Y JUVENTUDES | B154: 135 | C154: FILTRO DE AIRE | D154: UNIDAD | E154: 1 | G154: 0.19 | H154: =F154*G154 -> 0 | I154: =(F154+H154) -> 0
A155: SECRETARIA DE CULTURA Y JUVENTUDES | B155: 136 | C155: FILTRO DE COMBUSTIBLE | D155: UNIDAD | E155: 1 | G155: 0.19 | H155: =F155*G155 -> 0 | I155: =(F155+H155) -> 0
... A181: SECRETARIA DE CULTURA Y JUVENTUDES | B181: 162 | C181: SERVICIO DE REPARACION ALTERNADOR (SOLDADURAS) | D181: UNIDAD | E181: 1 | G181: 0.19 | H181: =F181*G181 -> 0 | I181: =(F181+H181) -> 0
C182: TOTAL
A183: SECRETARIA DE DESARROLLO SOCIAL | B183: SECRETARIA DE DESARROLLO SOCIAL
A184: SECRETARIA DE DESARROLLO SOCIAL | B184: NN | C184: VOLKSWAGEN AMAROW
A185: SECRETARIA DE DESARROLLO SOCIAL | B185: NN | C185: PLACA: OSD483
A186: SECRETARIA DE DESARROLLO SOCIAL | B186: NN | C186: MODELO :2013
A187: SECRETARIA DE DESARROLLO SOCIAL | B187: NN | C187: MANTENIMIENTO
A188: SECRETARIA DE DESARROLLO SOCIAL | B188: 163 | C188: KIT DE REPARTICIÓN | D188: KIT | E188: 1 | G188: 0.19 | H188: =F188*G188 -> 0 | I188: =(F188+H188) -> 0
A189: SECRETARIA DE DESARROLLO SOCIAL | B189: 164 | C189: ACEITE CAJA X GLN | D189: GALON | E189: 1 | G189: 0 | H189: =F189*G189 -> 0 | I189: =(F189+H189) -> 0
A190: SECRETARIA DE DESARROLLO SOCIAL | B190: 165 | C190: CORREA DE ACCESORIOS | D190: UNIDAD | E190: 1 | G190: 0.19 | H190: =F190*G190 -> 0 | I190: =(F190+H190) -> 0
A191: SECRETARIA DE DESARROLLO SOCIAL | B191: 166 | C191: CAMBIO CORREA | D191: UNIDAD | E191: 1 | G191: 0.19 | H191: =F191*G191 -> 0 | I191: =(F191+H191) -> 0
A192: SECRETARIA DE DESARROLLO SOCIAL | B192: 167 | C192: TRANSFER 4X4 | D192: UNIDAD | E192: 1 | G192: 0.19 | H192: =F192*G192 -> 0 | I192: =(F192+H192) -> 0
A193: SECRETARIA DE DESARROLLO SOCIAL | B193: 168 | C193: SERVICIO TORNO | D193: UNIDAD | E193: 1 | G193: 0.19 | H193: =F193*G193 -> 0 | I193: =(F193+H193) -> 0
A194: SECRETARIA DE DESARROLLO SOCIAL | B194: 169 | C194: SERVICIO ESCÁNER | D194: UNIDAD | E194: 1 | G194: 0.19 | H194: =F194*G194 -> 0 | I194: =(F194+H194) -> 0
A195: SECRETARIA DE DESARROLLO SOCIAL | B195: 170 | C195: REPARACIÓN FUGA REFRIGERANTE MOTOR | D195: UNIDAD | E195: 1 | G195: 0.19 | H195: =F195*G195 -> 0 | I195: =(F195+H195) -> 0
A196: SECRETARIA DE DESARROLLO SOCIAL | B196: 171 | C196: REPARACIÓN FALLA SUSPENSIÓN DELANTERA | D196: UNIDAD | E196: 1 | G196: 0.19 | H196: =F196*G196 -> 0 | I196: =(F196+H196) -> 0
A197: SECRETARIA DE DESARROLLO SOCIAL | B197: 172 | C197: REPARACIÓN FALLA SISTEMA REFRIGERACIÓN | D197: UNIDAD | E197: 1 | G197: 0.19 | H197: =F197*G197 -> 0 | I197: =(F197+H197) -> 0
A198: SECRETARIA DE DESARROLLO SOCIAL | B198: 173 | C198: REPARACIÓN FALLA SISTEMA ELEVA VIDRIO | D198: UNIDAD | E198: 1 | G198: 0.19 | H198: =F198*G198 -> 0 | I198: =(F198+H198) -> 0
A199: SECRETARIA DE DESARROLLO SOCIAL | B199: 174 | C199: REPARACIÓN FALLA SISTEMA ABS | D199: UNIDAD | E199: 1 | G199: 0.19 | H199: =F199*G199 -> 0 | I199: =(F199+H199) -> 0
... A280: SECRETARIA DE DESARROLLO SOCIAL | B280: 255 | C280: VOLANTE CON MASA COMPLETA | D280: UNIDAD | E280: 1 | G280: 0.19 | H280: =F280*G280 -> 0 | I280: =(F280+H280) -> 0
C281: TOTAL
A282: SECRETARIA DE DESARROLLO SOCIAL | B282: NN | C282: BUSETA MARCA CHEVROLET FRR
A283: SECRETARIA DE DESARROLLO SOCIAL | B283: NN | C283: PLACA:ODT306
A284: SECRETARIA DE DESARROLLO SOCIAL | B284: NN | C284: MODELO:2017
A285: SECRETARIA DE DESARROLLO SOCIAL | B285: NN | C285: MANTENIMIENTO
A286: SECRETARIA DE DESARROLLO SOCIAL | B286: 256 | C286: FILTRO SECUNDARIO DE COMBUSTIBLE | D286: UNIDAD | E286: 1 | G286: 0.19 | H286: =F286*G286 -> 0 | I286: =(F286+H286) -> 0
A287: SECRETARIA DE DESARROLLO SOCIAL | B287: 257 | C287: FILTRO INTERNO DE AIRE | D287: UNIDAD | E287: 1 | G287: 0.19 | H287: =F287*G287 -> 0 | I287: =(F287+H287) -> 0
A288: SECRETARIA DE DESARROLLO SOCIAL | B288: 258 | C288: FILTRO EXTERNO DE AIRE | D288: UNIDAD | E288: 1 | G288: 0.19 | H288: =F288*G288 -> 0 | I288: =(F288+H288) -> 0
A289: SECRETARIA DE DESARROLLO SOCIAL | B289: 259 | C289: FILTRO DE ACEITE MOTOR | D289: UNIDAD | E289: 1 | G289: 0.19 | H289: =F289*G289 -> 0 | I289: =(F289+H289) -> 0
A290: SECRETARIA DE DESARROLLO SOCIAL | B290: 260 | C290: FILTRO COMBUSTIBLE PRINCIPAL | D290: UNIDAD | E290: 1 | G290: 0.19 | H290: =F290*G290 -> 0 | I290: =(F290+H290) -> 0
A291: SECRETARIA DE DESARROLLO SOCIAL | B291: 261 | C291: ACEITE MOTOR X 1/4 | D291: CUARTO | E291: 1 | G291: 0 | H291: =F291*G291 -> 0 | I291: =(F291+H291) -> 0
A292: SECRETARIA DE DESARROLLO SOCIAL | B292: 262 | C292: ACEITE MOTOR X GLN | D292: GALON | E292: 1 | G292: 0 | H292: =F292*G292 -> 0 | I292: =(F292+H292) -> 0
A293: SECRETARIA DE DESARROLLO SOCIAL | B293: 263 | C293: ACEITE MOTOR GARRAFA X 5 GLS | D293: GARRAFA 5 GLS | E293: 1 | G293: 0 | H293: =F293*G293 -> 0 | I293: =(F293+H293) -> 0
A294: SECRETARIA DE DESARROLLO SOCIAL | B294: 264 | C294: VALVULINA 1/4 | D294: CUARTO | E294: 1 | G294: 0 | H294: =F294*G294 -> 0 | I294: =(F294+H294) -> 0
A295: SECRETARIA DE DESARROLLO SOCIAL | B295: 265 | C295: VALVULINA X GLN | D295: GALON | E295: 1 | G295: 0 | H295: =F295*G295 -> 0 | I295: =(F295+H295) -> 0
A296: SECRETARIA DE DESARROLLO SOCIAL | B296: 266 | C296: VALVULINA GARRAFA DE 5GLS | D296: GARRAFA 5 GLS | E296: 1 | G296: 0 | H296: =F296*G296 -> 0 | I296: =(F296+H296) -> 0
A297: SECRETARIA DE DESARROLLO SOCIAL | B297: 267 | C297: ACEITE HIDRAULICO X 1/4 | D297: CUARTO | E297: 1 | G297: 0 | H297: =F297*G297 -> 0 | I297: =(F297+H297) -> 0
... A343: SECRETARIA DE DESARROLLO SOCIAL | B343: 313 | C343: DESMONTE DE BOTELLA HIDRAULICA DE PLATAFORMA (CORRECION DE FUGA Y RECONTRUCCION DE GUIAS DE PLATAFORMA) | D343: UNIDAD | E343: 1 | G343: 0.19 | H343: =F343*G343 -> 0 | I343: =(F343+H343) -> 0
C344: TOTAL
A345: SECRETARIA DE DESARROLLO SOCIAL | B345: NN | C345: BUSETA MARCA HINO
A346: SECRETARIA DE DESARROLLO SOCIAL | B346: NN | C346: PLACA :ODT357
A347: SECRETARIA DE DESARROLLO SOCIAL | B347: NN | C347: MODELO :2018
A348: SECRETARIA DE DESARROLLO SOCIAL | B348: NN | C348: MANTENIMIENTO
A349: SECRETARIA DE DESARROLLO SOCIAL | B349: 314 | C349: ACEITE MOTOR X 1/4 | D349: CUARTO | E349: 1 | G349: 0 | H349: =F349*G349 -> 0 | I349: =(F349+H349) -> 0
A350: SECRETARIA DE DESARROLLO SOCIAL | B350: 315 | C350: ACEITE MOTOR X GLN | D350: GALON | E350: 1 | G350: 0 | H350: =F350*G350 -> 0 | I350: =(F350+H350) -> 0
...

Sheet REMISIONES
A1: REMISION | B1: FECHA | C1: CIUDAD | D1: IDENTIFICACION CLIENTE | E1: CLIENTE | F1: DIRECCION | G1: CORREO | H1: TELÉFONO | I1: N° | J1: CANTIDAD | K1: REFERENCIA | L1: DESCRIPCIÓN | M1: V UNITARIO | N1: IVA | O1: NOTA | P1: MÁQUINA/PLACA | Q1: UNIDAD | R1: FACTURA DISMAQ | S1: ACTA | T1: ITEM MENU | U1: PRECIO NC | V1: PRECIO MENU | W1: PRECIO UNITARIO SIN IVA | X1: TOTAL SIN IVA | Y1: VALOR IVA | Z1: TOTAL CON IVA
A2: RM-3-2017 | B2: 45337 | C2: COTA | D2: 899999705 | E2: ALCALDIA DE COTA | F2: KR 4 12 63 | G2: contratacion@alcaldiacota.gov.co | H2: 3161800 | I2: 1 | J2: 1 | K2: MO00642 | L2: TECNOMECANICA CAMIONETA | M2: 510000 | N2: 0.19 | O2: NC | P2: EQUIPOS VARIOS TECNOMECANICA SEGUN RELACION - NUEVO | Q2: UNIDAD | S2: ACTA 03 AÑO 2025 - COTA | T2: NC | U2: 510000 | V2: 0 | W2: 510000 | X2: 510000 | Y2: 96900 | Z2: 606900
A3: RM-3-2017 | B3: 45337 | C3: COTA | D3: 899999705 | E3: ALCALDIA DE COTA | F3: KR 4 12 63 | G3: contratacion@alcaldiacota.gov.co | H3: 3161800 | I3: 2 | J3: 1 | K3: MO00642 | L3: TECNOMECANICA BUSETON HINO PLACA ODT 357 | M3: 620000 | N3: 0.19 | O3: NC | P3: EQUIPOS VARIOS TECNOMECANICA SEGUN RELACION - NUEVO | Q3: UNIDAD | S3: ACTA 03 AÑO 2025 - COTA | T3: NC | U3: 620000 | V3: 0 | W3: 620000 | X3: 620000 | Y3: 117800 | Z3: 737800
A4: RM-3-2051 | B4: 45348 | C4: COTA | D4: 899999705 | E4: ALCALDIA DE COTA | F4: KR 4 12 63 | G4: contratacion@alcaldiacota.gov.co | H4: 3161800 | I4: 3 | J4: 1 | K4: MO00650 | L4: TECNOMECANICA VOLQUETA | M4: 590000 | N4: 0.19 | O4: NC | P4: EQUIPOS VARIOS TECNOMECANICA SEGUN RELACION - NUEVO | Q4: UNIDAD | S4: ACTA 03 AÑO 2025 - COTA | T4: NC | U4: 590000 | V4: 0 | W4: 590000 | X4: 590000 | Y4: 112100 | Z4: 702100
A5: RM-3-2055 | B5: 45348 | C5: COTA | D5: 899999705 | E5: ALCALDIA DE COTA | F5: KR 4 12 63 | G5: contratacion@alcaldiacota.gov.co | H5: 3161800 | I5: 1 | J5: 1 | K5: MO00651 | L5: SERVICIO DE GRUA COTA - BOGOTA (ESTABA PAGA EN ACTA 1) | M5: 382333 | N5: 0 | O5: 838 | P5: CAMIONETA CHEVROLET LUV DMAX PLACA: OSD 456 MODELO: 2013 | S5: ACTA 03 AÑO 2025 - COTA | T5: 838 | U5: 382333 | V5: 0 | W5: 382333 | X5: 382333 | Y5: 0 | Z5: 382333
A6: RM-3-2055 | B6: 45348 | C6: COTA | D6: 899999705 | E6: ALCALDIA DE COTA | F6: KR 4 12 63 | G6: contratacion@alcaldiacota.gov.co | H6: 3161800 | I6: 2 | J6: 1 | K6: MO00651 | L6: SERVICIO DE GRUA COTA - BOGOTA (ESTABA PAGA EN ACTA 1) | M6: 382833 | N6: 0 | O6: 499 | P6: VOLKSWAGEN AMAROK PLACA: OSD 484 MODELO: 2013 | S6: ACTA 03 AÑO 2025 - COTA | T6: 499 | U6: 382833 | V6: 0 | W6: 382833 | X6: 382833 | Y6: 0 | Z6: 382833
A7: RM-3-2068 | B7: 45361 | C7: COTA | D7: 899999705 | E7: ALCALDIA DE COTA | F7: KR 4 12 63 | G7: contratacion@alcaldiacota.gov.co | H7: 3161800 | I7: 2 | J7: 1 | K7: 94R-1100 | L7: BATERIA WILLAND EXTREMA (ESTABA PAGA EN ACTA 1) | M7: 773333 | N7: 0.19 | O7: NC | P7: TRACTOR KUBOTA 7040 MODELO: 2011 | Q7: UNIDAD | S7: ACTA 03 AÑO 2025 - COTA | T7: NC | U7: 773333 | V7: 0 | W7: 773333 | X7: 773333 | Y7: 146933.27 | Z7: 920266.27
A8: RM-3-2069 | B8: 45361 | C8: COTA | D8: 899999705 | E8: ALCALDIA DE COTA | F8: KR 4 12 63 | G8: contratacion@alcaldiacota.gov.co | H8: 3161800 | I8: 1 | J8: 1 | K8: MO00655 | L8: REVISION TECNOMECANICA | M8: 470000 | N8: 0.19 | O8: NC | P8: EQUIPOS VARIOS TECNOMECANICA SEGUN RELACION - NUEVO | Q8: UNIDAD | S8: ACTA 03 AÑO 2025 - COTA | T8: NC | U8: 470000 | V8: 0 | W8: 470000 | X8: 470000 | Y8: 89300 | Z8: 559300
A9: RM-3-2106 | B9: 45372 | C9: COTA | D9: 899999705 | E9: ALCALDIA DE COTA | F9: KR 4 12 63 | G9: contratacion@alcaldiacota.gov.co | H9: 3161800 | I9: 1 | J9: 1 | K9: MO00685 | L9: SERVICIO DE TECNOMECANICA | M9: 396000 | N9: 0.19 | O9: NC | P9: EQUIPOS VARIOS TECNOMECANICA SEGUN RELACION - NUEVO | Q9: UNIDAD | S9: ACTA 03 AÑO 2025 - COTA | T9: NC | U9: 396000 | V9: 0 | W9: 396000 | X9: 396000 | Y9: 75240 | Z9: 471240
A10: RM-3-2128 | B10: 45379 | C10: COTA | D10: 899999705 | E10: ALCALDIA DE COTA | F10: KR 4 12 63 | G10: contratacion@alcaldiacota.gov.co | H10: 3161800 | I10: 4 | J10: 1 | K10: MO00677 | L10: SERVICIO DE GRUA X VARADA CAMIONETA AMAROK (ESTABA PAGA EN ACTA 1) | M10: 371167 | N10: 0.19 | O10: 419 | P10: VOLKSWAGEN AMAROW PLACA: OSD 483 MODELO: 2013 | S10: ACTA 03 AÑO 2025 - COTA | T10: 419 | U10: 371167 | V10: 0 | W10: 371167 | X10: 371167 | Y10: 70521.73 | Z10: 441688.73
A11: RM-3-2147 | B11: 45388 | C11: COTA | D11: 899999705 | E11: ALCALDIA DE COTA | F11: KR 4 12 63 | G11: contratacion@alcaldiacota.gov.co | H11: 3161800 | I11: 3 | J11: 1 | K11: MO00682 | L11: TECNOMECANICA | M11: 570000 | N11: 0.19 | O11: NC | P11: EQUIPOS VARIOS TECNOMECANICA SEGUN RELACION - NUEVO | Q11: UNIDAD | S11: ACTA 03 AÑO 2025 - COTA | T11: NC | U11: 570000 | V11: 0 | W11: 570000 | X11: 570000 | Y11: 108300 | Z11: 678300
A12: RM-3-2167 | B12: 45394 | C12: COTA | D12: 899999705 | E12: ALCALDIA DE COTA | F12: KR 4 12 63 | G12: contratacion@alcaldiacota.gov.co | H12: 3161800 | I12: 1 | J12: 1 | K12: MO00691 | L12: SERVICIO DE TECNOMECANICA | M12: 430000 | N12: 0.19 | O12: NC | P12: EQUIPOS VARIOS TECNOMECANICA SEGUN RELACION - NUEVO | Q12: UNIDAD | S12: ACTA 03 AÑO 2025 - COTA | T12: NC | U12: 430000 | V12: 0 | W12: 430000 | X12: 430000 | Y12: 81700 | Z12: 511700
A13: RM-3-2180 | B13: 45398 | C13: COTA | D13: 899999705 | E13: ALCALDIA DE COTA | F13: KR 4 12 63 | G13: contratacion@alcaldiacota.gov.co | H13: 3161800 | I13: 4 | J13: 24 | K13: LUAUM0602 | L13: CAJA DE ACEITE 2T * 24 CUATOS | M13: 24500 | N13: 0 | O13: NC | P13: GUADAÑAS NUEVO MENU | Q13: UNIDAD | S13: ACTA 03 AÑO 2025 - COTA | T13: NC | U13: 24500 | V13: 0 | W13: 24500 | X13: 588000 | Y13: 0 | Z13: 588000
A14: RM-3-2195 | B14: 45401 | C14: COTA | D14: 899999705 | E14: ALCALDIA DE COTA | F14: KR 4 12 63 | G14: contratacion@alcaldiacota.gov.co | H14: 3161800 | I14: 6 | J14: 1 | K14: H03024 | L14: Batería | M14: 183667 | N14: 0.19 | O14: NC | P14: HONDA XR300 PLACAS: CTR 65C MODELO: 2018 | Q14: UNIDAD | S14: ACTA 03 AÑO 2025 - COTA | T14: NC | U14: 183667 | V14: 0 | W14: 183667 | X14: 183667 | Y14: 34896.73 | Z14: 218563.73
A15: RM-3-2195 | B15: 45401 | C15: COTA | D15: 899999705 | E15: ALCALDIA DE COTA | F15: KR 4 12 63 | G15: contratacion@alcaldiacota.gov.co | H15: 3161800 | I15: 7 | J15: 1 | K15: H03024 | L15: Batería | M15: 183667 | N15: 0.19 | O15: NC | P15: HONDA XR300 PLACAS: CTR 59C MODELO: 2018 | Q15: UNIDAD | S15: ACTA 03 AÑO 2025 - COTA | T15: NC | U15: 183667 | V15: 0 | W15: 183667 | X15: 183667 | Y15: 34896.73 | Z15: 218563.73
A16: RM-3-2207 | B16: 45407 | C16: COTA | D16: 899999705 | E16: ALCALDIA DE COTA | F16: KR 4 12 63 | G16: contratacion@alcaldiacota.gov.co | H16: 3161800 | I16: 5 | J16: 1 | K16: MO00698 | L16: SINCRONIZAR MOTOR (YA ESTABA PAGA EN ACTA 1) | M16: 208833 | N16: 0.19 | O16: 622 | P16: DFSK PLACA: ODT 459 MODELO: 2020 | S16: ACTA 03 AÑO 2025 - COTA | T16: 622 | U16: 208833 | V16: 0 | W16: 208833 | X16: 208833 | Y16: 39678.27 | Z16: 248511.27
A17: RM-3-2207 | B17: 45407 | C17: COTA | D17: 899999705 | E17: ALCALDIA DE COTA | F17: KR 4 12 63 | G17: contratacion@alcaldiacota.gov.co | H17: 3161800 | I17: 7 | J17: 1 | K17: MO00698 | L17: INSTALACION ALTA (ESTABA PAGA EN ACTA 1) | M17: 132500 | N17: 0.19 | O17: 624 | P17: DFSK PLACA: ODT 459 MODELO: 2020 | S17: ACTA 03 AÑO 2025 - COTA | T17: 624 | U17: 132500 | V17: 0 | W17: 132500 | X17: 132500 | Y17: 25175 | Z17: 157675
A18: RM-3-2219 | B18: 45412 | C18: COTA | D18: 899999705 | E18: ALCALDIA DE COTA | F18: KR 4 12 63 | G18: contratacion@alcaldiacota.gov.co | H18: 3161800 | I18: 1 | J18: 1 | K18: MO00703 | L18: TECNOMECANICA MOTO POLICIA PLACA CTR58C | M18: 350000 | N18: 0.19 | O18: NC | P18: EQUIPOS VARIOS TECNOMECANICA SEGUN RELACION - NUEVO | Q18: UNIDAD | S18: ACTA 03 AÑO 2025 - COTA | T18: NC | U18: 350000 | V18: 0 | W18: 350000 | X18: 350000 | Y18: 66500 | Z18: 416500
A19: RM-3-2219 | B19: 45412 | C19: COTA | D19: 899999705 | E19: ALCALDIA DE COTA | F19: KR 4 12 63 | G19: contratacion@alcaldiacota.gov.co | H19: 3161800 | I19: 2 | J19: 1 | K19: MO00703 | L19: ALISTAMIENTO MOTO PARA TECNOMECANICA | M19: 80000 | N19: 0.19 | O19: NC | P19: EQUIPOS VARIOS TECNOMECANICA SEGUN RELACION - NUEVO | Q19: UNIDAD | S19: ACTA 03 AÑO 2025 - COTA | T19: NC | U19: 80000 | V19: 0 | W19: 80000 | X19: 80000 | Y19: 15200 | Z19: 95200
A20: RM-3-2219 | B20: 45412 | C20: COTA | D20: 899999705 | E20: ALCALDIA DE COTA | F20: KR 4 12 63 | G20: contratacion@alcaldiacota.gov.co | H20: 3161800 | I20: 3 | J20: 1 | K20: MO00703 | L20: TECNOMECANICA MOTO POLICIA PLACA CTR60C | M20: 350000 | N20: 0.19 | O20: NC | P20: EQUIPOS VARIOS TECNOMECANICA SEGUN RELACION - NUEVO | Q20: UNIDAD | S20: ACTA 03 AÑO 2025 - COTA | T20: NC | U20: 350000 | V20: 0 | W20: 350000 | X20: 350000 | Y20: 66500 | Z20: 416500
A21: RM-3-2219 | B21: 45412 | C21: COTA | D21: 899999705 | E21: ALCALDIA DE COTA | F21: KR 4 12 63 | G21: contratacion@alcaldiacota.gov.co | H21: 3161800 | I21: 4 | J21: 1 | K21: MO00703 | L21: ALISTAMIENTO MOTO PARA TECNOMECANICA | M21: 80000 | N21: 0.19 | O21: NC | P21: EQUIPOS VARIOS TECNOMECANICA SEGUN RELACION - NUEVO | Q21: UNIDAD | S21: ACTA 03 AÑO 2025 - COTA | T21: NC | U21: 80000 | V21: 0 | W21: 80000 | X21: 80000 | Y21: 15200 | Z21: 95200
A22: RM-3-2219 | B22: 45412 | C22: COTA | D22: 899999705 | E22: ALCALDIA DE COTA | F22: KR 4 12 63 | G22: contratacion@alcaldiacota.gov.co | H22: 3161800 | I22: 5 | J22: 1 | K22: MO00703 | L22: TECNOMECANICA MOTO POLICIA PLACA CTR64C | M22: 350000 | N22: 0.19 | O22: NC | P22: EQUIPOS VARIOS TECNOMECANICA SEGUN RELACION - NUEVO | Q22: UNIDAD | S22: ACTA 03 AÑO 2025 - COTA | T22: NC | U22: 350000 | V22: 0 | W22: 350000 | X22: 350000 | Y22: 66500 | Z22: 416500
A23: RM-3-2219 | B23: 45412 | C23: COTA | D23: 899999705 | E23: ALCALDIA DE COTA | F23: KR 4 12 63 | G23: contratacion@alcaldiacota.gov.co | H23: 3161800 | I23: 6 | J23: 1 | K23: MO00703 | L23: ALISTAMIENTO MOTO PARA TECNOMECANICA | M23: 80000 | N23: 0.19 | O23: NC | P23: EQUIPOS VARIOS TECNOMECANICA SEGUN RELACION - NUEVO | Q23: UNIDAD | S23: ACTA 03 AÑO 2025 - COTA | T23: NC | U23: 80000 | V23: 0 | W23: 80000 | X23: 80000 | Y23: 15200 | Z23: 95200
A24: RM-3-2219 | B24: 45412 | C24: COTA | D24: 899999705 | E24: ALCALDIA DE COTA | F24: KR 4 12 63 | G24: contratacion@alcaldiacota.gov.co | H24: 3161800 | I24: 7 | J24: 1 | K24: MO00703 | L24: TECNOMECANICA MOTO POLICIA PLACA CTR67E | M24: 350000 | N24: 0.19 | O24: NC | P24: EQUIPOS VARIOS TECNOMECANICA SEGUN RELACION - NUEVO | Q24: UNIDAD | S24: ACTA 03 AÑO 2025 - COTA | T24: NC | U24: 350000 | V24: 0 | W24: 350000 | X24: 350000 | Y24: 66500 | Z24: 416500
A25: RM-3-2219 | B25: 45412 | C25: COTA | D25: 899999705 | E25: ALCALDIA DE COTA | F25: KR 4 12 63 | G25: contratacion@alcaldiacota.gov.co | H25: 3161800 | I25: 8 | J25: 1 | K25: MO00703 | L25: ALISTAMIENTO MOTO PARA TECNOMECANICA | M25: 80000 | N25: 0.19 | O25: NC | P25: EQUIPOS VARIOS TECNOMECANICA SEGUN RELACION - NUEVO | Q25: UNIDAD | S25: ACTA 03 AÑO 2025 - COTA | T25: NC | U25: 80000 | V25: 0 | W25: 80000 | X25: 80000 | Y25: 15200 | Z25: 95200
A26: RM-3-2219 | B26: 45412 | C26: COTA | D26: 899999705 | E26: ALCALDIA DE COTA | F26: KR 4 12 63 | G26: contratacion@alcaldiacota.gov.co | H26: 3161800 | I26: 9 | J26: 1 | K26: MO00703 | L26: TECNOMECANICA MOTO POLICIA PLACA CTR68E | M26: 350000 | N26: 0.19 | O26: NC | P26: EQUIPOS VARIOS TECNOMECANICA SEGUN RELACION - NUEVO | Q26: UNIDAD | S26: ACTA 03 AÑO 2025 - COTA | T26: NC | U26: 350000 | V26: 0 | W26: 350000 | X26: 350000 | Y26: 66500 | Z26: 416500
A27: RM-3-2219 | B27: 45412 | C27: COTA | D27: 899999705 | E27: ALCALDIA DE COTA | F27: KR 4 12 63 | G27: contratacion@alcaldiacota.gov.co | H27: 3161800 | I27: 10 | J27: 1 | K27: MO00703 | L27: ALISTAMIENTO MOTO PARA TECNOMECANICA | M27: 80000 | N27: 0.19 | O27: NC | P27: EQUIPOS VARIOS TECNOMECANICA SEGUN RELACION - NUEVO | Q27: UNIDAD | S27: ACTA 03 AÑO 2025 - COTA | T27: NC | U27: 80000 | V27: 0 | W27: 80000 | X27: 80000 | Y27: 15200 | Z27: 95200
A28: RM-3-2219 | B28: 45412 | C28: COTA | D28: 899999705 | E28: ALCALDIA DE COTA | F28: KR 4 12 63 | G28: contratacion@alcaldiacota.gov.co | H28: 3161800 | I28: 11 | J28: 1 | K28: MO00703 | L28: TECNOMECANICA MOTO POLICIA PLACA CTR69E | M28: 350000 | N28: 0.19 | O28: NC | P28: EQUIPOS VARIOS TECNOMECANICA SEGUN RELACION - NUEVO | Q28: UNIDAD | S28: ACTA 03 AÑO 2025 - COTA | T28: NC | U28: 350000 | V28: 0 | W28: 350000 | X28: 350000 | Y28: 66500 | Z28: 416500
A29: RM-3-2219 | B29: 45412 | C29: COTA | D29: 899999705 | E29: ALCALDIA DE COTA | F29: KR 4 12 63 | G29: contratacion@alcaldiacota.gov.co | H29: 3161800 | I29: 12 | J29: 1 | K29: MO00703 | L29: ALISTAMIENTO MOTO PARA TECNOMECANICA | M29: 80000 | N29: 0.19 | O29: NC | P29: EQUIPOS VARIOS TECNOMECANICA SEGUN RELACION - NUEVO | Q29: UNIDAD | S29: ACTA 03 AÑO 2025 - COTA | T29: NC | U29: 80000 | V29: 0 | W29: 80000 | X29: 80000 | Y29: 15200 | Z29: 95200
A30: RM-3-2247 | B30: 45418 | C30: COTA | D30: 899999705 | E30: ALCALDIA DE COTA | F30: KR 4 12 63 | G30: contratacion@alcaldiacota.gov.co | H30: 3161800 | I30: 2 | J30: 1 | K30: MO00709 | L30: CAMBIO DE PASTILLAS FRENOS DELANTERAS Y TRASERAS | M30: 98000 | N30: 0.19 | O30: NC | P30: HONDA XR300 PLACAS: CTR 63C MODELO: 2018 | Q30: UNIDAD | S30: ACTA 03 AÑO 2025 - COTA | T30: NC | U30: 98000 | V30: 0 | W30: 98000 | X30: 98000 | Y30: 18620 | Z30: 116620
A31: RM-3-2309 | B31: 45426 | C31: COTA | D31: 899999705 | E31: ALCALDIA DE COTA | F31: KR 4 12 63 | G31: contratacion@alcaldiacota.gov.co | H31: 3161800 | I31: 30 | J31: 1 | K31: MO00723 | L31: REPARACION FALLA CAJA CAMBIOS (QUEDO PAGA EN ACTA 1, SE REMISIONA EN ACTA 3) | M31: 705500 | N31: 0.19 | O31: 198 | P31: TOYOTA HILUX PLACA: OSD 351 MODELO: 2008 | S31: ACTA 03 AÑO 2025 - COTA | T31: 198 | U31: 705500 | V31: 0 | W31: 705500 | X31: 705500 | Y31: 134045 | Z31: 839545
A32: RM-3-2309 | B32: 45426 | C32: COTA | D32: 899999705 | E32: ALCALDIA DE COTA | F32: KR 4 12 63 | G32: contratacion@alcaldiacota.gov.co | H32: 3161800 | I32: 34 | J32: 1 | K32: MO00723 | L32: REVISION TECNOMECANICA | M32: 375000 | N32: 0.19 | O32: NC | P32: EQUIPOS VARIOS TECNOMECANICA SEGUN RELACION - NUEVO | Q32: UNIDAD | S32: ACTA 03 AÑO 2025 - COTA | T32: NC | U32: 375000 | V32: 0 | W32: 375000 | X32: 375000 | Y32: 71250 | Z32: 446250
A33: RM-3-2477 | B33: 45408 | C33: COTA | D33: 899999705 | E33: ALCALDIA DE COTA | F33: KR 4 12 63 | G33: contratacion@alcaldiacota.gov.co | H33: 3161800 | I33: 5 | J33: 1 | K33: FOL010 | L33: 2 FILTRO DE COMBUSTIBLE ITEM 220 (SE REEMPLAZAN POR EL ITEM 225 EN ACTA 3, ESTABA PAGADO EN ACTA 1) | M33: 181000 | N33: 0.19 | O33: 225 | P33: TOYOTA HILUX PLACA: OSD 351 MODELO: 2008 | S33: ACTA 03 AÑO 2025 - COTA | T33: 225 | U33: 181000 | V33: 0 | W33: 181000 | X33: 181000 | Y33: 34390 | Z33: 215390
A34: RM-3-2477 | B34: 45408 | C34: COTA | D34: 899999705 | E34: ALCALDIA DE COTA | F34: KR 4 12 63 | G34: contratacion@alcaldiacota.gov.co | H34: 3161800 | I34: 6 | J34: 1 | K34: 02012T | L34: 2 FILTRO DE COMBUSTIBLE ITEM 220 (SE REEMPLAZAN POR EL ITEM 223 EN ACTA 3, YA PAGADO EN ACTA 1) | M34: 45167 | N34: 0.19 | O34: 223 | P34: TOYOTA HILUX PLACA: OSD 351 MODELO: 2008 | S34: ACTA 03 AÑO 2025 - COTA | T34: 223 | U34: 45167 | V34: 0 | W34: 45167 | X34: 45167 | Y34: 8581.73 | Z34: 53748.73
A35: RM-3-2517 | B35: 45506 | C35: COTA | D35: 899999705 | E35: ALCALDIA DE COTA | F35: KR 4 12 63 | G35: contratacion@alcaldiacota.gov.co | H35: 3161800 | I35: 17 | J35: 1 | K35: MO00748 | L35: SERVICIO DE TECNOMECANICA | M35: 430000 | N35: 0.19 | O35: NC | P35: EQUIPOS VARIOS TECNOMECANICA SEGUN RELACION - NUEVO | Q35: UNIDAD | S35: ACTA 03 AÑO 2025 - COTA | T35: NC | U35: 430000 | V35: 0 | W35: 430000 | X35: 430000 | Y35: 81700 | Z35: 511700
A36: RM-3-2662 | B36: 45554 | C36: COTA | D36: 899999705 | E36: ALCALDIA DE COTA | F36: KR 4 12 63 | G36: contratacion@alcaldiacota.gov.co | H36: 3161800 | I36: 1 | J36: 1 | K36: MO00777 | L36: SERVICIO CAMBIO ACEITE MOTOR (SE REEMPLAZA POR EL ITEM 482 pito de reversa) | M36: 117833 | N36: 0.19 | O36: 482 | P36: BUSETA MARCA CHEVROLET FRR PLACA: ODT 306 MODELO: 2017 | S36: ACTA 03 AÑO 2025 - COTA | T36: 482 | U36: 117833 | V36: 0 | W36: 117833 | X36: 117833 | Y36: 22388.27 | Z36: 140221.27
A37: RM-3-2746 | B37: 45582 | C37: COTA | D37: 899999705 | E37: ALCALDIA DE COTA | F37: KR 4 12 63 | G37: contratacion@alcaldiacota.gov.co | H37: 3161800 | I37: 1 | J37: 1 | K37: MO00786 | L37: CAMBIO DE CARBURADOR GUADAÑA ECHO, MANTENIEMIENTO ENGRASE | M37: 266000 | N37: 0.19 | O37: NC | P37: GUADAÑAS NUEVO MENU | Q37: UNIDAD | S37: ACTA 03 AÑO 2025 - COTA | T37: NC | U37: 266000 | V37: 0 | W37: 266000 | X37: 266000 | Y37: 50540 | Z37: 316540
A38: RM-3-2746 | B38: 45582 | C38: COTA | D38: 899999705 | E38: ALCALDIA DE COTA | F38: KR 4 12 63 | G38: contratacion@alcaldiacota.gov.co | H38: 3161800 | I38: 2 | J38: 2 | K38: MO00786 | L38: MANTENIMIENTO GUADAÑAS ECHO SINCRONIZACIÓN DESCARBONADO, ENGRASE, KIT CARBURADOR | M38: 133000 | N38: 0.19 | O38: NC | P38: GUADAÑAS NUEVO MENU | Q38: UNIDAD | S38: ACTA 03 AÑO 2025 - COTA | T38: NC | U38: 133000 | V38: 0 | W38: 133000 | X38: 266000 | Y38: 50540 | Z38: 316540
A39: RM-3-2746 | B39: 45582 | C39: COTA | D39: 899999705 | E39: ALCALDIA DE COTA | F39: KR 4 12 63 | G39: contratacion@alcaldiacota.gov.co | H39: 3161800 | I39: 3 | J39: 1 | K39: MO00786 | L39: MANTENIMEINTO MOTOSIERRA EINHELL | M39: 67000 | N39: 0.19 | O39: NC | P39: GUADAÑAS NUEVO MENU | Q39: UNIDAD | S39: ACTA 03 AÑO 2025 - COTA | T39: NC | U39: 67000 | V39: 0 | W39: 67000 | X39: 67000 | Y39: 12730 | Z39: 79730
A40: RM-3-2754 | B40: 45589 | C40: COTA | D40: 899999705 | E40: ALCALDIA DE COTA | F40: KR 4 12 63 | G40: contratacion@alcaldiacota.gov.co | H40: 3161800 | I40: 1 | J40: 1 | L40: BALIZA LUCES LED SUPERIOR CON SOPORTES EN ALUMINIO Y SERVICIO INSTALACION | M40: 2083500 | N40: 0.19 | O40: NC | P40: CAMIONETA RENAULT DUSTER ODT 706 NUEVA MENU | Q40: UNIDAD | S40: ACTA 03 AÑO 2025 - COTA | T40: NC | U40: 2083500 | V40: 0 | W40: 2083500 | X40: 2083500 | Y40: 395865 | Z40: 2479365
A41: RM-3-2754 | B41: 45589 | C41: COTA | D41: 899999705 | E41: ALCALDIA DE COTA | F41: KR 4 12 63 | G41: contratacion@alcaldiacota.gov.co | H41: 3161800 | I41: 2 | J41: 1 | K41: wsscc020 | L41: SIRENA 3 SONIDOS E INSTALACION CON COCINA | M41: 285000 | N41: 0.19 | O41: NC | P41: CAMIONETA RENAULT DUSTER ODT 706 NUEVA MENU | Q41: UNIDAD | S41: ACTA 03 AÑO 2025 - COTA | T41: NC | U41: 285000 | V41: 0 | W41: 285000 | X41: 285000 | Y41: 54150 | Z41: 339150
A42: RM-3-2754 | B42: 45589 | C42: COTA | D42: 899999705 | E42: ALCALDIA DE COTA | F42: KR 4 12 63 | G42: contratacion@alcaldiacota.gov.co | H42: 3161800 | I42: 3 | J42: 1 | K42: 53150507 | L42: BALIZA LUCES LED SUPERIOR CON SOPORTES EN ALUMINIO Y SERVICIO INSTALACION | M42: 2083500 | N42: 0.19 | O42: NC | P42: CAMIONETA RENAULT DUSTER ODT 707 NUEVA MENU | Q42: UNIDAD | S42: ACTA 03 AÑO 2025 - COTA | T42: NC | U42: 2083500 | V42: 0 | W42: 2083500 | X42: 2083500 | Y42: 395865 | Z42: 2479365
A43: RM-3-2754 | B43: 45589 | C43: COTA | D43: 899999705 | E43: ALCALDIA DE COTA | F43: KR 4 12 63 | G43: contratacion@alcaldiacota.gov.co | H43: 3161800 | I43: 4 | J43: 1 | K43: wsscc020 | L43: SIRENA 3 SONIDOS E INSTALACION CON BOCINA | M43: 285000 | N43: 0.19 | O43: NC | P43: CAMIONETA RENAULT DUSTER ODT 707 NUEVA MENU | Q43: UNIDAD | S43: ACTA 03 AÑO 2025 - COTA | T43: NC | U43: 285000 | V43: 0 | W43: 285000 | X43: 285000 | Y43: 54150 | Z43: 339150
A44: RM-3-2758 | B44: 45589 | C44: COTA | D44: 899999705 | E44: ALCALDIA DE COTA | F44: KR 4 12 63 | G44: contratacion@alcaldiacota.gov.co | H44: 3161800 | I44: 36 | J44: 1 | K44: KITMOTOSCOTA | L44: Kit de arrastre (ESTABA PAGA ACTA 1) | M44: 391833 | N44: 0.19 | O44: 1126 | P44: HONDA XR300 PLACAS: CTR 65C MODELO: 2018 | S44: ACTA 03 AÑO 2025 - COTA | T44: 1126 | U44: 391833 | V44: 0 | W44: 391833 | X44: 391833 | Y44: 74448.27 | Z44: 466281.27
A45: RM-3-2759 | B45: 45589 | C45: COTA | D45: 899999705 | E45: ALCALDIA DE COTA | F45: KR 4 12 63 | G45: contratacion@alcaldiacota.gov.co | H45: 3161800 | I45: 19 | J45: 1 | K45: KITMOTOSCOTA | L45: Kit de arrastre | M45: 384500 | N45: 0.19 | O45: 1108 | P45: SUZUKI DR650 PLACAS: CTR 67C MODELO: 2019 | S45: ACTA 03 AÑO 2025 - COTA | T45: 1108 | U45: 384500 | V45: 0 | W45: 384500 | X45: 384500 | Y45: 73055 | Z45: 457555
A46: RM-3-2795 | B46: 45597 | C46: COTA | D46: 899999705 | E46: ALCALDIA DE COTA | F46: KR 4 12 63 | G46: contratacion@alcaldiacota.gov.co | H46: 3161800 | I46: 1 | J46: 1 | K46: MO00801 | L46: SERVICIO DE TECNOMECANICA | M46: 355625 | N46: 0.19 | O46: NC | P46: EQUIPOS VARIOS TECNOMECANICA SEGUN RELACION - NUEVO | Q46: UNIDAD | S46: ACTA 03 AÑO 2025 - COTA | T46: NC | U46: 355625 | V46: 0 | W46: 355625 | X46: 355625 | Y46: 67568.75 | Z46: 423193.75
A47: RM-3-2795 | B47: 45597 | C47: COTA | D47: 899999705 | E47: ALCALDIA DE COTA | F47: KR 4 12 63 | G47: contratacion@alcaldiacota.gov.co | H47: 3161800 | I47: 2 | J47: 1 | K47: MO00801 | L47: ALISTAMIENTO MOTO PARA TECNOMECANICA | M47: 80000 | N47: 0.19 | O47: NC | P47: EQUIPOS VARIOS TECNOMECANICA SEGUN RELACION - NUEVO | Q47: UNIDAD | S47: ACTA 03 AÑO 2025 - COTA | T47: NC | U47: 80000 | V47: 0 | W47: 80000 | X47: 80000 | Y47: 15200 | Z47: 95200
A48: RM-3-2809 | B48: 45604 | C48: COTA | D48: 899999705 | E48: ALCALDIA DE COTA | F48: KR 4 12 63 | G48: contratacion@alcaldiacota.gov.co | H48: 3161800 | I48: 1 | J48: 1 | L48: Arreglo de mini compactador: cambio de guaya de vibración, cambio de cordel de encendido, lavado y engrase. | M48: 320000 | N48: 0.19 | O48: NC | P48: MINICOMPACTADOR MANUAL - NUEVO MENU | Q48: UNIDAD | S48: ACTA 03 AÑO 2025 - COTA | T48: NC | U48: 320000 | V48: 0 | W48: 320000 | X48: 320000 | Y48: 60800 | Z48: 380800
A49: RM-3-2809 | B49: 45604 | C49: COTA | D49: 899999705 | E49: ALCALDIA DE COTA | F49: KR 4 12 63 | G49: contratacion@alcaldiacota.gov.co | H49: 3161800 | I49: 2 | J49: 1 | L49: Arreglo de encamadora: cambio de rodamientos, reconstruir rosca de tuerca, reconstruir base de moñonera, cambio de tuerca y pin, cambio de tornillos de disco, grasera y engrase. | M49: 1250000 | N49: 0.19 | O49: NC | P49: PARSELADORA ( ENCAMADORA ) - NUEVO MENU | Q49: UNIDAD | S49: ACTA 03 AÑO 2025 - COTA | T49: NC | U49: 1250000 | V49: 0 | W49: 1250000 | X49: 1250000 | Y49: 237500 | Z49: 1487500
A50: RM-3-2818 | B50: 45611 | C50: COTA | D50: 899999705 | E50: ALCALDIA DE COTA | F50: KR 4 12 63 | G50: contratacion@alcaldiacota.gov.co | H50: 3161800 | I50: 14 | J50: 1 | L50: Kit de arrastre ITEM 1200 (SE REEMPLAZA POR EL ITEM 1206, ESTABA PAGADO EN ACTA 1) | M50: 386500 | N50: 0.19 | O50: 1206 | P50: SUZUKI DR650 PLACAS: CTR 69C MODELO: 2018 | S50: ACTA 03 AÑO 2025 - COTA | T50: 1206 | U50: 414500 | V50: 0 | W50: 414500 | X50: 414500 | Y50: 78755 | Z50: 493255
A51: RM-3-2824 | B51: 45614 | C51: COTA | D51: 899999705 | E51: ALCALDIA DE COTA | F51: KR 4 12 63 | G51: contratacion@alcaldiacota.gov.co | H51: 3161800 | I51: 1 | J51: 1 | K51: MO00819 | L51: SERVICIO TECNOMECANICAS VARIAS | M51: 6950000 | N51: 0 | O51: NC | P51: EQUIPOS VARIOS TECNOMECANICA SEGUN RELACION - NUEVO | Q51: UNIDAD | S51: ACTA 03 AÑO 2025 - COTA | T51: NC | U51: 6950000 | V51: 0 | W51: 6950000 | X51: 6950000 | Y51: 0 | Z51: 6950000
A52: RM-3-2825 | B52: 45614 | C52: COTA | D52: 899999705 | E52: ALCALDIA DE COTA | F52: KR 4 12 63 | G52: contratacion@alcaldiacota.gov.co | H52: 3161800 | I52: 2 | J52: 1 | L52: MANO DE OBRA INSTALACION VIDRIO EN SITIO CON INSUMOS (URETANO) | M52: 220000 | N52: 0.19 | O52: NC | P52: RETRO EXCABADORA NEW HOLLAND “PAJARITA” MODELO :2012 , LINEA:B95B | Q52: UNIDAD | S52: ACTA 03 AÑO 2025 - COTA | T52: NC | U52: 220000 | V52: 0 | W52: 220000 | X52: 220000 | Y52: 41800 | Z52: 261800
A53: RM-3-2826 | B53: 45614 | C53: COTA | D53: 899999705 | E53: ALCALDIA DE COTA | F53: KR 4 12 63 | G53: contratacion@alcaldiacota.gov.co | H53: 3161800 | I53: 2 | J53: 1 | L53: MANO DE OBRA INSTALACION VIDRIO EN SITIO CON INSUMOS (URETANO) | M53: 571428.57 | N53: 0.19 | O53: NC | P53: VIBROCOMPACTADOR AMMANN PLACA: OSD 494 MODELO: 2017 LINEA: ASC70D | Q53: UNIDAD | S53: ACTA 03 AÑO 2025 - COTA | T53: NC | U53: 571428.57 | V53: 0 | W53: 571428.57 | X53: 571428.57 | Y53: 108571.43 | Z53: 680000
A54: RM-3-2828 | B54: 45614 | C54: COTA | D54: 899999705 | E54: ALCALDIA DE COTA | F54: KR 4 12 63 | G54: contratacion@alcaldiacota.gov.co | H54: 3161800 | I54: 4 | J54: 1 | K54: MO00818 | L54: REVISION FRENOS / CAMBIO PIEZAS | M54: 201700 | N54: 0.19 | O54: NC | P54: VOLKSWAGEN AMAROW PLACA: OSD 483 MODELO: 2013 | Q54: UNIDAD | S54: ACTA 03 AÑO 2025 - COTA | T54: NC | U54: 201700 | V54: 0 | W54: 201700 | X54: 201700 | Y54: 38323 | Z54: 240023
A55: RM-3-2844 | B55: 45621 | C55: COTA | D55: 899999705 | E55: ALCALDIA DE COTA | F55: KR 4 12 63 | G55: contratacion@alcaldiacota.gov.co | H55: 3161800 | I55: 8 | J55: 2 | K55: 15W40 | L55: ACEITE MOTOR GALON | M55: 146500 | N55: 0 | O55: NC | P55: PLANTA ELECTRICA - NUEVO MENU | Q55: UNIDAD | S55: ACTA 03 AÑO 2025 - COTA | T55: NC | U55: 146500 | V55: 0 | W55: 146500 | X55: 293000 | Y55: 0 | Z55: 293000
A56: RM-3-2844 | B56: 45621 | C56: COTA | D56: 899999705 | E56: ALCALDIA DE COTA | F56: KR 4 12 63 | G56: contratacion@alcaldiacota.gov.co | H56: 3161800 | I56: 9 | J56: 1 | K56: C5102 | L56: FILTRO DE ACEITE | M56: 75000 | N56: 0.19 | O56: NC | P56: PLANTA ELECTRICA - NUEVO MENU | Q56: UNIDAD | S56: ACTA 03 AÑO 2025 - COTA | T56: NC | U56: 75000 | V56: 0 | W56: 75000 | X56: 75000 | Y56: 14250 | Z56: 89250
A57: RM-3-2844 | B57: 45621 | C57: COTA | D57: 899999705 | E57: ALCALDIA DE COTA | F57: KR 4 12 63 | G57: contratacion@alcaldiacota.gov.co | H57: 3161800 | I57: 10 | J57: 1 | K57: EF5102 | L57: FILTRO DE COMBUSTIBLE | M57: 120000 | N57: 0.19 | O57: NC | P57: PLANTA ELECTRICA - NUEVO MENU | Q57: UNIDAD | S57: ACTA 03 AÑO 2025 - COTA | T57: NC | U57: 120000 | V57: 0 | W57: 120000 | X57: 120000 | Y57: 22800 | Z57: 142800
A58: RM-3-2844 | B58: 45621 | C58: COTA | D58: 899999705 | E58: ALCALDIA DE COTA | F58: KR 4 12 63 | G58: contratacion@alcaldiacota.gov.co | H58: 3161800 | I58: 11 | J58: 1 | K58: A5149S | L58: FILTRO DE AIRE INT Y EXT | M58: 240000 | N58: 0.19 | O58: NC | P58: PLANTA ELECTRICA - NUEVO MENU | Q58: UNIDAD | S58: ACTA 03 AÑO 2025 - COTA | T58: NC | U58: 240000 | V58: 0 | W58: 240000 | X58: 240000 | Y58: 45600 | Z58: 285600
A59: RM-3-2869 | B59: 45632 | C59: COTA | D59: 899999705 | E59: ALCALDIA DE COTA | F59: KR 4 12 63 | G59: contratacion@alcaldiacota.gov.co | H59: 3161800 | I59: 12 | J59: 1 | K59: MO00860 | L59: SERVICIO DE VIAJE A LA ALCALDIA A CAMBIO DE ACEITE MOTOR, CAMBIO DE FILTRO DE ACEITE, AIRE Y FILTROS DE COMBUSTIBLE | M59: 165000 | N59: 0.19 | O59: NC | P59: PLANTA ELECTRICA - NUEVO MENU | Q59: UNIDAD | S59: ACTA 03 AÑO 2025 - COTA | T59: NC | U59: 165000 | V59: 0 | W59: 165000 | X59: 165000 | Y59: 31350 | Z59: 196350
A60: RM-3-2870 | B60: 45632 | C60: COTA | D60: 899999705 | E60: ALCALDIA DE COTA | F60: KR 4 12 63 | G60: contratacion@alcaldiacota.gov.co | H60: 3161800 | I60: 1 | J60: 1 | K60: MO00819 | L60: SERVICIO TECNOMECANICAS VARIAS (SEGUNDO PAGO) | M60: 1250000 | N60: 0 | O60: NC | P60: EQUIPOS VARIOS TECNOMECANICA SEGUN RELACION - NUEVO | Q60: UNIDAD | S60: ACTA 03 AÑO 2025 - COTA | T60: NC | U60: 1250000 | V60: 0 | W60: 1250000 | X60: 1250000 | Y60: 0 | Z60: 1250000
A61: RM-3-2873 | B61: 45636 | C61: COTA | D61: 899999705 | E61: ALCALDIA DE COTA | F61: KR 4 12 63 | G61: contratacion@alcaldiacota.gov.co | H61: 3161800 | I61: 1 | J61: 2 | K61: MO00857 | L61: LAVADO DE VEHICULO | M61: 59500 | N61: 0.19 | O61: NC | P61: CAMIONETA RENAULT DUSTER ODT 707 NUEVA MENU | Q61: UNIDAD | S61: ACTA 03 AÑO 2025 - COTA | T61: NC | U61: 59500 | V61: 0 | W61: 59500 | X61: 119000 | Y61: 22610 | Z61: 141610
A62: RM-3-2873 | B62: 45636 | C62: COTA | D62: 899999705 | E62: ALCALDIA DE COTA | F62: KR 4 12 63 | G62: contratacion@alcaldiacota.gov.co | H62: 3161800 | I62: 2 | J62: 2 | K62: MO00857 | L62: LAVADO DE VEHICULO | M62: 71400 | N62: 0.19 | O62: NC | P62: CAMIONETA RENAULT DUSTER ODT 706 NUEVA MENU | Q62: UNIDAD | S62: ACTA 03 AÑO 2025 - COTA | T62: NC | U62: 71400 | V62: 0 | W62: 71400 | X62: 142800 | Y62: 27132 | Z62: 169932
A63: RM-3-2874 | B63: 45636 | C63: COTA | D63: 899999705 | E63: ALCALDIA DE COTA | F63: KR 4 12 63 | G63: contratacion@alcaldiacota.gov.co | H63: 3161800 | I63: 6 | J63: 1 | K63: 4140 | L63: BARRA ACROMADA 4140 PARSELADORA (BARRA DISCO) | M63: 170000 | N63: 0.19 | O63: NC | P63: PARSELADORA ( ENCAMADORA ) - NUEVO MENU | Q63: UNIDAD | S63: ACTA 03 AÑO 2025 - COTA | T63: NC | U63: 170000 | V63: 0 | W63: 170000 | X63: 170000 | Y63: 32300 | Z63: 202300
A64: RM-3-2899 | B64: 45643 | C64: COTA | D64: 899999705 | E64: ALCALDIA DE COTA | F64: KR 4 12 63 | G64: contratacion@alcaldiacota.gov.co | H64: 3161800 | I64: 8 | J64: 1 | K64: 15W40 | L64: AMORTIGUADORES TRASERAS (ITEM 56 57 Y 58 NO ACEPTADAS EN ACTA 2) | M64: 896000 | N64: 0.19 | O64: 89 | P64: TOYOTA FORTUNER PLACA: OSD 380 MODELO: 2009 | S64: ACTA 03 AÑO 2025 - COTA | T64: 89 | U64: 896000 | V64: 0 | W64: 896000 | X64: 896000 | Y64: 170240 | Z64: 1066240
A65: RM-3-2912 | B65: 45645 | C65: COTA | D65: 899999705 | E65: ALCALDIA DE COTA | F65: KR 4 12 63 | G65: contratacion@alcaldiacota.gov.co | H65: 3161800 | I65: 1 | J65: 1 | K65: MO00896 | L65: KIT DE ACCESORIOS 2PATINES 1 TENSOR 1 CORREA | M65: 1625333 | N65: 0.19 | O65: 538 | P65: VOLKSWAGEN AMAROK PLACA: OSD 484 MODELO: 2013 | S65: ACTA 03 AÑO 2025 - COTA | T65: 538 | U65: 1625333 | V65: 0 | W65: 1625333 | X65: 1625333 | Y65: 308813.27 | Z65: 1934146.3
A66: RM-3-2915 | B66: 45645 | C66: COTA | D66: 899999705 | E66: ALCALDIA DE COTA | F66: KR 4 12 63 | G66: contratacion@alcaldiacota.gov.co | H66: 3161800 | I66: 5 | J66: 1 | K66: MO00901 | L66: EMPAQUE TAPA VALVULAS CON RETENEDORES | M66: 765333 | N66: 0.19 | O66: 84 | P66: TOYOTA FORTUNER PLACA: OSD 380 MODELO: 2009 | S66: ACTA 03 AÑO 2025 - COTA | T66: 84 | U66: 765333 | V66: 0 | W66: 765333 | X66: 765333 | Y66: 145413.27 | Z66: 910746.27
A67: RM-3-2916 | B67: 45645 | C67: COTA | D67: 899999705 | E67: ALCALDIA DE COTA | F67: KR 4 12 63 | G67: contratacion@alcaldiacota.gov.co | H67: 3161800 | I67: 14 | J67: 1 | K67: MO00907 | L67: TECNOMECANICA MOTO | M67: 350000 | N67: 0.19 | O67: NC | P67: EQUIPOS VARIOS TECNOMECANICA SEGUN RELACION - NUEVO | Q67: UNIDAD | S67: ACTA 03 AÑO 2025 - COTA | T67: NC | U67: 350000 | V67: 0 | W67: 350000 | X67: 350000 | Y67: 66500 | Z67: 416500
A68: RM-3-2916 | B68: 45645 | C68: COTA | D68: 899999705 | E68: ALCALDIA DE COTA | F68: KR 4 12 63 | G68: contratacion@alcaldiacota.gov.co | H68: 3161800 | I68: 15 | J68: 1 | K68: MO00907 | L68: ALISTAMIENTO MOTO PARA TECNOMECANICA | M68: 80000 | N68: 0.19 | O68: NC | P68: EQUIPOS VARIOS TECNOMECANICA SEGUN RELACION - NUEVO | Q68: UNIDAD | S68: ACTA 03 AÑO 2025 - COTA | T68: NC | U68: 80000 | V68: 0 | W68: 80000 | X68: 80000 | Y68: 15200 | Z68: 95200
A69: RM-3-2916 | B69: 45645 | C69: COTA | D69: 899999705 | E69: ALCALDIA DE COTA | F69: KR 4 12 63 | G69: contratacion@alcaldiacota.gov.co | H69: 3161800 | I69: 22 | J69: 1 | K69: MO00908 | L69: ALISTAMIENTO MOTO | M69: 81833 | N69: 0.19 | O69: 1135 | P69: HONDA XR300 PLACAS: CTR 65C MODELO: 2018 | S69: ACTA 03 AÑO 2025 - COTA | T69: 1135 | U69: 81833 | V69: 0 | W69: 81833 | X69: 81833 | Y69: 15548.27 | Z69: 97381.27
A70: RM-3-2916 | B70: 45645 | C70: COTA | D70: 899999705 | E70: ALCALDIA DE COTA | F70: KR 4 12 63 | G70: contratacion@alcaldiacota.gov.co | H70: 3161800 | I70: 27 | J70: 1 | K70: MO00909 | L70: ALISTAMIENTO MOTO | M70: 78833 | N70: 0.19 | O70: 1116 | P70: SUZUKI DR650 PLACAS: CTR 67C MODELO: 2019 | S70: ACTA 03 AÑO 2025 - COTA | T70: 1116 | U70: 78833 | V70: 0 | W70: 78833 | X70: 78833 | Y70: 14978.27 | Z70: 93811.27
A71: RM-3-2916 | B71: 45645 | C71: COTA | D71: 899999705 | E71: ALCALDIA DE COTA | F71: KR 4 12 63 | G71: contratacion@alcaldiacota.gov.co | H71: 3161800 | I71: 30 | J71: 1 | K71: MO00910 | L71: ENGRASE GENERAL | M71: 45333 | N71: 0.19 | O71: 1283 | P71: SUZUKI DR650 PLACAS: CTR 68C MODELO: 2018 | S71: ACTA 03 AÑO 2025 - COTA | T71: 1283 | U71: 45333 | V71: 0 | W71: 45333 | X71: 45333 | Y71: 8613.27 | Z71: 53946.27
A72: RM-3-2916 | B72: 45645 | C72: COTA | D72: 899999705 | E72: ALCALDIA DE COTA | F72: KR 4 12 63 | G72: contratacion@alcaldiacota.gov.co | H72: 3161800 | I72: 31 | J72: 1 | K72: MO00910 | L72: SINCRONIZACION MOTOR | M72: 136167 | N72: 0.19 | O72: 1284 | P72: SUZUKI DR650 PLACAS: CTR 68C MODELO: 2018 | S72: ACTA 03 AÑO 2025 - COTA | T72: 1284 | U72: 136167 | V72: 0 | W72: 136167 | X72: 136167 | Y72: 25871.73 | Z72: 162038.73
A73: RM-3-2916 | B73: 45645 | C73: COTA | D73: 899999705 | E73: ALCALDIA DE COTA | F73: KR 4 12 63 | G73: contratacion@alcaldiacota.gov.co | H73: 3161800 | I73: 32 | J73: 1 | K73: MO00910 | L73: SERVICIO FRENOS GENERAL | M73: 95333 | N73: 0.19 | O73: 1288 | P73: SUZUKI DR650 PLACAS: CTR 68C MODELO: 2018 | S73: ACTA 03 AÑO 2025 - COTA | T73: 1288 | U73: 95333 | V73: 0 | W73: 95333 | X73: 95333 | Y73: 18113.27 | Z73: 113446.27
A74: RM-3-2916 | B74: 45645 | C74: COTA | D74: 899999705 | E74: ALCALDIA DE COTA | F74: KR 4 12 63 | G74: contratacion@alcaldiacota.gov.co | H74: 3161800 | I74: 33 | J74: 1 | K74: MO00910 | L74: MANTENIMIENTO SISTEMA ELECTRICO | M74: 95667 | N74: 0.19 | O74: 1291 | P74: SUZUKI DR650 PLACAS: CTR 68C MODELO: 2018 | S74: ACTA 03 AÑO 2025 - COTA | T74: 1291 | U74: 95667 | V74: 0 | W74: 95667 | X74: 95667 | Y74: 18176.73 | Z74: 113843.73
A75: RM-3-2916 | B75: 45645 | C75: COTA | D75: 899999705 | E75: ALCALDIA DE COTA | F75: KR 4 12 63 | G75: contratacion@alcaldiacota.gov.co | H75: 3161800 | I75: 34 | J75: 1 | K75: MO00910 | L75: ALISTAMIENTO MOTO | M75: 320333 | N75: 0.19 | O75: 1295 | P75: SUZUKI DR650 PLACAS: CTR 68C MODELO: 2018 | S75: ACTA 03 AÑO 2025 - COTA | T75: 1295 | U75: 320333 | V75: 0 | W75: 320333 | X75: 320333 | Y75: 60863.27 | Z75: 381196.27
A76: RM-3-2930 | B76: 45653 | C76: COTA | D76: 899999705 | E76: ALCALDIA DE COTA | F76: KR 4 12 63 | G76: contratacion@alcaldiacota.gov.co | H76: 3161800 | I76: 1 | J76: 1 | K76: MO00926 | L76: Desmontar soporte de disco para cambio de eje, soldar y reforzar | M76: 450000 | N76: 0.19 | O76: NC | P76: PARSELADORA ( ENCAMADORA ) - NUEVO MENU | Q76: UNIDAD | S76: ACTA 03 AÑO 2025 - COTA | T76: NC | U76: 450000 | V76: 0 | W76: 450000 | X76: 450000 | Y76: 85500 | Z76: 535500
A77: RM-3-2930 | B77: 45653 | C77: COTA | D77: 899999705 | E77: ALCALDIA DE COTA | F77: KR 4 12 63 | G77: contratacion@alcaldiacota.gov.co | H77: 3161800 | I77: 2 | J77: 1 | K77: MO00926 | L77: Arreglo de roscas de tornillos prisioneros | M77: 120000 | N77: 0.19 | O77: NC | P77: PARSELADORA ( ENCAMADORA ) - NUEVO MENU | Q77: UNIDAD | S77: ACTA 03 AÑO 2025 - COTA | T77: NC | U77: 120000 | V77: 0 | W77: 120000 | X77: 120000 | Y77: 22800 | Z77: 142800
A78: RM-3-2930 | B78: 45653 | C78: COTA | D78: 899999705 | E78: ALCALDIA DE COTA | F78: KR 4 12 63 | G78: contratacion@alcaldiacota.gov.co | H78: 3161800 | I78: 3 | J78: 1 | K78: MO00926 | L78: Suministro y cambio de 5 tornillos | M78: 70000 | N78: 0.19 | O78: NC | P78: PARSELADORA ( ENCAMADORA ) - NUEVO MENU | Q78: UNIDAD | S78: ACTA 03 AÑO 2025 - COTA | T78: NC | U78: 70000 | V78: 0 | W78: 70000 | X78: 70000 | Y78: 13300 | Z78: 83300
A79: RM-3-2932 | B79: 45653 | C79: COTA | D79: 899999705 | E79: ALCALDIA DE COTA | F79: KR 4 12 63 | G79: contratacion@alcaldiacota.gov.co | H79: 3161800 | I79: 34 | J79: 1 | K79: MO00928 | L79: Arreglo de sirenas y balizas | M79: 59500 | N79: 0.19 | O79: NC | P79: CAMIONETA RENAULT DUSTER ODT 707 NUEVA MENU | Q79: UNIDAD | S79: ACTA 03 AÑO 2025 - COTA | T79: NC | U79: 59500 | V79: 0 | W79: 59500 | X79: 59500 | Y79: 11305 | Z79: 70805
A80: RM-3-2940 | B80: 45665 | C80: COTA | D80: 899999705 | E80: ALCALDIA DE COTA | F80: KR 4 12 63 | G80: contratacion@alcaldiacota.gov.co | H80: 3161800 | I80: 6 | J80: 3 | K80: MO00936 | L80: LAVADO DE VEHICULO | M80: 59500 | N80: 0.19 | O80: NC | P80: CAMIONETA RENAULT DUSTER ODT 707 NUEVA MENU | Q80: UNIDAD | S80: ACTA 03 AÑO 2025 - COTA | T80: NC | U80: 59500 | V80: 0 | W80: 59500 | X80: 178500 | Y80: 33915 | Z80: 212415
A81: RM-3-2940 | B81: 45665 | C81: COTA | D81: 899999705 | E81: ALCALDIA DE COTA | F81: KR 4 12 63 | G81: contratacion@alcaldiacota.gov.co | H81: 3161800 | I81: 7 | J81: 4 | K81: MO00936 | L81: LAVADO DE VEHICULO | M81: 71400 | N81: 0.19 | O81: NC | P81: CAMIONETA RENAULT DUSTER ODT 706 NUEVA MENU | Q81: UNIDAD | S81: ACTA 03 AÑO 2025 - COTA | T81: NC | U81: 71400 | V81: 0 | W81: 71400 | X81: 285600 | Y81: 54264 | Z81: 339864
A82: RM-3-2940 | B82: 45665 | C82: COTA | D82: 899999705 | E82: ALCALDIA DE COTA | F82: KR 4 12 63 | G82: contratacion@alcaldiacota.gov.co | H82: 3161800 | I82: 21 | J82: 2 | K82: MO00936 | L82: LAVADO DE VEHICULO | M82: 75000 | N82: 0.19 | O82: NC | P82: CAMIONETA NISSAN SEGURIDAD Y CONVIVENCIA PLACA: LYP 171 NUEVA | Q82: UNIDAD | S82: ACTA 03 AÑO 2025 - COTA | T82: NC | U82: 75000 | V82: 0 | W82: 75000 | X82: 150000 | Y82: 28500 | Z82: 178500
A83: RM-3-2940 | B83: 45665 | C83: COTA | D83: 899999705 | E83: ALCALDIA DE COTA | F83: KR 4 12 63 | G83: contratacion@alcaldiacota.gov.co | H83: 3161800 | I83: 22 | J83: 2 | K83: MO00936 | L83: LAVADO DE VEHICULO | M83: 75000 | N83: 0.19 | O83: NC | P83: CAMIONETA NISSAN SEGURIDAD Y CONVIVENCIA PLACA: LYP 170 NUEVA | Q83: UNIDAD | S83: ACTA 03 AÑO 2025 - COTA | T83: NC | U83: 75000 | V83: 0 | W83: 75000 | X83: 150000 | Y83: 28500 | Z83: 178500
A84: RM-3-2940 | B84: 45665 | C84: COTA | D84: 899999705 | E84: ALCALDIA DE COTA | F84: KR 4 12 63 | G84: contratacion@alcaldiacota.gov.co | H84: 3161800 | I84: 26 | J84: 1 | K84: MO00936 | L84: LAVADO DE VEHICULO | M84: 81833 | N84: 0.19 | O84: 236 | P84: VOLQUETA MERCEDES BENZ PLACA: ODT 343 MODELO: 2019 | S84: ACTA 03 AÑO 2025 - COTA | T84: 236 | U84: 81833 | V84: 0 | W84: 81833 | X84: 81833 | Y84: 15548.27 | Z84: 97381.27
A85: RM-3-2945 | B85: 45666 | C85: COTA | D85: 899999705 | E85: ALCALDIA DE COTA | F85: KR 4 12 63 | G85: contratacion@alcaldiacota.gov.co | H85: 3161800 | I85: 1 | J85: 1 | K85: MO00895 | L85: REPARACION GENERAL BOMBA DE INYECCION (CRUCE CON TECNOMECANICAS) | M85: 5977833 | N85: 0.19 | O85: 913 | P85: CAMIONETA CITROEN PLACA: OSD 496 MODELO: 2013 | S85: ACTA 03 AÑO 2025 - COTA | T85: 913 | U85: 5977833 | V85: 0 | W85: 5977833 | X85: 5977833 | Y85: 1135788.3 | Z85: 7113621.3
A86: RM-3-2956 | B86: 45672 | C86: COTA | D86: 899999705 | E86: ALCALDIA DE COTA | F86: KR 4 12 63 | G86: contratacion@alcaldiacota.gov.co | H86: 3161800 | I86: 6 | J86: 1 | K86: 2029 | L86: JUEGO PASTILLAS | M86: 233333 | N86: 0.19 | O86: NC | P86: MENU NUEVO - COBRADAS ACTA 1 REMISION RM-3-2887 | Q86: UNIDAD | S86: ACTA 03 AÑO 2025 - COTA | T86: NC | U86: 233333 | V86: 0 | W86: 233333 | X86: 233333 | Y86: 44333.27 | Z86: 277666.27
A87: RM-3-2956 | B87: 45672 | C87: COTA | D87: 899999705 | E87: ALCALDIA DE COTA | F87: KR 4 12 63 | G87: contratacion@alcaldiacota.gov.co | H87: 3161800 | I87: 7 | J87: 1 | K87: 6276 | L87: JUEGO AMORTIGUADORES DELANTEROS | M87: 349500 | N87: 0.19 | O87: 13 | P87: CAMIONETA CHEVROLET LUV PLACA: OIL 320 MODELO: 1997 | S87: ACTA 03 AÑO 2025 - COTA | T87: 13 | U87: 349500 | V87: 0 | W87: 349500 | X87: 349500 | Y87: 66405 | Z87: 415905
A88: RM-3-2956 | B88: 45672 | C88: COTA | D88: 899999705 | E88: ALCALDIA DE COTA | F88: KR 4 12 63 | G88: contratacion@alcaldiacota.gov.co | H88: 3161800 | I88: 8 | J88: 1 | K88: 6276 | L88: CAMBIO DE ASPIRALES | M88: 349500 | N88: 0.19 | O88: NC | P88: MENU NUEVO - COBRADAS ACTA 1 REMISION RM-3-2887 | Q88: UNIDAD | S88: ACTA 03 AÑO 2025 - COTA | T88: NC | U88: 349500 | V88: 0 | W88: 349500 | X88: 349500 | Y88: 66405 | Z88: 415905
A89: RM-3-2958 | B89: 45672 | C89: COTA | D89: 899999705 | E89: ALCALDIA DE COTA | F89: KR 4 12 63 | G89: contratacion@alcaldiacota.gov.co | H89: 3161800 | I89: 3 | J89: 1 | K89: MO00947 | L89: SINCRONIZAR MOTOR | M89: 186500 | N89: 0.19 | O89: NC | P89: MENU NUEVO - COBRADAS ACTA 1 REMISION RM-3-2887 | Q89: UNIDAD | S89: ACTA 03 AÑO 2025 - COTA | T89: NC | U89: 186500 | V89: 0 | W89: 186500 | X89: 186500 | Y89: 35435 | Z89: 221935
A90: RM-3-2958 | B90: 45672 | C90: COTA | D90: 899999705 | E90: ALCALDIA DE COTA | F90: KR 4 12 63 | G90: contratacion@alcaldiacota.gov.co | H90: 3161800 | I90: 4 | J90: 1 | K90: MO00947 | L90: REVISION FRENOS / CAMBIO PIEZAS | M90: 152833 | N90: 0.19 | O90: NC | P90: MENU NUEVO - COBRADAS ACTA 1 REMISION RM-3-2887 | Q90: UNIDAD | S90: ACTA 03 AÑO 2025 - COTA | T90: NC | U90: 152833 | V90: 0 | W90: 152833 | X90: 152833 | Y90: 29038.27 | Z90: 181871.27
A91: RM-3-2987 | B91: 45681 | C91: COTA | D91: 899999705 | E91: ALCALDIA DE COTA | F91: KR 4 12 63 | G91: contratacion@alcaldiacota.gov.co | H91: 3161800 | I91: 1 | J91: 1 | K91: 23390-FL010 | L91: FILTRO DE COMBUSTIBLE | M91: 45000 | N91: 0.19 | O91: 220 | P91: TOYOTA HILUX PLACA: OSD 351 MODELO: 2008 | S91: ACTA 03 AÑO 2025 - COTA | T91: 220 | U91: 45000 | V91: 0 | W91: 45000 | X91: 45000 | Y91: 8550 | Z91: 53550
A92: RM-3-2987 | B92: 45681 | C92: COTA | D92: 899999705 | E92: ALCALDIA DE COTA | F92: KR 4 12 63 | G92: contratacion@alcaldiacota.gov.co | H92: 3161800 | I92: 2 | J92: 1 | K92: SFA17801 | L92: Engrase general: chasis, suspensión, transmisión, cardan, sistema de dirección (YA PAGADO EN ACTA 1) | M92: 90500 | N92: 0.19 | O92: 224 | P92: TOYOTA HILUX PLACA: OSD 351 MODELO: 2008 | S92: ACTA 03 AÑO 2025 - COTA | T92: 224 | U92: 90500 | V92: 0 | W92: 90500 | X92: 90500 | Y92: 17195 | Z92: 107695
A93: RM-3-2996 | B93: 45685 | C93: COTA | D93: 899999705 | E93: ALCALDIA DE COTA | F93: KR 4 12 63 | G93: contratacion@alcaldiacota.gov.co | H93: 3161800 | I93: 1 | J93: 1 | K93: 0703F-4650-0 | L93: KIT EMPAQUETADURA MOTOR AMAROK | M93: 1089500 | N93: 0.19 | O93: NC | P93: TECNOMECANICAS - GARANTIAS OSD 482 | Q93: UNIDAD | S93: ACTA 03 AÑO 2025 - COTA | T93: NC | U93: 1089500 | V93: 0 | W93: 1089500 | X93: 1089500 | Y93: 207005 | Z93: 1296505
A94: RM-3-2996 | B94: 45685 | C94: COTA | D94: 899999705 | E94: ALCALDIA DE COTA | F94: KR 4 12 63 | G94: contratacion@alcaldiacota.gov.co | H94: 3161800 | I94: 4 | J94: 1 | K94: 15100-87109 | L94: BOMBA ACEITE ORIGINAL | M94: 2469333 | N94: 0.19 | O94: NC | P94: TECNOMECANICAS - GARANTIAS OSD 482 | Q94: UNIDAD | S94: ACTA 03 AÑO 2025 - COTA | T94: NC | U94: 2469333 | V94: 0 | W94: 2469333 | X94: 2469333 | Y94: 469173.27 | Z94: 2938506.3
A95: RM-3-2996 | B95: 45685 | C95: COTA | D95: 899999705 | E95: ALCALDIA DE COTA | F95: KR 4 12 63 | G95: contratacion@alcaldiacota.gov.co | H95: 3161800 | I95: 5 | J95: 1 | K95: 137 | L95: CORREA | M95: 136500 | N95: 0.19 | O95: NC | P95: TECNOMECANICAS - GARANTIAS OSD 482 | Q95: UNIDAD | S95: ACTA 03 AÑO 2025 - COTA | T95: NC | U95: 136500 | V95: 0 | W95: 136500 | X95: 136500 | Y95: 25935 | Z95: 162435
A96: RM-3-2996 | B96: 45685 | C96: COTA | D96: 899999705 | E96: ALCALDIA DE COTA | F96: KR 4 12 63 | G96: contratacion@alcaldiacota.gov.co | H96: 3161800 | I96: 8 | J96: 1 | K96: G105 | L96: JUEGO GUIAS AMAROK | M96: 392167 | N96: 0.19 | O96: NC | P96: TECNOMECANICAS - GARANTIAS OSD 482 | Q96: UNIDAD | S96: ACTA 03 AÑO 2025 - COTA | T96: NC | U96: 392167 | V96: 0 | W96: 392167 | X96: 392167 | Y96: 74511.73 | Z96: 466678.73
A97: RM-3-3013 | B97: 45688 | C97: COTA | D97: 899999705 | E97: ALCALDIA DE COTA | F97: KR 4 12 63 | G97: contratacion@alcaldiacota.gov.co | H97: 3161800 | I97: 1 | J97: 1 | K97: MO00967 | L97: pastillas freno traseras | M97: 284167 | N97: 0.19 | O97: 41 | P97: TOYOTA PRADO TXL PLACA: OSD 494 MODELO: 2013 | S97: ACTA 03 AÑO 2025 - COTA | T97: 41 | U97: 284167 | V97: 0 | W97: 284167 | X97: 284167 | Y97: 53991.73 | Z97: 338158.73
A98: RM-3-3015 | B98: 45688 | C98: COTA | D98: 899999705 | E98: ALCALDIA DE COTA | F98: KR 4 12 63 | G98: contratacion@alcaldiacota.gov.co | H98: 3161800 | I98: 2 | J98: 1 | K98: MO00969 | L98: REVISION PROBLEMA DE TEMPERATURA Y CAMBIO DE PIEZAS | M98: 88500 | N98: 0.19 | O98: 919 | P98: CAMIONETA CHEVROLET N300 PLACA: ODT 359 MODELO: 2018 | S98: ACTA 03 AÑO 2025 - COTA | T98: 919 | U98: 88500 | V98: 0 | W98: 88500 | X98: 88500 | Y98: 16815 | Z98: 105315
A99: RM-3-3015 | B99: 45688 | C99: COTA | D99: 899999705 | E99: ALCALDIA DE COTA | F99: KR 4 12 63 | G99: contratacion@alcaldiacota.gov.co | H99: 3161800 | I99: 4 | J99: 4 | K99: MO00969 | L99: BUJES TRASEROS MUELLES | M99: 14667 | N99: 0.19 | O99: 936 | P99: CAMIONETA CHEVROLET N300 PLACA: ODT 359 MODELO: 2018 | S99: ACTA 03 AÑO 2025 - COTA | T99: 936 | U99: 14667 | V99: 0 | W99: 14667 | X99: 58668 | Y99: 11146.92 | Z99: 69814.92
A100: RM-3-3020 | B100: 45692 | C100: COTA | D100: 899999705 | E100: ALCALDIA DE COTA | F100: KR 4 12 63 | G100: contratacion@alcaldiacota.gov.co | H100: 3161800 | I100: 1 | J100: 1 | K100: MO00992 | L100: SERVICIO RECTIFICADORA CULATA | M100: 1375333 | N100: 0.19 | O100: NC | P100: TECNOMECANICAS - GARANTIAS OSD 482 | Q100: UNIDAD | S100: ACTA 03 AÑO 2025 - COTA | T100: NC | U100: 1375333 | V100: 0 | W100: 1375333 | X100: 1375333 | Y100: 261313.27 | Z100: 1636646.3
...

Sheet ESTADO DE CUENTA
G3: ACTA 1 | L3: ACTA 2
A5: ACTA | B5: MÁQUINA/PLACA | C5: ITEM MENU | D5: DESCRIPCIÓN | E5: CANTIDAD | F5: % IVA | G5: PRECIO UNITARIO SIN IVA | H5: TOTAL SIN IVA | I5: VALOR IVA | J5: TOTAL CON IVA
A6: ACTA 01 AÑO 2024 - COTA | B6: VOLQUETA MERCEDES BENZ PLACA: ODT 343 MODELO: 2019 | C6: 226 | D6: LAMPARAS LED LATERANES NARANJA | E6: 6 | F6: 0.19 | G6: 64167 | H6: 385002 | I6: 73150.38 | J6: 458152.38
A7: ACTA 01 AÑO 2024 - COTA | B7: VOLQUETA MERCEDES BENZ PLACA: ODT 343 MODELO: 2019 | C7: 227 | D7: METROS DE CABLE ENCAUCHETADO | E7: 13 | F7: 0.19 | G7: 10167 | H7: 132171 | I7: 25112.49 | J7: 157283.49
A8: ACTA 01 AÑO 2024 - COTA | B8: VOLQUETA MERCEDES BENZ PLACA: ODT 343 MODELO: 2019 | C8: 228 | D8: LAMPARA TRIPLE LED STOP | E8: 2 | F8: 0.19 | G8: 144333 | H8: 288666 | I8: 54846.54 | J8: 343512.54
A9: ACTA 01 AÑO 2024 - COTA | B9: VOLQUETA MERCEDES BENZ PLACA: ODT 343 MODELO: 2019 | C9: 229 | D9: SERVICIO DE REVISION FRENOS DELANTEROS, ENGRASE Y MANTENIMIENTOS | E9: 1 | F9: 0.19 | G9: 448000 | H9: 448000 | I9: 85120 | J9: 533120
A10: ACTA 01 AÑO 2024 - COTA | B10: VOLQUETA MERCEDES BENZ PLACA: ODT 343 MODELO: 2019 | C10: 230 | D10: SERVICIO DE MANTENIMIENTO DE FUGAS SISTEMA DE AIRE Y RACORES (4) | E10: 1 | F10: 0.19 | G10: 240167 | H10: 240167 | I10: 45631.73 | J10: 285798.73
A11: ACTA 01 AÑO 2024 - COTA | B11: VOLQUETA MERCEDES BENZ PLACA: ODT 343 MODELO: 2019 | C11: 231 | D11: SERVICIO DE MANTENIMEINTO DE FRENOS TRASEROS | E11: 1 | F11: 0.19 | G11: 450000 | H11: 450000 | I11: 85500 | J11: 535500
A12: ACTA 01 AÑO 2024 - COTA | B12: VOLQUETA MERCEDES BENZ PLACA: ODT 343 MODELO: 2019 | C12: 232 | D12: DESMONTE Y CAMBIO DE HOJA CUARTA DELANTERA DERECHA | E12: 1 | F12: 0.19 | G12: 315500 | H12: 315500 | I12: 59945 | J12: 375445
A13: ACTA 01 AÑO 2024 - COTA | B13: VOLQUETA MERCEDES BENZ PLACA: ODT 343 MODELO: 2019 | C13: 233 | D13: SOPORTES CROMADO LAMPARAS LED LATERALES | E13: 6 | F13: 0.19 | G13: 34500 | H13: 207000 | I13: 39330 | J13: 246330
A14: ACTA 01 AÑO 2024 - COTA | B14: VOLQUETA MERCEDES BENZ PLACA: ODT 343 MODELO: 2019 | C14: 234 | D14: UREA X LITROS | E14: 20 | F14: 0 | G14: 7000 | H14: 140000 | I14: 0 | J14: 140000
A15: ACTA 01 AÑO 2024 - COTA | B15: VOLQUETA MERCEDES BENZ PLACA: ODT 343 MODELO: 2019 | C15: 235 | D15: TORNILLO CENTRAL CON TUERCA | E15: 1 | F15: 0.19 | G15: 27833 | H15: 27833 | I15: 5288.27 | J15: 33121.27
A16: ACTA 01 AÑO 2024 - COTA | B16: VOLQUETA MERCEDES BENZ PLACA: ODT 343 MODELO: 2019 | C16: 236 | D16: SERVICIO DE LAVADO GENERAL | E16: 1 | F16: 0.19 | G16: 81833 | H16: 81833 | I16: 15548.27 | J16: 97381.27
A17: ACTA 01 AÑO 2024 - COTA | B17: VOLQUETA MERCEDES BENZ PLACA: ODT 343 MODELO: 2019 | C17: 236 | D17: LAVADO DE VEHICULO | E17: 1 | F17: 0.19 | G17: 81833 | H17: 81833 | I17: 15548.27 | J17: 97381.27
... A491: ACTA 01 AÑO 2024 - COTA | B491: MOTONIVELADORA CATERPILLAR LINEA 120K MODELO: 2013 | C491: 356 | D491: SUMINISTRO HOROMETRO | E491: 1 | F491: 0.19 | G491: 188333 | H491: 188333 | I491: 35783.27 | J491: 224116.27
A492: ACTA 01 AÑO 2024 - COTA | B492: MOTONIVELADORA CATERPILLAR LINEA 120K MODELO: 2013 | C492: VER ITEM 342 | D492: FILTRO COMBUSTIBLE PRIMARIO - ORGINAL CAT 120K INCLUYE ITEM ANTERIOR | E492: 0 | F492: 0.19 | G492: 0 | H492: 0 | I492: 0 | J492: 0
A493: ACTA 01 AÑO 2024 - COTA | B493: MOTO CARGUERO PLACA 241AAO MODELO 2023 | C493: 788 | D493: Arreglo modulo del moto ventilador | E493: 1 | F493: 0.19 | G493: 425333 | H493: 425333 | I493: 80813.27 | J493: 506146.27
A494: ACTA 01 AÑO 2024 - COTA | B494: MINICARGADOR NEW HOLLAN LINEA: L223 MODELO: 2013 | C494: 367 | D494: ACEITE MOTOR | E494: 3 | F494: 0 | G494: 146167 | H494: 438501 | I494: 0 | J494: 438501
A495: ACTA 01 AÑO 2024 - COTA | B495: MINICARGADOR NEW HOLLAN LINEA: L223 MODELO: 2013 | C495: 368 | D495: FILTRO DE ACEITE | E495: 1 | F495: 0.19 | G495: 141167 | H495: 141167 | I495: 26821.73 | J495: 167988.73
A496: ACTA 01 AÑO 2024 - COTA | B496: MINICARGADOR NEW HOLLAN LINEA: L223 MODELO: 2013 | C496: 369 | D496: FILTRO HIDRAULICO | E496: 1 | F496: 0.19 | G496: 494667 | H496: 494667 | I496: 93986.73 | J496: 588653.73
A497: ACTA 01 AÑO 2024 - COTA | B497: MINICARGADOR NEW HOLLAN LINEA: L223 MODELO: 2013 | C497: 370 | D497: filtro de aire ( juego inte y ext) | E497: 1 | F497: 0.19 | G497: 237833 | H497: 237833 | I497: 45188.27 | J497: 283021.27
A498: ACTA 01 AÑO 2024 - COTA | B498: MINICARGADOR NEW HOLLAN LINEA: L223 MODELO: 2013 | C498: 371 | D498: FILTRO DE COMBUSTIBLE | E498: 1 | F498: 0.19 | G498: 118833 | H498: 118833 | I498: 22578.27 | J498: 141411.27
A499: ACTA 01 AÑO 2024 - COTA | B499: MINICARGADOR NEW HOLLAN LINEA: L223 MODELO: 2013 | C499: 372 | D499: LAVADO DE VEHICULO | E499: 1 | F499: 0.19 | G499: 121667 | H499: 121667 | I499: 23116.73 | J499: 144783.73
A500: ACTA 01 AÑO 2024 - COTA | B500: MINICARGADOR NEW HOLLAN LINEA: L223 MODELO: 2013 | C500: 372 | D500: lavado | E500: 1 | F500: 0.19 | G500: 121667 | H500: 121667 | I500: 23116.73 | J500: 144783.73
A501: ACTA 01 AÑO 2024 - COTA | B501: MINICARGADOR NEW HOLLAN LINEA: L223 MODELO: 2013 | C501: 373 | D501: DESPINCHADA DE LLANTA BOBCAT CON DOMICILIO | E501: 2 | F501: 0.19 | G501: 79500 | H501: 159000 | I501: 30210 | J501: 189210
A502: ACTA 01 AÑO 2024 - COTA | B502: MINICARGADOR NEW HOLLAN LINEA: L223 MODELO: 2013 | C502: 374 | D502: Engrase general: chasis, suspensión, transmisión, cardan, sistema de dirección | E502: 1 | F502: 0.19 | G502: 120667 | H502: 120667 | I502: 22926.73 | J502: 143593.73
A503: ACTA 01 AÑO 2024 - COTA | B503: MINICARGADOR NEW HOLLAN LINEA: L223 MODELO: 2013 | C503: 376 | D503: MANTENIMIENTO GENERAL MOTOR | E503: 1 | F503: 0.19 | G503: 795333 | H503: 795333 | I503: 151113.27 | J503: 946446.27
A504: ACTA 01 AÑO 2024 - COTA | B504: MINICARGADOR NEW HOLLAN LINEA: L223 MODELO: 2013 | C504: 377 | D504: MANTENIMIENTO RADIADOR | E504: 1 | F504: 0.19 | G504: 763667 | H504: 763667 | I504: 145096.73 | J504: 908763.73
... A898: ACTA 01 AÑO 2024 - COTA | B898: BUS CHEVROLET ISUZO LV 150 PLACA: OSD 445 MODELO: 2012 | C898: 306 | D898: DESPINCHADA | E898: 1 | F898: 0.19 | G898: 61000 | H898: 61000 | I898: 11590 | J898: 72590
A899: Total ACTA 01 AÑO 2024 - COTA | E899: 1485 | F899: 0.17143322 | G899: 318165.08 | H899: 3.9533288e+08 | I899: 65863224 | J899: 4.611961e+08
A900: ACTA 02 AÑO 2025 - COTA | B900: VOLQUETA MERCEDES BENZ PLACA: ODT 343 MODELO: 2019 | C900: 262 | D900: LAVADO DE VEHICULO | E900: 2 | F900: 0.19 | G900: 175500 | H900: 351000 | I900: 66690 | J900: 417690
A901: ACTA 02 AÑO 2025 - COTA | B901: VOLQUETA MERCEDES BENZ PLACA: ODT 343 MODELO: 2019 | C901: NC | D901: TECNOMECANICA VOLQUETA | E901: 1 | F901: 0 | G901: 590000 | H901: 590000 | I901: 0 | J901: 590000
A902: ACTA 02 AÑO 2025 - COTA | B902: VOLQUETA MERCEDES BENZ PLACA: ODT 343 MODELO: 2019 | C902: NC | D902: GARRAFA DE ACEITE 15W40 MOBIL MX | E902: 1 | F902: 0 | G902: 580000 | H902: 580000 | I902: 0 | J902: 580000
A903: ACTA 02 AÑO 2025 - COTA | B903: VOLKSWAGEN AMAROW PLACA: OSD 483 MODELO: 2013 | C903: 450 | D903: LAVADO DE VEHICULO | E903: 3 | F903: 0.19 | G903: 80667 | H903: 242001 | I903: 45980.19 | J903: 287981.19
A904: ACTA 02 AÑO 2025 - COTA | B904: VOLKSWAGEN AMAROW PLACA: OSD 483 MODELO: 2013 | C904: NC | D904: VALVULINA POR GALON (12 CUARTOS) | E904: 3 | F904: 0 | G904: 165333 | H904: 495999 | I904: 0 | J904: 495999
A905: ACTA 02 AÑO 2025 - COTA | B905: VOLKSWAGEN AMAROW PLACA: OSD 483 MODELO: 2013 | C905: NC | D905: TECNOMECANICA CAMIONETA | E905: 1 | F905: 0 | G905: 510000 | H905: 510000 | I905: 0 | J905: 510000
A906: ACTA 02 AÑO 2025 - COTA | B906: VOLKSWAGEN AMAROW PLACA: OSD 483 MODELO: 2013 | C906: NC | D906: SERVICIO PRENSA | E906: 1 | F906: 0.19 | G906: 134000 | H906: 134000 | I906: 25460 | J906: 159460
A907: ACTA 02 AÑO 2025 - COTA | B907: VOLKSWAGEN AMAROW PLACA: OSD 483 MODELO: 2013 | C907: NC | D907: SERVICIO CAMBIO ACEITE/FILTROS/MANTENIMIENTO SISTEMA INYECCION | E907: 1 | F907: 0.19 | G907: 98000 | H907: 98000 | I907: 18620 | J907: 116620
A908: ACTA 02 AÑO 2025 - COTA | B908: VOLKSWAGEN AMAROW PLACA: OSD 483 MODELO: 2013 | C908: NC | D908: Rodamientos delanteros | E908: 2 | F908: 0.19 | G908: 32000 | H908: 64000 | I908: 12160 | J908: 76160
A909: ACTA 02 AÑO 2025 - COTA | B909: VOLKSWAGEN AMAROW PLACA: OSD 483 MODELO: 2013 | C909: NC | D909: REVISION SUSPENSION TRASERA / CAMBIO PIEZAS | E909: 1 | F909: 0.19 | G909: 235000 | H909: 235000 | I909: 44650 | J909: 279650
A910: ACTA 02 AÑO 2025 - COTA | B910: VOLKSWAGEN AMAROW PLACA: OSD 483 MODELO: 2013 | C910: NC | D910: REVISION FRENOS / CAMBIO PIEZAS | E910: 1 | F910: 0.19 | G910: 201700 | H910: 201700 | I910: 38323 | J910: 240023
A911: ACTA 02 AÑO 2025 - COTA | B911: VOLKSWAGEN AMAROW PLACA: OSD 483 MODELO: 2013 | C911: NC | D911: PUNTAS EJES DELANTEROS | E911: 2 | F911: 0.19 | G911: 305000 | H911: 610000 | I911: 115900 | J911: 725900
A912: ACTA 02 AÑO 2025 - COTA | B912: VOLKSWAGEN AMAROW PLACA: OSD 483 MODELO: 2013 | C912: NC | D912: LIQUIDO DE FRENOS | E912: 1 | F912: 0.19 | G912: 65500 | H912: 65500 | I912: 12445 | J912: 77945
A913: ACTA 02 AÑO 2025 - COTA | B913: VOLKSWAGEN AMAROW PLACA: OSD 483 MODELO: 2013 | C913: NC | D913: JUEGO QUITA RUIDOS PASTILLAS | E913: 1 | F913: 0.19 | G913: 65500 | H913: 65500 | I913: 12445 | J913: 77945
A914: ACTA 02 AÑO 2025 - COTA | B914: VOLKSWAGEN AMAROW PLACA: OSD 483 MODELO: 2013 | C914: NC | D914: Juego de pastillas delanteras | E914: 1 | F914: 0.19 | G914: 282000 | H914: 282000 | I914: 53580 | J914: 335580
A915: ACTA 02 AÑO 2025 - COTA | B915: VOLKSWAGEN AMAROW PLACA: OSD 483 MODELO: 2013 | C915: NC | D915: GUARDA POLVOS EJES | E915: 4 | F915: 0.19 | G915: 29000 | H915: 116000 | I915: 22040 | J915: 138040
... A924: ACTA 02 AÑO 2025 - COTA | B924: VOLKSWAGEN AMAROW PLACA: OSD 483 MODELO: 2013 | C924: NC | D924: ALINEACION Y BALANCEO | E924: 1 | F924: 0.19 | G924: 203000 | H924: 203000 | I924: 38570 | J924: 241570
A925: ACTA 02 AÑO 2025 - COTA | B925: VOLKSWAGEN AMAROW PLACA: OSD 482 MODELO: 2013 | C925: 104 | D925: CORREA | E925: 1 | F925: 0.19 | G925: 136500 | H925: 136500 | I925: 25935 | J925: 162435
A926: ACTA 02 AÑO 2025 - COTA | B926: VOLKSWAGEN AMAROW PLACA: OSD 482 MODELO: 2013 | C926: 107 | D926: JUEGO GUIAS AMAROK | E926: 1 | F926: 0.19 | G926: 392167 | H926: 392167 | I926: 74511.73 | J926: 466678.73
A927: ACTA 02 AÑO 2025 - COTA | B927: VOLKSWAGEN AMAROW PLACA: OSD 482 MODELO: 2013 | C927: 108 | D927: KIT EMPAQUETADURA MOTOR AMAROK | E927: 1 | F927: 0.19 | G927: 1089500 | H927: 1089500 | I927: 207005 | J927: 1296505
A928: ACTA 02 AÑO 2025 - COTA | B928: VOLKSWAGEN AMAROW PLACA: OSD 482 MODELO: 2013 | C928: 110 | D928: SERVICIO RECTIFICADORA CULATA | E928: 1 | F928: 0.19 | G928: 1375333 | H928: 1375333 | I928: 261313.27 | J928: 1636646.3
A929: ACTA 02 AÑO 2025 - COTA | B929: VOLKSWAGEN AMAROW PLACA: OSD 482 MODELO: 2013 | C929: 112 | D929: BOMBA ACEITE ORIGINAL | E929: 1 | F929: 0.19 | G929: 2469333 | H929: 2469333 | I929: 469173.27 | J929: 2938506.3
A930: ACTA 02 AÑO 2025 - COTA | B930: VOLKSWAGEN AMAROW PLACA: OSD 482 MODELO: 2013 | C930: NC | D930: SERVICIO RECTIFICADORA CIGUEÑAL | E930: 1 | F930: 0.19 | G930: 550000 | H930: 550000 | I930: 104500 | J930: 654500
A931: ACTA 02 AÑO 2025 - COTA | B931: VOLKSWAGEN AMAROW PLACA: OSD 482 MODELO: 2013 | C931: NC | D931: SERVICIO RECTIFICADORA BLOQUE | E931: 1 | F931: 0.19 | G931: 1150000 | H931: 1150000 | I931: 218500 | J931: 1368500
A932: ACTA 02 AÑO 2025 - COTA | B932: VOLKSWAGEN AMAROW PLACA: OSD 482 MODELO: 2013 | C932: NC | D932: SERVICIO DE TECNOMECANICA | E932: 1 | F932: 0 | G932: 430000 | H932: 430000 | I932: 0 | J932: 430000
A933: ACTA 02 AÑO 2025 - COTA | B933: VOLKSWAGEN AMAROW PLACA: OSD 482 MODELO: 2013 | C933: NC | D933: SERVICIO DE GRUA | E933: 1 | F933: 0.19 | G933: 380000 | H933: 380000 | I933: 72200 | J933: 452200
A934: ACTA 02 AÑO 2025 - COTA | B934: VOLKSWAGEN AMAROW PLACA: OSD 482 MODELO: 2013 | C934: NC | D934: SELLOS | E934: 1 | F934: 0.19 | G934: 198000 | H934: 198000 | I934: 37620 | J934: 235620
A935: ACTA 02 AÑO 2025 - COTA | B935: VOLKSWAGEN AMAROW PLACA: OSD 482 MODELO: 2013 | C935: NC | D935: PERA ACEITE | E935: 1 | F935: 0.19 | G935: 120000 | H935: 120000 | I935: 22800 | J935: 142800
A936: ACTA 02 AÑO 2025 - COTA | B936: VOLKSWAGEN AMAROW PLACA: OSD 482 MODELO: 2013 | C936: NC | D936: OVERHAUL MOTOR ORIGINAL | E936: 1 | F936: 0.19 | G936: 9800000 | H936: 9800000 | I936: 1862000 | J936: 11662000
A937: ACTA 02 AÑO 2025 - COTA | B937: VOLKSWAGEN AMAROW PLACA: OSD 482 MODELO: 2013 | C937: NC | D937: MANO DE OBRA RECUPERACION GENERAL DE MOTOR AMAROK | E937: 1 | F937: 0.19 | G937: 4650000 | H937: 4650000 | I937: 883500 | J937: 5533500
A938: ACTA 02 AÑO 2025 - COTA | B938: VOLKSWAGEN AMAROW PLACA: OSD 482 MODELO: 2013 | C938: NC | D938: MANO DE OBRA CAMBIO ACEITE | E938: 1 | F938: 0.19 | G938: 55000 | H938: 55000 | I938: 10450 | J938: 65450
A939: ACTA 02 AÑO 2025 - COTA | B939: VOLKSWAGEN AMAROW PLACA: OSD 482 MODELO: 2013 | C939: NC | D939: FILTRO AIRE ACONDICIONADO | E939: 1 | F939: 0.19 | G939: 56000 | H939: 56000 | I939: 10640 | J939: 66640
A940: ACTA 02 AÑO 2025 - COTA | B940: VOLKSWAGEN AMAROW PLACA: OSD 482 MODELO: 2013 | C940: NC | D940: CAMISAS JUEGO | E940: 1 | F940: 0.19 | G940: 850000 | H940: 850000 | I940: 161500 | J940: 1011500
A941: ACTA 02 AÑO 2025 - COTA | B941: VOLKSWAGEN AMAROK PLACA: OSD 484 MODELO: 2013 | C941: 535 | D941: LAVADO DE VEHICULO | E941: 4 | F941: 0.19 | G941: 80333 | H941: 321332 | I941: 61053.08 | J941: 382385.08
A942: ACTA 02 AÑO 2025 - COTA | B942: VOLKSWAGEN AMAROK PLACA: OSD 484 MODELO: 2013 | C942: 538 | D942: KIT DE ACCESORIOS 2PATINES 1 TENSOR 1 CORREA | E942: 1 | F942: 0.19 | G942: 1625333 | H942: 1625333 | I942: 308813.27 | J942: 1934146.3
A943: ACTA 02 AÑO 2025 - COTA | B943: VOLKSWAGEN AMAROK PLACA: OSD 484 MODELO: 2013 | C943: NC | D943: FILTRO SECUNDARIO COMBUSTIBLE | E943: 1 | F943: 0.19 | G943: 76500 | H943: 76500 | I943: 14535 | J943: 91035
A944: ACTA 02 AÑO 2025 - COTA | B944: VOLKSWAGEN AMAROK PLACA: OSD 484 MODELO: 2013 | C944: NC | D944: CAMBO DE ACEITE MOTOR, CAMBIO DE FILTRO DE ACEITE, AIRE Y FILTROS DE COMBUSTIBLE | E944: 1 | F944: 0.19 | G944: 90000 | H944: 90000 | I944: 17100 | J944: 107100
A945: ACTA 02 AÑO 2025 - COTA | B945: VOLKSWAGEN AMAROK PLACA: OSD 484 MODELO: 2013 | C945: NC | D945: CAMBIO CORREA DE ACCESORIOS POR FALLA CORREA | E945: 1 | F945: 0.19 | G945: 248738 | H945: 248738 | I945: 47260.22 | J945: 295998.22
A946: ACTA 02 AÑO 2025 - COTA | B946: VOLKSWAGEN AMAROK PLACA: OSD 484 MODELO: 2013 | C946: NC | D946: BASE FILTRO DE ACEITE | E946: 1 | F946: 0.19 | G946: 650000 | H946: 650000 | I946: 123500 | J946: 773500
A947: ACTA 02 AÑO 2025 - COTA | B947: VIBROCOMPACTADOR AMMANN PLACA: OSD 494 MODELO: 2017 | C947: 361 | D947: FILTRO COMBUSTIBLE | E947: 1 | F947: 0.19 | G947: 181167 | H947: 181167 | I947: 34421.73 | J947: 215588.73
A948: ACTA 02 AÑO 2025 - COTA | B948: VIBROCOMPACTADOR AMMANN PLACA: OSD 494 MODELO: 2017 | C948: 362 | D948: LAVADO DE VEHICULO | E948: 2 | F948: 0.19 | G948: 159333 | H948: 318666 | I948: 60546.54 | J948: 379212.54
A949: ACTA 02 AÑO 2025 - COTA | B949: VIBROCOMPACTADOR AMMANN PLACA: OSD 494 MODELO: 2017 | C949: NC | D949: SEPARADOR COMBUSTIBLE | E949: 1 | F949: 0.19 | G949: 508000 | H949: 508000 | I949: 96520 | J949: 604520
A950: ACTA 02 AÑO 2025 - COTA | B950: VIBROCOMPACTADOR AMMANN PLACA: OSD 494 MODELO: 2017 | C950: NC | D950: Mantenimiento instalacion | E950: 1 | F950: 0.19 | G950: 60000 | H950: 60000 | I950: 11400 | J950: 71400
A951: ACTA 02 AÑO 2025 - COTA | B951: VIBROCOMPACTADOR AMMANN PLACA: OSD 494 MODELO: 2017 | C951: NC | D951: mantenimiento fusilera | E951: 1 | F951: 0.19 | G951: 55000 | H951: 55000 | I951: 10450 | J951: 65450
A952: ACTA 02 AÑO 2025 - COTA | B952: VIBROCOMPACTADOR AMMANN PLACA: OSD 494 MODELO: 2017 | C952: NC | D952: FILTRO COMBUSTIBLE SECUNDARIO | E952: 1 | F952: 0.19 | G952: 64000 | H952: 64000 | I952: 12160 | J952: 76160
A953: ACTA 02 AÑO 2025 - COTA | B953: VIBROCOMPACTADOR AMMANN PLACA: OSD 494 MODELO: 2017 | C953: NC | D953: Desmontar raspadores de rodillo | E953: 1 | F953: 0.19 | G953: 260000 | H953: 260000 | I953: 49400 | J953: 309400
A954: ACTA 02 AÑO 2025 - COTA | B954: VIBROCOMPACTADOR AMMANN PLACA: OSD 494 MODELO: 2017 | C954: NC | D954: Cambio de aceite motor filtros de combustible, aceite y aire | E954: 1 | F954: 0.19 | G954: 80000 | H954: 80000 | I954: 15200 | J954: 95200
A955: ACTA 02 AÑO 2025 - COTA | B955: VIBROCOMPACTADOR AMMANN PLACA: OSD 494 MODELO: 2017 | C955: NC | D955: Arreglo de luces | E955: 1 | F955: 0.19 | G955: 45000 | H955: 45000 | I955: 8550 | J955: 53550
A956: ACTA 02 AÑO 2025 - COTA | B956: VIBROCOMPACTADOR AMMANN PLACA: OSD 494 MODELO: 2017 | C956: NC | D956: Arreglo de capota con fibra y pintura | E956: 1 | F956: 0.19 | G956: 360000 | H956: 360000 | I956: 68400 | J956: 428400
A957: ACTA 02 AÑO 2025 - COTA | B957: TRACTOR KUBOTA 9540 MODELO: 2015 | C957: 737 | D957: LAVADO DE VEHICULO | E957: 2 | F957: 0.19 | G957: 121167 | H957: 242334 | I957: 46043.46 | J957: 288377.46
A958: ACTA 02 AÑO 2025 - COTA | B958: TRACTOR KUBOTA 9540 MODELO: 2015 | C958: NC | D958: Suministro y cambio de mangueras hidráulicas de dirección | E958: 1 | F958: 0.19 | G958: 550000 | H958: 550000 | I958: 104500 | J958: 654500
A959: ACTA 02 AÑO 2025 - COTA | B959: TRACTOR KUBOTA 9540 MODELO: 2015 | C959: NC | D959: FILTRO DE COMBUSTIBLE SECUNDARIO | E959: 1 | F959: 0.19 | G959: 64000 | H959: 64000 | I959: 12160 | J959: 76160
A960: ACTA 02 AÑO 2025 - COTA | B960: TRACTOR KUBOTA 9540 MODELO: 2015 | C960: NC | D960: CAMBO DE ACEITE MOTOR, CAMBIO DE FILTRO DE ACEITE, AIRE Y FILTROS DE COMBUSTIBLE | E960: 1 | F960: 0.19 | G960: 140000 | H960: 140000 | I960: 26600 | J960: 166600
A961: ACTA 02 AÑO 2025 - COTA | B961: TRACTOR KUBOTA 9540 MODELO "NUEVO" MODELO : 2021 | C961: 750 | D961: LAVADO DE VEHICULO | E961: 1 | F961: 0.19 | G961: 120500 | H961: 120500 | I961: 22895 | J961: 143395
A962: ACTA 02 AÑO 2025 - COTA | B962: TRACTOR KUBOTA 9540 MODELO "NUEVO" MODELO : 2021 | C962: NC | D962: VALVULINA 5GL | E962: 3 | F962: 0 | G962: 580000 | H962: 1740000 | I962: 0 | J962: 1740000
A963: ACTA 02 AÑO 2025 - COTA | B963: TRACTOR KUBOTA 9540 MODELO "NUEVO" MODELO : 2021 | C963: NC | D963: TORNILLOS RUEDA SEGUN MUESTRA KUBOTA M9540 | E963: 2 | F963: 0.19 | G963: 75000 | H963: 150000 | I963: 28500 | J963: 178500
A964: ACTA 02 AÑO 2025 - COTA | B964: TRACTOR KUBOTA 9540 MODELO "NUEVO" MODELO : 2021 | C964: NC | D964: TERMINALES DIRECCION COMPLETAS SEGUN MUESTRA KUBOTA M9540 | E964: 2 | F964: 0.19 | G964: 750000 | H964: 1500000 | I964: 285000 | J964: 1785000
A965: ACTA 02 AÑO 2025 - COTA | B965: TRACTOR KUBOTA 9540 MODELO "NUEVO" MODELO : 2021 | C965: NC | D965: RETEN DE TOMA ORIGINAL | E965: 1 | F965: 0.19 | G965: 132000 | H965: 132000 | I965: 25080 | J965: 157080
A966: ACTA 02 AÑO 2025 - COTA | B966: TRACTOR KUBOTA 9540 MODELO "NUEVO" MODELO : 2021 | C966: NC | D966: KIT EMPAQUETADURA BOTELLAS TRACTOR KUBOTA | E966: 2 | F966: 0.19 | G966: 155000 | H966: 310000 | I966: 58900 | J966: 368900
A967: ACTA 02 AÑO 2025 - COTA | B967: TRACTOR KUBOTA 9540 MODELO "NUEVO" MODELO : 2021 | C967: NC | D967: GATO HIDRASULICO CAPOT | E967: 1 | F967: 0.19 | G967: 298000 | H967: 298000 | I967: 56620 | J967: 354620
A968: ACTA 02 AÑO 2025 - COTA | B968: TRACTOR KUBOTA 9540 MODELO "NUEVO" MODELO : 2021 | C968: NC | D968: GARRAFA ACEITE HIDRAULICO X5GL | E968: 3 | F968: 0 | G968: 480000 | H968: 1440000 | I968: 0 | J968: 1440000
A969: ACTA 02 AÑO 2025 - COTA | B969: TRACTOR KUBOTA 9540 MODELO "NUEVO" MODELO : 2021 | C969: NC | D969: FILTRO DE COMBUSTIBLE SECUNDARIO | E969: 1 | F969: 0.19 | G969: 64000 | H969: 64000 | I969: 12160 | J969: 76160
A970: ACTA 02 AÑO 2025 - COTA | B970: TRACTOR KUBOTA 9540 MODELO "NUEVO" MODELO : 2021 | C970: NC | D970: FILTRO COMBUSTIBLE SECUNDARIO | E970: 1 | F970: 0.19 | G970: 65000 | H970: 65000 | I970: 12350 | J970: 77350
A971: ACTA 02 AÑO 2025 - COTA | B971: TRACTOR KUBOTA 9540 MODELO "NUEVO" MODELO : 2021 | C971: NC | D971: DIRECCIONAL CIADRADA KIBOTA 9540 | E971: 1 | F971: 0.19 | G971: 199000 | H971: 199000 | I971: 37810 | J971: 236810
A972: ACTA 02 AÑO 2025 - COTA | B972: TRACTOR KUBOTA 9540 MODELO "NUEVO" MODELO : 2021 | C972: NC | D972: CAMBO DE ACEITE MOTOR, CAMBIO DE FILTRO DE ACEITE, AIRE Y FILTROS DE COMBUSTIBLE | E972: 1 | F972: 0.19 | G972: 140000 | H972: 140000 | I972: 26600 | J972: 166600
A973: ACTA 02 AÑO 2025 - COTA | B973: TRACTOR KUBOTA 9540 MODELO "NUEVO" MODELO : 2021 | C973: NC | D973: CAMBIO DE EMPAQUETADURA BOTELLAS Y BUJE ESPECIAL EMPAQUETADURA | E973: 2 | F973: 0.19 | G973: 220000 | H973: 440000 | I973: 83600 | J973: 523600
... A976: ACTA 02 AÑO 2025 - COTA | B976: TRACTOR KUBOTA 9540 MODELO "NUEVO" MODELO : 2021 | C976: NC | D976: · Arreglo de la instalación, · Cambio suiche exploradora trasera,· Cambio de direccional derecha | E976: 1 | F976: 0.19 | G976: 360000 | H976: 360000 | I976: 68400 | J976: 428400
A977: ACTA 02 AÑO 2025 - COTA | B977: TRACTOR JHON DEERE 5090E MODELO: 2017 | C977: 699 | D977: LAVADO DE VEHICULO | E977: 2 | F977: 0.19 | G977: 120000 | H977: 240000 | I977: 45600 | J977: 285600
A978: ACTA 02 AÑO 2025 - COTA | B978: TRACTOR JHON DEERE 5090E MODELO: 2017 | C978: NC | D978: Revisión de instalación | E978: 1 | F978: 0.19 | G978: 55000 | H978: 55000 | I978: 10450 | J978: 65450
A979: ACTA 02 AÑO 2025 - COTA | B979: TRACTOR JHON DEERE 5090E MODELO: 2017 | C979: NC | D979: RETEN DELANTERO DEL CIGUEÑAL | E979: 1 | F979: 0.19 | G979: 120000 | H979: 120000 | I979: 22800 | J979: 142800
...

Sheet Hoja 14
A1: BUS HINO 500 PLACA OFK 635 | B1: 3
A2: CAMIONETA NISSAN PICKUP ODQ 860 | B2: 1
A3: CAMIONETA NISSAN X-TRAIL PLACA OQD 900 | B3: 1
A4: CAMIONETA SPORTERO PLACA OQD915 | B4: 1
A5: CAMIONETA TOYOTA FORTUNER PLACA ODT294 | B5: 1
A6: DESBROZADORA | B6: 2
A7: GUADAÑA | B7: 2
A8: MERCEDES RUTA SALUDABLE | B8: 3
A9: MOTOBOMBA | B9: 2
A10: MOTOCICLETA HONDA PUJ 04D | B10: 2
A11: MOTOCICLETA YAMAHA CHY-23A | B11: 2
A12: MOTOCICLETA YAMAHA KGZ-73 | B12: 2
... A16: TRACTOR KUBOTA M9540 | B16: 2

Sheet Datos3
B1: FECHA | C1: CIUDAD | D1: IDENTIFICACION CLIENTE | E1: CLIENTE | F1: DIRECCIÓN | G1: CORREO | H1: TELÉFONO | I1: N° | J1: CANTIDAD | K1: REFERENCIA | L1: DESCRIPCIÓN | M1: V UNITARIO | N1: IVA | O1: NOTA | P1: MÁQUINA/PLACA | Q1: ASESOR COMERCIAL | R1: FACTURA DISMAQ | S1: ACTA | T1: ITEM MENU | U1: PRECIO NC | V1: PRECIO MENU | W1: PRECIO UNITARIO SIN IVA | X1: TOTAL SIN IVA | Y1: VALOR IVA | Z1: TOTAL CON IVA
A2: RM-3-0065 | B2: 44753 | C2: BOGOTA | E2: ASOCENTRO | I2: 1 | J2: 1 | K2: M.O | L2: CAMBIO FILTROS, ESCANER VEHICILO,REEMPLAZO DE FLOTADOR Y SERVIO CONCESIONARIO PARA PUESTA A PUNTO TOYOTA FORTUNER | M2: 1180000 | N2: 0.19 | P2: TOYOTA FORTUNER | Q2: LINA PARDO | S2: ACTA 2 | T2: NC | U2: 1180000 | V2: 0 | W2: 1180000 | X2: 1180000 | Y2: 224200 | Z2: 1404200
A3: RM-3-0065 | B3: 44753 | C3: BOGOTA | E3: ASOCENTRO | I3: 2 | J3: 1 | K3: M.O | L3: LAVADO DE MOTOR | M3: 60000 | N3: 0.19 | P3: TOYOTA FORTUNER | Q3: LINA PARDO | S3: ACTA 2 | T3: NC | U3: 60000 | V3: 0 | W3: 60000 | X3: 60000 | Y3: 11400 | Z3: 71400
A4: RM-3-0065 | B4: 44753 | C4: BOGOTA | E4: ASOCENTRO | I4: 3 | J4: 1 | L4: ELEMENTO FILTRO COMBIATIBLE | M4: 185000 | N4: 0.19 | P4: TOYOTA FORTUNER | Q4: LINA PARDO | S4: ACTA 2 | T4: NC | U4: 185000 | V4: 0 | W4: 185000 | X4: 185000 | Y4: 35150 | Z4: 220150
A5: RM-3-0065 | B5: 44753 | C5: BOGOTA | E5: ASOCENTRO | I5: 4 | J5: 1 | L5: FLOTADOR TANQUE COMBISTIBLE | M5: 380000 | N5: 0.19 | P5: TOYOTA FORTUNER | Q5: LINA PARDO | S5: ACTA 2 | T5: NC | U5: 380000 | V5: 0 | W5: 380000 | X5: 380000 | Y5: 72200 | Z5: 452200
A6: RM-3-0065 | B6: 44753 | C6: BOGOTA | E6: ASOCENTRO | I6: 5 | J6: 1 | L6: FILTRO DE GASES DE COMBISTIBLE | M6: 165000 | N6: 0.19 | P6: TOYOTA FORTUNER | Q6: LINA PARDO | S6: ACTA 2 | T6: NC | U6: 165000 | V6: 0 | W6: 165000 | X6: 165000 | Y6: 31350 | Z6: 196350
A7: RM-3-0065 | B7: 44753 | C7: BOGOTA | E7: ASOCENTRO | I7: 6 | J7: 2 | L7: LIPIADOR DE FRENOS | M7: 69800 | N7: 0.19 | P7: TOYOTA FORTUNER | Q7: LINA PARDO | S7: ACTA 2 | T7: NC | U7: 69800 | V7: 0 | W7: 69800 | X7: 139600 | Y7: 26524 | Z7: 166124
A8: RM-3-0065 | B8: 44753 | C8: BOGOTA | E8: ASOCENTRO | I8: 7 | J8: 1 | K8: M.O | L8: MANTENIMIETO TABLERO MEDIDOR COMBISTIBLE | M8: 480000 | N8: 0.19 | P8: TOYOTA FORTUNER | Q8: LINA PARDO | S8: ACTA 2 | T8: NC | U8: 480000 | V8: 0 | W8: 480000 | X8: 480000 | Y8: 91200 | Z8: 571200
A9: RM-3-0065 | B9: 44753 | C9: BOGOTA | E9: ASOCENTRO | I9: 8 | J9: 1 | L9: PROGRAMACION EN LABORATIO TABLERO X INDICADOR COMBISTIBLE | M9: 750000 | N9: 0.19 | P9: TOYOTA FORTUNER | Q9: LINA PARDO | S9: ACTA 2 | T9: NC | U9: 750000 | V9: 0 | W9: 750000 | X9: 750000 | Y9: 142500 | Z9: 892500
A10: RM-3-0066 | B10: 44753 | C10: BOGOTA | E10: ASOCENTRO | I10: 1 | J10: 1 | L10: Pintura exterior | M10: 3560000 | N10: 0.19 | P10: TOYOTA FORTUNER | Q10: LINA PARDO | S10: ACTA 2 | T10: NC | U10: 3560000 | V10: 0 | W10: 3560000 | X10: 3560000 | Y10: 676400 | Z10: 4236400
A11: RM-3-0066 | B11: 44753 | C11: BOGOTA | E11: ASOCENTRO | I11: 2 | J11: 1 | L11: Cambio bocel lame vidrios puerta conductor | M11: 300000 | N11: 0.19 | P11: TOYOTA FORTUNER | Q11: LINA PARDO | S11: ACTA 2 | T11: NC | U11: 300000 | V11: 0 | W11: 300000 | X11: 300000 | Y11: 57000 | Z11: 357000
A12: RM-3-0066 | B12: 44753 | C12: BOGOTA | E12: ASOCENTRO | I12: 3 | J12: 1 | L12: Forrar timón | M12: 295000 | N12: 0.19 | P12: TOYOTA FORTUNER | Q12: LINA PARDO | S12: ACTA 2 | T12: NC | U12: 295000 | V12: 0 | W12: 295000 | X12: 295000 | Y12: 56050 | Z12: 351050
A13: RM-3-0066 | B13: 44753 | C13: BOGOTA | E13: ASOCENTRO | I13: 4 | J13: 1 | L13: Polarizado camioneta | M13: 495000 | N13: 0.19 | P13: TOYOTA FORTUNER | Q13: LINA PARDO | S13: ACTA 2 | T13: NC | U13: 495000 | V13: 0 | W13: 495000 | X13: 495000 | Y13: 94050 | Z13: 589050
A14: RM-3-0066 | B14: 44753 | C14: BOGOTA | E14: ASOCENTRO | I14: 5 | J14: 1 | L14: Cambio pomo barra cambios | M14: 170000 | N14: 0.19 | P14: TOYOTA FORTUNER | Q14: LINA PARDO | S14: ACTA 2 | T14: NC | U14: 170000 | V14: 0 | W14: 170000 | X14: 170000 | Y14: 32300 | Z14: 202300
A15: RM-3-0066 | B15: 44753 | C15: BOGOTA | E15: ASOCENTRO | I15: 6 | J15: 1 | L15: Lavado interior | M15: 450000 | N15: 0.19 | P15: TOYOTA FORTUNER | Q15: LINA PARDO | S15: ACTA 2 | T15: NC | U15: 450000 | V15: 0 | W15: 450000 | X15: 450000 | Y15: 85500 | Z15: 535500
A16: RM-3-0066 | B16: 44753 | C16: BOGOTA | E16: ASOCENTRO | I16: 7 | J16: 1 | L16: Ajuste Tapiceria | M16: 140000 | N16: 0.19 | P16: TOYOTA FORTUNER | Q16: LINA PARDO | S16: ACTA 2 | T16: NC | U16: 140000 | V16: 0 | W16: 140000 | X16: 140000 | Y16: 26600 | Z16: 166600
A17: RM-3-0066 | B17: 44753 | C17: BOGOTA | E17: ASOCENTRO | I17: 8 | J17: 1 | L17: Tintura siilla conductor | M17: 580000 | N17: 0.19 | P17: TOYOTA FORTUNER | Q17: LINA PARDO | S17: ACTA 2 | T17: NC | U17: 580000 | V17: 0 | W17: 580000 | X17: 580000 | Y17: 110200 | Z17: 690200
A18: RM-3-0070 | B18: 44753 | C18: BOGOTA | E18: ASOCENTRO | I18: 1 | J18: 1 | K18: 33583 WIX | L18: FILTRO COMBUSTIBLE PRIMARIO | M18: 75000 | N18: 0.19 | P18: VIBROCOMPACTADOR HAMM | Q18: LINA PARDO | S18: ACTA 2 | T18: 24,2 | V18: 75000 | W18: 75000 | X18: 75000 | Y18: 14250 | Z18: 89250
A19: RM-3-0070 | B19: 44753 | C19: BOGOTA | E19: ASOCENTRO | I19: 2 | J19: 1 | K19: BF-1257 | L19: FILTRO DE COMBUSTIBLE TRAMPA | M19: 170000 | N19: 0.19 | P19: VIBROCOMPACTADOR HAMM | Q19: LINA PARDO | S19: ACTA 2 | T19: 24,3 | V19: 170000 | W19: 170000 | X19: 170000 | Y19: 32300 | Z19: 202300
A20: RM-3-0071 | B20: 44754 | C20: BOGOTA | E20: ASOCENTRO | I20: 1 | J20: 1 | K20: MO | L20: SERVICIO DIAGNOSTOCO Y CAMBIO DE FILTROS | M20: 180000 | N20: 0.19 | P20: VIBROCOMPACTADOR HAMM | Q20: LINA PARDO | S20: ACTA 2 | T20: NC | U20: 180000 | V20: 0 | W20: 180000 | X20: 180000 | Y20: 34200 | Z20: 214200
A21: RM-3-0074 | B21: 44753 | C21: BOGOTA | E21: ASOCENTRO | I21: 1 | J21: 1 | L21: KIT EMBRAGUE ORIGINAL TOTOTA FORTUNER | M21: 1950000 | N21: 0.19 | P21: TOYOTA FORTUNER | Q21: LINA PARDO | S21: ACTA 2 | T21: NC | U21: 1950000 | V21: 0 | W21: 1950000 | X21: 1950000 | Y21: 370500 | Z21: 2320500
A22: RM-3-0074 | B22: 44753 | C22: BOGOTA | E22: ASOCENTRO | I22: 2 | J22: 1 | K22: MO | L22: MONTAJE KIT EMBRAGUE | M22: 520000 | N22: 0.19 | P22: TOYOTA FORTUNER | Q22: LINA PARDO | S22: ACTA 2 | T22: NC | U22: 520000 | V22: 0 | W22: 520000 | X22: 520000 | Y22: 98800 | Z22: 618800
A23: RM-3-0077 | B23: 44761 | C23: BOGOTA | E23: ASOCENTRO | I23: 2 | J23: 1 | K23: 7W2326 | L23: FILTRO ACETE | N23: 0.19 | P23: VIBROCOMPACTADOR CATERPILLAR CS423E (1) S (CARLOS) | Q23: LINA PARDO | S23: ACTA 2 | T23: 4,1 | V23: 119516 | W23: 119516 | X23: 119516 | Y23: 22708.04 | Z23: 142224.04
A24: RM-3-0077 | B24: 44761 | C24: BOGOTA | E24: ASOCENTRO | I24: 3 | J24: 1 | K24: 4816636 | L24: FILTRO COMBUSTIBLE PRNCIPAL | N24: 0.19 | P24: VIBROCOMPACTADOR CATERPILLAR CS423E (1) S (CARLOS) | Q24: LINA PARDO | S24: ACTA 2 | T24: 4,2 | V24: 180516 | W24: 180516 | X24: 180516 | Y24: 34298.04 | Z24: 214814.04
A25: RM-3-0077 | B25: 44761 | C25: BOGOTA | E25: ASOCENTRO | I25: 4 | J25: 1 | K25: A5541-S | L25: JUEGO FILTROS DE AIRE | N25: 0.19 | P25: VIBROCOMPACTADOR CATERPILLAR CS423E (1) S (CARLOS) | Q25: LINA PARDO | S25: ACTA 2 | T25: 4,4 | V25: 605766 | W25: 605766 | X25: 605766 | Y25: 115095.54 | Z25: 720861.54
A26: RM-3-0077 | B26: 44761 | C26: BOGOTA | E26: ASOCENTRO | I26: 5 | J26: 4 | L26: BORNE BATERIATIPO PESADO | N26: 0.19 | P26: VIBROCOMPACTADOR CATERPILLAR CS423E (1) S (CARLOS) | Q26: LINA PARDO | S26: ACTA 2 | T26: NC | U26: 15000 | V26: 0 | W26: 15000 | X26: 60000 | Y26: 11400 | Z26: 71400
A27: RM-3-0077 | B27: 44761 | C27: BOGOTA | E27: ASOCENTRO | I27: 7 | J27: 1 | K27: 7W2326 | L27: FILTRO ACETE | N27: 0.19 | P27: VIBROCOMPACTADOR CATERPILLAR CS423E (1) S (SANTIAGO) | Q27: LINA PARDO | S27: ACTA 2 | T27: 5,1 | V27: 119516 | W27: 119516 | X27: 119516 | Y27: 22708.04 | Z27: 142224.04
A28: RM-3-0077 | B28: 44761 | C28: BOGOTA | E28: ASOCENTRO | I28: 8 | J28: 1 | K28: 4816636 | L28: FILTRO COMBUSTIBLE PRNCIPAL | N28: 0.19 | P28: VIBROCOMPACTADOR CATERPILLAR CS423E (1) S (SANTIAGO) | Q28: LINA PARDO | S28: ACTA 2 | T28: 5,2 | V28: 180516 | W28: 180516 | X28: 180516 | Y28: 34298.04 | Z28: 214814.04
A29: RM-3-0077 | B29: 44761 | C29: BOGOTA | E29: ASOCENTRO | I29: 9 | J29: 1 | K29: A5541-S | L29: JUEGO FILTROS DE AIRE | N29: 0.19 | P29: VIBROCOMPACTADOR CATERPILLAR CS423E (1) S (SANTIAGO) | Q29: LINA PARDO | S29: ACTA 2 | T29: 5,4 | V29: 605983 | W29: 605983 | X29: 605983 | Y29: 115136.77 | Z29: 721119.77
A30: RM-3-0077 | B30: 44761 | C30: BOGOTA | E30: ASOCENTRO | I30: 11 | J30: 1 | K30: A-5573-S | L30: FILTRO AIRE (JUEGO) (6I0273 - 6I0274) | N30: 0.19 | P30: FRESADORA BOMAG 1300/30 | Q30: LINA PARDO | S30: ACTA 2 | T30: 22,5 | V30: 955000 | W30: 955000 | X30: 955000 | Y30: 181450 | Z30: 1136450
A31: RM-3-0077 | B31: 44761 | C31: BOGOTA | E31: ASOCENTRO | I31: 12 | J31: 1 | K31: 1R0739 | L31: FILTRO DE ACEITE | N31: 0.19 | P31: FRESADORA BOMAG 1300/30 | Q31: LINA PARDO | S31: ACTA 2 | T31: 22,1 | V31: 140000 | W31: 140000 | X31: 140000 | Y31: 26600 | Z31: 166600
A32: RM-3-0077 | B32: 44761 | C32: BOGOTA | E32: ASOCENTRO | I32: 13 | J32: 1 | K32: 3261643 | L32: FILTRO COMBUSTIBLE TRAMPA | N32: 0.19 | P32: FRESADORA BOMAG 1300/30 | Q32: LINA PARDO | S32: ACTA 2 | T32: 22,4 | V32: 415000 | W32: 415000 | X32: 415000 | Y32: 78850 | Z32: 493850
A33: RM-3-0077 | B33: 44761 | C33: BOGOTA | E33: ASOCENTRO | I33: 14 | J33: 1 | K33: 1R0751 | L33: FILTRO COMBUSTIBLE PRIMARIO | N33: 0.19 | P33: FRESADORA BOMAG 1300/30 | Q33: LINA PARDO | S33: ACTA 2 | T33: 22,3 | V33: 195000 | W33: 195000 | X33: 195000 | Y33: 37050 | Z33: 232050
A34: RM-3-0077 | B34: 44761 | C34: BOGOTA | E34: ASOCENTRO | I34: 16 | J34: 1 | K34: P559000 | L34: FILTRO DE ACETE PRINCIPAL | N34: 0.19 | P34: VAC CON OLM 701 | Q34: LINA PARDO | S34: ACTA 2 | T34: 10,1 | V34: 154983 | W34: 154983 | X34: 154983 | Y34: 29446.77 | Z34: 184429.77
A35: RM-3-0077 | B35: 44761 | C35: BOGOTA | E35: ASOCENTRO | I35: 17 | J35: 1 | K35: P550849 = SF57060 | L35: FILTRO COMBUSTIBLE MOTOR PRINCIPAL | N35: 0.19 | P35: VAC CON OLM 701 | Q35: LINA PARDO | S35: ACTA 2 | T35: 10,3 | V35: 84983 | W35: 84983 | X35: 84983 | Y35: 16146.77 | Z35: 101129.77
A36: RM-3-0077 | B36: 44761 | C36: BOGOTA | E36: ASOCENTRO | I36: 18 | J36: 1 | K36: A-5441-S | L36: FILTRO DE AIRE MOTOR PRINCIPAL (P628329 -P613337) | N36: 0.19 | P36: VAC CON OLM 701 | Q36: LINA PARDO | S36: ACTA 2 | T36: 10,2 | V36: 449983 | W36: 449983 | X36: 449983 | Y36: 85496.77 | Z36: 535479.77
A37: RM-3-0078 | B37: 44761 | C37: BOGOTA | E37: ASOCENTRO | I37: 2 | J37: 1 | L37: STOP TRASERO 3 COLORES TIPO LED | N37: 0.19 | P37: VOLQUETA CHEVROLET FVR OJG 762 | Q37: LINA PARDO | S37: ACTA 2 | T37: NC | U37: 140000 | V37: 0 | W37: 140000 | X37: 140000 | Y37: 26600 | Z37: 166600
A38: RM-3-0078 | B38: 44761 | C38: BOGOTA | E38: ASOCENTRO | I38: 3 | J38: 1 | L38: STOP TRASERO FRENO | N38: 0.19 | P38: VOLQUETA CHEVROLET FVR OJG 762 | Q38: LINA PARDO | S38: ACTA 2 | T38: NC | U38: 80000 | V38: 0 | W38: 80000 | X38: 80000 | Y38: 15200 | Z38: 95200
A39: RM-3-0078 | B39: 44761 | C39: BOGOTA | E39: ASOCENTRO | I39: 5 | J39: 1 | K39: 1R1807 | L39: FILTRO ACEITE | N39: 0.19 | P39: MOTONIVELADORA CATERPILLAR 120K | Q39: LINA PARDO | S39: ACTA 2 | T39: 1,1 | V39: 119333 | W39: 119333 | X39: 119333 | Y39: 22673.27 | Z39: 142006.27
A40: RM-3-0078 | B40: 44761 | C40: BOGOTA | E40: ASOCENTRO | I40: 6 | J40: 1 | K40: 1R0762 | L40: FILTRO COMBUSTIBLE PRINCIPAL | N40: 0.19 | P40: MOTONIVELADORA CATERPILLAR 120K | Q40: LINA PARDO | S40: ACTA 2 | T40: 1,4 | V40: 285100 | W40: 285100 | X40: 285100 | Y40: 54169 | Z40: 339269
A41: RM-3-0078 | B41: 44761 | C41: BOGOTA | E41: ASOCENTRO | I41: 7 | J41: 1 | K41: 3261644 | L41: FILTRO DECANTADOR | N41: 0.19 | P41: MOTONIVELADORA CATERPILLAR 120K | Q41: LINA PARDO | S41: ACTA 2 | T41: 1,5 | V41: 311666 | W41: 311666 | X41: 311666 | Y41: 59216.54 | Z41: 370882.54
A42: RM-3-0078 | B42: 44761 | C42: BOGOTA | E42: ASOCENTRO | I42: 8 | J42: 1 | L42: FILTRO DE AIRE EXTERNO | N42: 0.19 | P42: MOTONIVELADORA CATERPILLAR 120K | Q42: LINA PARDO | S42: ACTA 2 | T42: 1,2 | V42: 588733 | W42: 588733 | X42: 588733 | Y42: 111859.27 | Z42: 700592.27
A43: RM-3-0078 | B43: 44761 | C43: BOGOTA | E43: ASOCENTRO | I43: 9 | J43: 1 | L43: FILTRO DE AIRE INTERNO | N43: 0.19 | P43: MOTONIVELADORA CATERPILLAR 120K | Q43: LINA PARDO | S43: ACTA 2 | T43: 1,3 | V43: 387100 | W43: 387100 | X43: 387100 | Y43: 73549 | Z43: 460649
A44: RM-3-0078 | B44: 44761 | C44: BOGOTA | E44: ASOCENTRO | I44: 11 | J44: 1 | K44: B76 | L44: FILTRO COMBUSTIBLE | N44: 0.19 | P44: MOTONIVELADORA CATERPILLAR 120G | Q44: LINA PARDO | S44: ACTA 2 | T44: 2,4 | V44: 51983 | W44: 51983 | X44: 51983 | Y44: 9876.77 | Z44: 61859.77
A45: RM-3-0078 | B45: 44761 | C45: BOGOTA | E45: ASOCENTRO | I45: 12 | J45: 1 | K45: BF970 | L45: FILTRO COMBUSTRIBLE | N45: 0.19 | P45: MOTONIVELADORA CATERPILLAR 120G | Q45: LINA PARDO | S45: ACTA 2 | T45: 2,5 | V45: 51983 | W45: 51983 | X45: 51983 | Y45: 9876.77 | Z45: 61859.77
A46: RM-3-0078 | B46: 44761 | C46: BOGOTA | E46: ASOCENTRO | I46: 13 | J46: 1 | L46: FILTRO DE AIRE EXTERNO | N46: 0.19 | P46: MOTONIVELADORA CATERPILLAR 120G | Q46: LINA PARDO | S46: ACTA 2 | T46: 2,2 | V46: 119983 | W46: 119983 | X46: 119983 | Y46: 22796.77 | Z46: 142779.77
A47: RM-3-0078 | B47: 44761 | C47: BOGOTA | E47: ASOCENTRO | I47: 14 | J47: 1 | L47: FILTRO DE AIRE INTERNO | N47: 0.19 | P47: MOTONIVELADORA CATERPILLAR 120G | Q47: LINA PARDO | S47: ACTA 2 | T47: 2,3 | V47: 94983 | W47: 94983 | X47: 94983 | Y47: 18046.77 | Z47: 113029.77
A48: RM-3-0078 | B48: 44761 | C48: BOGOTA | E48: ASOCENTRO | I48: 16 | J48: 1 | L48: CUCHILLAR MINI 7 HUECOS ORIGINAL | N48: 0.19 | P48: MOTONIVELADORA JHON DEERE 620G | Q48: LINA PARDO | S48: ACTA 2 | T48: 8,7 | V48: 1200000 | W48: 1200000 | X48: 1200000 | Y48: 228000 | Z48: 1428000
A49: RM-3-0078 | B49: 44761 | C49: BOGOTA | E49: ASOCENTRO | I49: 17 | J49: 7 | L49: TORNILLOS CUCHILLA 3F5108 | N49: 0.19 | P49: MOTONIVELADORA JHON DEERE 620G | Q49: LINA PARDO | S49: ACTA 2 | T49: NC | U49: 15500 | V49: 0 | W49: 15500 | X49: 108500 | Y49: 20615 | Z49: 129115
A50: RM-3-0078 | B50: 44761 | C50: BOGOTA | E50: ASOCENTRO | I50: 18 | J50: 7 | L50: TUERCAS CUCHILLA 4K0367 | N50: 0.19 | P50: MOTONIVELADORA JHON DEERE 620G | Q50: LINA PARDO | S50: ACTA 2 | T50: NC | U50: 13500 | V50: 0 | W50: 13500 | X50: 94500 | Y50: 17955 | Z50: 112455
A51: RM-3-0080 | B51: 44761 | C51: BOGOTA | E51: ASOCENTRO | I51: 2 | J51: 2 | K51: A-52 | L51: CORREAS DE ALTERNADOR Y ACCESORIOS | N51: 0.19 | P51: VIBROCOMPACTADOR CATERPILLAR CS423E (1) S (CARLOS) | Q51: LINA PARDO | S51: ACTA 2 | T51: NC | U51: 55000 | V51: 0 | W51: 55000 | X51: 110000 | Y51: 20900 | Z51: 130900
A52: RM-3-0080 | B52: 44761 | C52: BOGOTA | E52: ASOCENTRO | I52: 4 | J52: 1 | L52: HOROMETRO DIGITAL | N52: 0.19 | P52: MOTONIVELADORA CATERPILLAR 120G | Q52: LINA PARDO | S52: ACTA 2 | T52: NC | U52: 200000 | V52: 0 | W52: 200000 | X52: 200000 | Y52: 38000 | Z52: 238000
A53: RM-3-0081 | B53: 44762 | C53: BOGOTA | D53: 800.177.622 - 11 | E53: ASOCENTRO | F53: KILOMETRO 3 VIA ZIPAQUIRA SECTOR MANAS | H53: 609 8663567 | I53: 2 | J53: 1 | L53: JUEGO DE CUCHILLAS | N53: 0.19 | O53: MOTONIVELADORA CATERPILLAR 120K | P53: MOTONIVELADORA CATERPILLAR 120K | Q53: LINA PARDO | S53: ACTA 2 | T53: 1,11 | V53: 1356333 | W53: 1356333 | X53: 1356333 | Y53: 257703.27 | Z53: 1614036.3
A54: RM-3-0081 | B54: 44762 | C54: BOGOTA | D54: 800.177.622 - 11 | E54: ASOCENTRO | F54: KILOMETRO 3 VIA ZIPAQUIRA SECTOR MANAS | H54: 609 8663567 | I54: 3 | J54: 26 | L54: TORNILLO Y TUERCA CUHCILLAS | N54: 0.19 | O54: MOTONIVELADORA CATERPILLAR 120K | P54: MOTONIVELADORA CATERPILLAR 120K | Q54: LINA PARDO | S54: ACTA 2 | T54: NC | U54: 8800 | V54: 0 | W54: 8800 | X54: 228800 | Y54: 43472 | Z54: 272272
A55: RM-3-0090 | B55: 44764 | C55: CAJICA | D55: 800.177.622 - 11 | E55: ASOCENTRO | F55: KILOMETRO 3 VIA ZIPAQUIRA SECTOR MANAS | H55: 609 8663567 | I55: 1 | J55: 1 | L55: SUMINISTRO DE MANGUERA HIDRAULICA S7MESTRA | M55: 168000 | N55: 0.19 | P55: MINICARGADOR JHON DEERE 320G | Q55: LINA PARDO | S55: ACTA 2 | T55: NC | U55: 168000 | V55: 0 | W55: 168000 | X55: 168000 | Y55: 31920 | Z55: 199920
A56: RM-3-0091 | B56: 44764 | C56: CAJICA | D56: 800.177.622 - 11 | E56: ASOCENTRO | F56: KILOMETRO 3 VIA ZIPAQUIRA SECTOR MANAS | H56: 609 8663567 | I56: 1 | J56: 1 | L56: PINTURA CAPOT | M56: 440000 | N56: 0.19 | P56: NISSAN NAVARA OJG 661 | Q56: LINA PARDO | S56: ACTA 2 | T56: NC | U56: 440000 | V56: 0 | W56: 440000 | X56: 440000 | Y56: 83600 | Z56: 523600
A57: RM-3-0091 | B57: 44764 | C57: CAJICA | D57: 800.177.622 - 11 | E57: ASOCENTRO | F57: KILOMETRO 3 VIA ZIPAQUIRA SECTOR MANAS | H57: 609 8663567 | I57: 2 | J57: 1 | L57: PINTURA CAPOTA | M57: 450000 | N57: 0.19 | P57: NISSAN NAVARA OJG 661 | Q57: LINA PARDO | S57: ACTA 2 | T57: NC | U57: 450000 | V57: 0 | W57: 450000 | X57: 450000 | Y57: 85500 | Z57: 535500
A58: RM-3-0091 | B58: 44764 | C58: CAJICA | D58: 800.177.622 - 11 | E58: ASOCENTRO | F58: KILOMETRO 3 VIA ZIPAQUIRA SECTOR MANAS | H58: 609 8663567 | I58: 3 | J58: 1 | L58: RETOQUE BOMPER DELANTERO | M58: 265000 | N58: 0.19 | P58: NISSAN NAVARA OJG 661 | Q58: LINA PARDO | S58: ACTA 2 | T58: NC | U58: 265000 | V58: 0 | W58: 265000 | X58: 265000 | Y58: 50350 | Z58: 315350
A59: RM-3-0091 | B59: 44764 | C59: CAJICA | D59: 800.177.622 - 11 | E59: ASOCENTRO | F59: KILOMETRO 3 VIA ZIPAQUIRA SECTOR MANAS | H59: 609 8663567 | I59: 4 | J59: 1 | L59: POLARIZADO CAPIONETA GENERAL | M59: 395000 | N59: 0.19 | P59: NISSAN NAVARA OJG 661 | Q59: LINA PARDO | S59: ACTA 2 | T59: NC | U59: 395000 | V59: 0 | W59: 395000 | X59: 395000 | Y59: 75050 | Z59: 470050
A60: RM-3-0091 | B60: 44764 | C60: CAJICA | D60: 800.177.622 - 11 | E60: ASOCENTRO | F60: KILOMETRO 3 VIA ZIPAQUIRA SECTOR MANAS | H60: 609 8663567 | I60: 5 | J60: 1 | L60: LAVADO INTERNO | M60: 325000 | N60: 0.19 | P60: NISSAN NAVARA OJG 661 | Q60: LINA PARDO | S60: ACTA 2 | T60: NC | U60: 325000 | V60: 0 | W60: 325000 | X60: 325000 | Y60: 61750 | Z60: 386750
A61: RM-3-0091 | B61: 44764 | C61: CAJICA | D61: 800.177.622 - 11 | E61: ASOCENTRO | F61: KILOMETRO 3 VIA ZIPAQUIRA SECTOR MANAS | H61: 609 8663567 | I61: 6 | J61: 1 | L61: POLICHADO GENRAL PIUNTURA | M61: 330000 | N61: 0.19 | P61: NISSAN NAVARA OJG 661 | Q61: LINA PARDO | S61: ACTA 2 | T61: NC | U61: 330000 | V61: 0 | W61: 330000 | X61: 330000 | Y61: 62700 | Z61: 392700
A62: RM-3-0091 | B62: 44764 | C62: CAJICA | D62: 800.177.622 - 11 | E62: ASOCENTRO | F62: KILOMETRO 3 VIA ZIPAQUIRA SECTOR MANAS | H62: 609 8663567 | I62: 7 | J62: 1 | L62: ARREGLO VIDRIO PILOTO | M62: 235000 | N62: 0.19 | P62: NISSAN NAVARA OJG 661 | Q62: LINA PARDO | S62: ACTA 2 | T62: NC | U62: 235000 | V62: 0 | W62: 235000 | X62: 235000 | Y62: 44650 | Z62: 279650
A63: RM-3-0091 | B63: 44764 | C63: CAJICA | D63: 800.177.622 - 11 | E63: ASOCENTRO | F63: KILOMETRO 3 VIA ZIPAQUIRA SECTOR MANAS | H63: 609 8663567 | I63: 8 | J63: 1 | L63: CAMBIO SOPORTES BOMPER | M63: 310000 | N63: 0.19 | P63: NISSAN NAVARA OJG 661 | Q63: LINA PARDO | S63: ACTA 2 | T63: NC | U63: 310000 | V63: 0 | W63: 310000 | X63: 310000 | Y63: 58900 | Z63: 368900
A64: RM-3-0091 | B64: 44764 | C64: CAJICA | D64: 800.177.622 - 11 | E64: ASOCENTRO | F64: KILOMETRO 3 VIA ZIPAQUIRA SECTOR MANAS | H64: 609 8663567 | I64: 9 | J64: 1 | L64: ARREGLO CORREDERA SILLAS INTERNAS | M64: 248000 | N64: 0.19 | P64: NISSAN NAVARA OJG 661 | Q64: LINA PARDO | S64: ACTA 2 | T64: NC | U64: 248000 | V64: 0 | W64: 248000 | X64: 248000 | Y64: 47120 | Z64: 295120
A65: RM-3-0101 | B65: 44769 | C65: BOGOTA | D65: 800.177.622 - 11 | E65: ASOCENTRO | F65: KILOMETRO 3 VIA ZIPAQUIRA SECTOR MANAS | H65: 609 8663567 | I65: 1 | J65: 1 | K65: AT365869 | L65: FILTRO COMBUSTIBLE SECUNDARIO | M65: 390000 | N65: 0.19 | P65: MOTONIVELADORA JHON DEERE 620G | Q65: LINA PARDO | S65: ACTA 2 | T65: NC | U65: 390000 | V65: 0 | W65: 390000 | X65: 390000 | Y65: 74100 | Z65: 464100
A66: RM-3-0102 | B66: 44769 | C66: BOGOTA | D66: 800.177.622 - 11 | E66: ASOCENTRO | F66: KILOMETRO 3 VIA ZIPAQUIRA SECTOR MANAS | H66: 609 8663567 | I66: 1 | J66: 1 | L66: PUNTA MARTILLO | N66: 0.19 | P66: MINICARGADOR JHON DEERE 320G | Q66: LINA PARDO | S66: ACTA 2 | T66: 8,6 | V66: 2250000 | W66: 2250000 | X66: 2250000 | Y66: 427500 | Z66: 2677500
A67: RM-3-0103 | B67: 44769 | C67: BOGOTA | D67: 800.177.622 - 11 | E67: ASOCENTRO | F67: KILOMETRO 3 VIA ZIPAQUIRA SECTOR MANAS | H67: 609 8663567 | I67: 1 | J67: 2 | K67: 295-80R22.5 | L67: LLANTA DIRECCIONAL TIPO MIXTA | N67: 0.19 | P67: VOLQUETA CHEVROLET FVR OJG 762 | Q67: LINA PARDO | S67: ACTA 2 | T67: NC | U67: 2250000 | V67: 0 | W67: 2250000 | X67: 4500000 | Y67: 855000 | Z67: 5355000
A68: RM-3-0104 | B68: 44769 | C68: BOGOTA | D68: 800.177.622 - 11 | E68: ASOCENTRO | F68: KILOMETRO 3 VIA ZIPAQUIRA SECTOR MANAS | H68: 609 8663567 | I68: 1 | J68: 2 | L68: TERMINALES DIRECCION | N68: 0.19 | P68: VOLQUETA KODIAK OJF 608 | Q68: LINA PARDO | S68: ACTA 2 | T68: NC | U68: 280000 | V68: 0 | W68: 280000 | X68: 560000 | Y68: 106400 | Z68: 666400
A69: RM-3-0104 | B69: 44769 | C69: BOGOTA | D69: 800.177.622 - 11 | E69: ASOCENTRO | F69: KILOMETRO 3 VIA ZIPAQUIRA SECTOR MANAS | H69: 609 8663567 | I69: 2 | J69: 1 | L69: PLUMILLA | N69: 0.19 | P69: VOLQUETA KODIAK OJF 608 | Q69: LINA PARDO | S69: ACTA 2 | T69: NC | U69: 50000 | V69: 0 | W69: 50000 | X69: 50000 | Y69: 9500 | Z69: 59500
A70: RM-3-0104 | B70: 44769 | C70: BOGOTA | D70: 800.177.622 - 11 | E70: ASOCENTRO | F70: KILOMETRO 3 VIA ZIPAQUIRA SECTOR MANAS | H70: 609 8663567 | I70: 3 | J70: 1 | L70: BRAZO COMPLETO PLUMILLA | N70: 0.19 | P70: VOLQUETA KODIAK OJF 608 | Q70: LINA PARDO | S70: ACTA 2 | T70: NC | U70: 89000 | V70: 0 | W70: 89000 | X70: 89000 | Y70: 16910 | Z70: 105910
A71: RM-3-0104 | B71: 44769 | C71: BOGOTA | D71: 800.177.622 - 11 | E71: ASOCENTRO | F71: KILOMETRO 3 VIA ZIPAQUIRA SECTOR MANAS | H71: 609 8663567 | I71: 4 | J71: 1 | K71: MO | L71: CAMBIO DE OBRA CAMBIO DE TERMINALES DE DIRECCION Y PUESTA APUNTA | N71: 0.19 | P71: VOLQUETA KODIAK OJF 608 | Q71: LINA PARDO | S71: ACTA 2 | T71: NC | U71: 138000 | V71: 0 | W71: 138000 | X71: 138000 | Y71: 26220 | Z71: 164220
A72: RM-3-0108 | B72: 44771 | C72: CAJICA | D72: 800.177.622 - 11 | E72: ASOCENTRO | F72: KILOMETRO 3 VIA ZIPAQUIRA SECTOR MANAS | H72: 609 8663567 | I72: 1 | J72: 1 | K72: P551441 | L72: FILTRO DE ACEITE | N72: 0.19 | P72: EXCAVADORA HIDRAULICA SK350-8 KOBELCO | Q72: LINA PARDO | S72: ACTA 2 | T72: 16,1 | V72: 120000 | W72: 120000 | X72: 120000 | Y72: 22800 | Z72: 142800
A73: RM-3-0108 | B73: 44771 | C73: CAJICA | D73: 800.177.622 - 11 | E73: ASOCENTRO | F73: KILOMETRO 3 VIA ZIPAQUIRA SECTOR MANAS | H73: 609 8663567 | I73: 2 | J73: 1 | K73: P502463 | L73: FILTRO DE COMBUSTIBLE TRAMPA | N73: 0.19 | P73: EXCAVADORA HIDRAULICA SK350-8 KOBELCO | Q73: LINA PARDO | S73: ACTA 2 | T73: 16,3 | V73: 270000 | W73: 270000 | X73: 270000 | Y73: 51300 | Z73: 321300
A74: RM-3-0108 | B74: 44771 | C74: CAJICA | D74: 800.177.622 - 11 | E74: ASOCENTRO | F74: KILOMETRO 3 VIA ZIPAQUIRA SECTOR MANAS | H74: 609 8663567 | I74: 3 | J74: 1 | K74: P502426 | L74: FILTRO DE COMBUSTIBLE PRINCIPAL | N74: 0.19 | P74: EXCAVADORA HIDRAULICA SK350-8 KOBELCO | Q74: LINA PARDO | S74: ACTA 2 | T74: 16,2 | V74: 160000 | W74: 160000 | X74: 160000 | Y74: 30400 | Z74: 190400
A75: RM-3-0108 | B75: 44771 | C75: CAJICA | D75: 800.177.622 - 11 | E75: ASOCENTRO | F75: KILOMETRO 3 VIA ZIPAQUIRA SECTOR MANAS | H75: 609 8663567 | I75: 4 | J75: 1 | K75: A5558MS | L75: FILTRO DE AIRE JUEGO (P532504 -P532503) | N75: 0.19 | P75: EXCAVADORA HIDRAULICA SK350-8 KOBELCO | Q75: LINA PARDO | S75: ACTA 2 | T75: 16,4 | V75: 460000 | W75: 460000 | X75: 460000 | Y75: 87400 | Z75: 547400
A76: RM-3-0111 | B76: 44771 | C76: CAJICA | D76: 800.177.622 - 11 | E76: ASOCENTRO | F76: KILOMETRO 3 VIA ZIPAQUIRA SECTOR MANAS | H76: 609 8663567 | I76: 1 | J76: 6 | K76: MO | L76: MONTAJES LLANTAS | M76: 98000 | N76: 0.19 | P76: MOTONIVELADORA CATERPILLAR 120K | Q76: LINA PARDO | S76: ACTA 2 | T76: NC | U76: 98000 | V76: 0 | W76: 98000 | X76: 588000 | Y76: 111720 | Z76: 699720
A77: RM-3-0128 | B77: 44778 | C77: BOGOTA | D77: 800.177.622 - 11 | E77: ASOCENTRO | F77: KILOMETRO 3 VIA ZIPAQUIRA SECTOR MANAS | H77: 609 8663567 | I77: 1 | J77: 1 | L77: REPUESTOS PARA REPARCION SISTEMA AIRE X FIGA SISTEMA. INCLUYE FILTRO SECADOR,RACORES,MANGUERAS,Y DEMAS ADITAMETOS | M77: 1070000 | N77: 0.19 | P77: VOLQUETA INTERNATIONAL WORKSTAR 7600 ODR 552 | Q77: LINA PARDO | S77: ACTA 2 | T77: NC | U77: 1070000 | V77: 0 | W77: 1070000 | X77: 1070000 | Y77: 203300 | Z77: 1273300
A78: RM-3-0128 | B78: 44778 | C78: BOGOTA | D78: 800.177.622 - 11 | E78: ASOCENTRO | F78: KILOMETRO 3 VIA ZIPAQUIRA SECTOR MANAS | H78: 609 8663567 | I78: 2 | J78: 1 | L78: MANO DE OBRA CORRECCION FUGA SISTEMA DE AIRE | M78: 395000 | N78: 0.19 | P78: VOLQUETA INTERNATIONAL WORKSTAR 7600 ODR 552 | Q78: LINA PARDO | S78: ACTA 2 | T78: NC | U78: 395000 | V78: 0 | W78: 395000 | X78: 395000 | Y78: 75050 | Z78: 470050
A79: RM-3-0133 | B79: 44781 | C79: BOGOTA | D79: 800.177.622 - 11 | E79: ASOCENTRO | F79: KILOMETRO 3 VIA ZIPAQUIRA SECTOR MANAS | I79: 1 | J79: 1 | K79: MO | L79: LATONERIA PANEL TRASERO- BASE VIDRIO Y PINTURA | M79: 1120000 | N79: 0.19 | P79: VOLQUETA INTERNATIONAL WORKSTAR 7600 ODR 552 | Q79: LINA PARDO | S79: ACTA 2 | T79: NC | U79: 1120000 | V79: 0 | W79: 1120000 | X79: 1120000 | Y79: 212800 | Z79: 1332800
A80: RM-3-0133 | B80: 44781 | C80: BOGOTA | D80: 800.177.622 - 11 | E80: ASOCENTRO | F80: KILOMETRO 3 VIA ZIPAQUIRA SECTOR MANAS | I80: 2 | J80: 1 | L80: VIDRIO CABINA TRASERO TEMPLADO TIPO ORIGINAL | M80: 520000 | N80: 0.19 | P80: VOLQUETA INTERNATIONAL WORKSTAR 7600 ODR 552 | Q80: LINA PARDO | S80: ACTA 2 | T80: NC | U80: 520000 | V80: 0 | W80: 520000 | X80: 520000 | Y80: 98800 | Z80: 618800
A81: RM-3-0134 | B81: 44781 | C81: BOGOTA | D81: 800.177.622 - 11 | E81: ASOCENTRO | F81: KILOMETRO 3 VIA ZIPAQUIRA SECTOR MANAS | I81: 1 | J81: 1 | K81: MO | L81: SONDEO Y MANTENIMIENTO RADIADOR | M81: 170000 | N81: 0.19 | P81: MOTONIVELADORA CATERPILLAR 120G | Q81: LINA PARDO | S81: ACTA 2 | T81: NC | U81: 170000 | V81: 0 | W81: 170000 | X81: 170000 | Y81: 32300 | Z81: 202300
A82: RM-3-0143 | B82: 44784 | C82: CAJICA | D82: 800.177.622 - 11 | E82: ASOCENTRO | F82: KILOMETRO 3 VIA ZIPAQUIRA SECTOR MANAS | H82: 609 8663567 | I82: 1 | J82: 6 | K82: 1300 X 24 | L82: LLANTAS MOTONIVELADORA | M82: 3125000 | N82: 0.19 | P82: MOTONIVELADORA CATERPILLAR 120G | Q82: LINA PARDO | S82: ACTA 2 | T82: NC | U82: 3125000 | V82: 0 | W82: 3125000 | X82: 18750000 | Y82: 3562500 | Z82: 22312500
A83: RM-3-0143 | B83: 44784 | C83: CAJICA | D83: 800.177.622 - 11 | E83: ASOCENTRO | F83: KILOMETRO 3 VIA ZIPAQUIRA SECTOR MANAS | H83: 609 8663567 | I83: 2 | J83: 6 | K83: R24 | L83: PROTECTORES | M83: 215000 | N83: 0.19 | P83: MOTONIVELADORA CATERPILLAR 120G | Q83: LINA PARDO | S83: ACTA 2 | T83: NC | U83: 215000 | V83: 0 | W83: 215000 | X83: 1290000 | Y83: 245100 | Z83: 1535100
A84: RM-3-0143 | B84: 44784 | C84: CAJICA | D84: 800.177.622 - 11 | E84: ASOCENTRO | F84: KILOMETRO 3 VIA ZIPAQUIRA SECTOR MANAS | H84: 609 8663567 | I84: 3 | J84: 4 | K84: 1300 X 24 | L84: NEUMATICOS | M84: 328000 | N84: 0.19 | P84: MOTONIVELADORA CATERPILLAR 120G | Q84: LINA PARDO | S84: ACTA 2 | T84: NC | U84: 328000 | V84: 0 | W84: 328000 | X84: 1312000 | Y84: 249280 | Z84: 1561280
A85: RM-3-0145 | B85: 44784 | C85: CAJICA | D85: 800.177.622 - 11 | E85: ASOCENTRO | F85: KILOMETRO 3 VIA ZIPAQUIRA SECTOR MANAS | I85: 1 | J85: 1 | L85: BALDE EXCAVADOR DE 40 CM RETROS JOND DEERE | M85: 6200000 | N85: 0.19 | P85: RETROEXCAVADORA JHON DEERE 310K | Q85: LINA PARDO | S85: ACTA 2 | T85: NC | U85: 6200000 | V85: 0 | W85: 6200000 | X85: 6200000 | Y85: 1178000 | Z85: 7378000
A86: RM-3-0154 | B86: 44791 | C86: BOGOTA | E86: ASOCENTRO | F86: KILOMETRO 3 VIA ZIPAQUIRA SECTOR MANAS | H86: 609 8663567 | I86: 1 | J86: 1 | K86: LAMPARA 24V | L86: LAMPARA 24 VOLTIOS PARA MOTONIVELADORA | M86: 140000 | N86: 0.19 | P86: MOTONIVELADORA CATERPILLAR 120G | Q86: LINA PARDO | S86: ACTA 2 | T86: NC | U86: 140000 | V86: 0 | W86: 140000 | X86: 140000 | Y86: 26600 | Z86: 166600
A87: RM-3-0159 | B87: 44793 | C87: BOGOTA | E87: ASOCENTRO | F87: KILOMETRO 3 VIA ZIPAQUIRA SECTOR MANAS | H87: 609 8663567 | I87: 1 | J87: 2 | L87: AMORTIGUADOR REFORZADO CHEVROLET C-70 | M87: 530000 | N87: 0.19 | O87: VOLQUETA CHEVROLET C70 | P87: TORREGRUA CHEVROLET KODIAK OJG 037 | Q87: LINA PARDO | S87: ACTA 2 | T87: NC | U87: 530000 | V87: 0 | W87: 530000 | X87: 1060000 | Y87: 201400 | Z87: 1261400
A88: RM-3-0160 | B88: 44793 | C88: BOGOTA | E88: ASOCENTRO | F88: KILOMETRO 3 VIA ZIPAQUIRA SECTOR MANAS | H88: 609 8663567 | I88: 1 | J88: 1 | K88: T154440 | L88: CASE METARICA CAMBIADOR ORIGINAL JD | M88: 3980000 | N88: 0.19 | O88: RETRO JD 310 D | P88: RETROEXCAVADORA JHON DEERE 310D | Q88: LINA PARDO | S88: ACTA 2 | T88: NC | U88: 3980000 | V88: 0 | W88: 3980000 | X88: 3980000 | Y88: 756200 | Z88: 4736200
A89: RM-3-0160 | B89: 44793 | C89: BOGOTA | E89: ASOCENTRO | F89: KILOMETRO 3 VIA ZIPAQUIRA SECTOR MANAS | H89: 609 8663567 | I89: 2 | J89: 5 | K89: R35226 | L89: ANILLON ELASTICO ORIGINAL JD | M89: 29500 | N89: 0.19 | O89: RETRO JD 310 D | P89: RETROEXCAVADORA JHON DEERE 310D | Q89: LINA PARDO | S89: ACTA 2 | T89: NC | U89: 29500 | V89: 0 | W89: 29500 | X89: 147500 | Y89: 28025 | Z89: 175525
A90: RM-3-0160 | B90: 44793 | C90: BOGOTA | E90: ASOCENTRO | F90: KILOMETRO 3 VIA ZIPAQUIRA SECTOR MANAS | H90: 609 8663567 | I90: 3 | J90: 1 | K90: T153243 | L90: APOYO ORIGINAL JD | M90: 749000 | N90: 0.19 | O90: RETRO JD 310 D | P90: RETROEXCAVADORA JHON DEERE 310D | Q90: LINA PARDO | S90: ACTA 2 | T90: NC | U90: 749000 | V90: 0 | W90: 749000 | X90: 749000 | Y90: 142310 | Z90: 891310
A91: RM-3-0160 | B91: 44793 | C91: BOGOTA | E91: ASOCENTRO | F91: KILOMETRO 3 VIA ZIPAQUIRA SECTOR MANAS | H91: 609 8663567 | I91: 4 | J91: 1 | K91: R43206 | L91: CASQUILLO | M91: 380000 | N91: 0.19 | O91: RETRO JD 310 D | P91: RETROEXCAVADORA JHON DEERE 310D | Q91: LINA PARDO | S91: ACTA 2 | T91: NC | U91: 380000 | V91: 0 | W91: 380000 | X91: 380000 | Y91: 72200 | Z91: 452200
A92: RM-3-0170 | B92: 44797 | C92: CAJICA | D92: 800.177.622 - 11 | E92: ASOCENTRO | F92: KILOMETRO 3 VIA ZIPAQUIRA SECTOR MANAS | H92: 609 8663567 | I92: 1 | J92: 15 | L92: METRO DE GUAYA EN ACERO | M92: 35000 | N92: 0.19 | P92: PLANCHON GRUA CHEVROLET FVR OJG 761 | Q92: LINA PARDO | S92: ACTA 2 | T92: NC | U92: 35000 | V92: 0 | W92: 35000 | X92: 525000 | Y92: 99750 | Z92: 624750
A93: RM-3-0178 | B93: 44799 | C93: CAJICA | D93: 800.177.622 - 11 | E93: ASOCENTRO | F93: KILOMETRO 3 VIA ZIPAQUIRA SECTOR MANAS | H93: 609 8663567 | I93: 1 | J93: 2 | K93: TELLUS 68 | L93: GARRAFA X 5GLS DE ACEITE HIDRAILOCO | M93: 450000 | N93: 0 | P93: PLANCHON GRUA CHEVROLET FVR OJG 761 | Q93: LINA PARDO | S93: ACTA 2 | T93: NC | U93: 450000 | V93: 0 | W93: 450000 | X93: 900000 | Y93: 0 | Z93: 900000
A94: RM-3-0178 | B94: 44799 | C94: CAJICA | D94: 800.177.622 - 11 | E94: ASOCENTRO | F94: KILOMETRO 3 VIA ZIPAQUIRA SECTOR MANAS | H94: 609 8663567 | I94: 2 | J94: 2 | L94: LICUADORAS 12V | M94: 140000 | N94: 0.19 | P94: PLANCHON GRUA CHEVROLET FVR OJG 761 | Q94: LINA PARDO | S94: ACTA 2 | T94: NC | U94: 140000 | V94: 0 | W94: 140000 | X94: 280000 | Y94: 53200 | Z94: 333200
A95: RM-3-0186 | B95: 44802 | C95: BOGOTA | D95: 800.177.622 - 11 | E95: ASOCENTRO | F95: KILOMETRO 3 VIA ZIPAQUIRA SECTOR MANAS | I95: 1 | J95: 1 | K95: MO | L95: INSTALACIONDE EMBRAGUE, CALIBRAR PRENSA Y PUESTA A PUNTO | M95: 495000 | N95: 0.19 | P95: VOLQUETA CHEVROLET FVR OJG 762 | Q95: LINA PARDO | S95: ACTA 2 | T95: NC | U95: 495000 | V95: 0 | W95: 495000 | X95: 495000 | Y95: 94050 | Z95: 589050
A96: RM-3-0190 | B96: 44804 | C96: BOGOTA | D96: 800.177.622 - 11 | E96: ASOCENTRO | F96: KILOMETRO 3 VIA ZIPAQUIRA SECTOR MANAS | I96: 1 | J96: 1 | K96: P502466 | L96: FILTRO COMBUSTIBLE | N96: 0.19 | P96: EXCAVADORA HIDRAULICA SK350-8 KOBELCO | Q96: LINA PARDO | S96: ACTA 2 | T96: 16,3 | V96: 270000 | W96: 270000 | X96: 270000 | Y96: 51300 | Z96: 321300
A97: RM-3-0191 | B97: 44804 | C97: BOGOTA | D97: 800.177.622 - 11 | E97: ASOCENTRO | F97: KILOMETRO 3 VIA ZIPAQUIRA SECTOR MANAS | I97: 1 | J97: 1 | K97: M.O | L97: FABRICACION PROSTAR SISTEMA ESTABILIZACION PLANCHON CON CILINDROS HIDRAULICOSNUEVOS DOBLE EFECTO | M97: 7550000 | N97: 0.19 | O97: PLANCHON GRUA CHEVROLET FVR OJG 761 | P97: PLANCHON GRUA CHEVROLET FVR OJG 761 | Q97: LINA PARDO | S97: ACTA 2 | T97: NC | U97: 7550000 | V97: 0 | W97: 7550000 | X97: 7550000 | Y97: 1434500 | Z97: 8984500
A98: RM-3-0191 | B98: 44804 | C98: BOGOTA | D98: 800.177.622 - 11 | E98: ASOCENTRO | F98: KILOMETRO 3 VIA ZIPAQUIRA SECTOR MANAS | I98: 2 | J98: 1 | K98: M.O | L98: FABRICACION DE BASES DE CILINDROS GEMELOS LEVANTE PLANCHON POR FUERA DE CHASIS Y REUBICACION DE CILINDROS Y TANQUE DE COMBUSTIBLE Y OTROS ELEMENTOS HIDRAULICOS PARA MEJORA ESTRUCTURAL DEL SISTEMA PLANCHON | M98: 5500000 | N98: 0.19 | O98: PLANCHON GRUA CHEVROLET FVR OJG 761 | P98: PLANCHON GRUA CHEVROLET FVR OJG 761 | Q98: LINA PARDO | S98: ACTA 2 | T98: NC | U98: 5500000 | V98: 0 | W98: 5500000 | X98: 5500000 | Y98: 1045000 | Z98: 6545000
A99: RM-3-0191 | B99: 44804 | C99: BOGOTA | D99: 800.177.622 - 11 | E99: ASOCENTRO | F99: KILOMETRO 3 VIA ZIPAQUIRA SECTOR MANAS | I99: 3 | J99: 1 | K99: M.O | L99: FABRICACION DE RODILLOS PARA LA GUIA DE CARRETE GUAYA Y TRASLADO SOPORTE BASE REPUESTO | M99: 690000 | N99: 0.19 | O99: PLANCHON GRUA CHEVROLET FVR OJG 761 | P99: PLANCHON GRUA CHEVROLET FVR OJG 761 | Q99: LINA PARDO | S99: ACTA 2 | T99: NC | U99: 650000 | V99: 0 | W99: 650000 | X99: 650000 | Y99: 123500 | Z99: 773500
A100: RM-3-0191 | B100: 44804 | C100: BOGOTA | D100: 800.177.622 - 11 | E100: ASOCENTRO | F100: KILOMETRO 3 VIA ZIPAQUIRA SECTOR MANAS | I100: 4 | J100: 1 | K100: M.O | L100: EMPAQUETADURA Y MANO DE OBRA GENERAL DE CILINDRO DESPLAZAMIENTO PLANCHON | M100: 980000 | N100: 0.19 | O100: PLANCHON GRUA CHEVROLET FVR OJG 761 | P100: PLANCHON GRUA CHEVROLET FVR OJG 761 | Q100: LINA PARDO | S100: ACTA 2 | T100: NC | U100: 930000 | V100: 0 | W100: 930000 | X100: 930000 | Y100: 176700 | Z100: 1106700
...

Sheet LOV
A1: MÁQUINA/PLACA REMISIONES | B1: MENÚ
A2: MOTONIVELADORA JD 620G | B2: MOTONIVELADORA JHON DEERE 620G
A3: PAVIMENTADORA AMMANN AFT350E | B3: PAVIMENTADORA
A4: PAVIMENTADORA AMMANN | B4: PAVIMENTADORA | G4: CILINDRO INGERSOL RAM
A5: MINCARGADOR CATERPILLAR | B5: MINICARGADOR CATERPILLAR 23682 | G5: VIBROCOMPACTADOR CATERPILLAR CS423E (2) C (SANTIAGO)
A6: DOBLETROQUE INTERNATIONAL ODR522 | B6: VOLQUETA INTERNATIONAL WORKSTAR 7600 ODR 552 | G6: RETROEXCAVADORA JHON DEERE 310K
A7: VOLQUETA INTERNATIONAL WORKSTAR 7600 ODR 552 | B7: VOLQUETA INTERNATIONAL WORKSTAR 7600 ODR 552 | G7: RETROEXCAVADORA JHON DEERE 310D
A8: VAC CON OLM 701 | B8: VAC CON OLM 701 | G8: EXCAVADORA HIDRAULICA SK350-8 KOBELCO
A9: VOLQUETA INTER - 7600 | B9: VAC CON OLM 701 | G9: DELINEADORA GRACO 130
A10: INTERNATIONAL 7600 - OLM-701 | B10: VAC CON OLM 701 | G10: CARGADOR FRONTAL NEW HOLLAND W1308
A11: FRESADORA BOMAQ 1300 | B11: FRESADORA BOMAG 1300/30 | G11: NISSAN NAVARA OJG 661
A12: MOTONIVELADORA 120K | B12: MOTONIVELADORA CATERPILLAR 120K | G12: TOYOTA FORTUNER OJG 738
A13: VOLQUETA ODR 723 | B13: VOLQUETA INTERNATIONAL WORKSTAR 7600 ODR 723
A14: VOLQUETA INTERNATIONAL WORKSTAR 7600 ODR 723 | B14: VOLQUETA INTERNATIONAL WORKSTAR 7600 ODR 723
A15: VOLQUETA ODR 722 | B15: VOLQUETA INTERNATIONAL WORKSTAR 7600 ODR 722
A16: VIBROCOMPACTADOR CATERPILLAR CS423E (1) S (CARLOS) | B16: VIBROCOMPACTADOR CATERPILLAR CS423E (1) S (CARLOS)
A17: CILINDRO HAMM | B17: VIBROCOMPACTADOR HAMM
A18: PLANCHON GRUA CHEVROLET FVR OJG 761 | B18: PLANCHON GRUA CHEVROLET FVR OJG 761
A19: MINICARGADOR JHON DEERE 320G | B19: MINICARGADOR JHON DEERE 320G
A20: MINICARGADOR JHON DEERE 320G | B20: MINICARGADOR JHON DEERE 320G
A21: TORREGRUA CHEVROLET KODIAK OJG 037 | B21: TORREGRUA CHEVROLET KODIAK OJG 037
A22: VOLQUETA CHEVROLET KODIAK - OJG-608 | B22: VOLQUETA KODIAK OJF 608
A23: CHEVROLET FRR | B23: PLANCHON GRUA CHEVROLET FVR OJG 761
A24: VOLQUETA CHEVROLET FVR OJG 762 | B24: VOLQUETA CHEVROLET FVR OJG 762
... A31: VOLQUETA KODIAK OJF 608 | B31: VOLQUETA KODIAK OJF 608
